Workbook

Sheet Seguridad Humana
B2: LINEA ESTRATEGICA/COMPONENTE IMPULSOR/ PROGRAMA/ PRODUCTO (INDICADOR)/ META PRODUCTO | D2: RESPONSABLE(S) | E2: VALORACIÓN PONDERACIÓN % (PROPUESTA) | F2: META PRODUCTO (PRODUCTO NUMERICO CUATRIENIO) | G2: PROGRAMADO NUMERICO META PRODUCTO 2024 | H2: PROGRAMADO NUMERICO META PRODUCTO 2025 | I2: PROGRAMADO NUMERICO META PRODUCTO 2026 | J2: ESPERADO PORCENTUAL META PRODUCTO CUATRIENIO EN LA VIGENCIA 2024 | K2: ESPERADO PORCENTUAL META PRODUCTO CUATRIENIO EN LA VIGENCIA 2025 | L2: ESPERADO PORCENTUAL META PRODUCTO CUATRIENIO EN LA VIGENCIA 2026 | M2: ESPERADO PORCENTUAL META PRODUCTO CUATRIENIO EN LA VIGENCIA 2024 (PONDERADOR) | N2: ESPERADO PORCENTUAL META PRODUCTO CUATRIENIO EN LA VIGENCIA 2025 (PONDERADOR) | O2: ESPERADO PORCENTUAL META PRODUCTO CUATRIENIO EN LA VIGENCIA 2026 (PONDERADOR) | P2: AVANCE NUMERICO META PRODUCTO CORTE DICIEMBRE 2024 | Q2: AVANCE NUMERICO META PRODUCTO CORTE MARZO 2025 | R2: AVANCE NUMERICO META PRODUCTO CORTE JUNIO 2025 | S2: AVANCE NUMERICO META PRODUCTO CORTE SEPTIEMBRE 2025 | T2: AVANCE NUMERICO META PRODUCTO CORTE 15 DE NOVIEMBRE 2025 | U2: AVANCE NUMERICO META PRODUCTO CORTE 31 DICIEMBRE | V2: ACUMULADO PARCIAL 2025 | W2: ACUMULADO 2024 - 2025 - PARCIAL 2026 | X2: AVANCE NUMERICO META PRODUCTO CORTE 31 DE MARZO 2026 | Y2: AVANCE NUMERICO META PRODUCTO CORTE 30 DE JUNIO 2026 | Z2: AVANCE NUMERICO META PRODUCTO CORTE 3O DE SEPTIEMBRE 2026 | AA2: AVANCE NUMERICO META PRODUCTO CORTE 31 DE DICIEMBRE 2026 | AB2: ACUMUALDO PARCIAL 2026 | AC2: LOGRO (%) META PRODUCTO RESPECTO AL PROGRAMADO 2024 CORTE DICIEMBRE | AD2: LOGRO (%) META PRODUCTO RESPECTO AL PROGRAMADO 2025 CORTE DICIEMBRE | AE2: LOGRO (%) META PRODUCTO RESPECTO AL PROGRAMADO 2026 CORTE JUNIO | AF2: LOGRO (%) META PRODUCTO RESPECTO AL PROGRAMADO DICIEMBRE 2024 (PONDERADOR) | AG2: LOGRO (%) META PRODUCTO RESPECTO AL PROGRAMADO DICIEMBRE 2025 (PONDERADOR) | AH2: LOGRO (%) META PRODUCTO RESPECTO AL PROGRAMADO MARZO 2026 (PONDERADOR) | AI2: LOGRO (%) META PRODUCTO RESPECTO AL PROGRAMADO CUATRIENIO ACUMULADO DICIEMBRE 2024 | AJ2: LOGRO (%) META PRODUCTO RESPECTO AL PROGRAMADO CUATRIENIO ACUMULADO DICIEMBRE 2025 | AK2: LOGRO (%) META PRODUCTO RESPECTO AL PROGRAMADO CUATRIENIO ACUMULADO JUNIO 2026 | AL2: LOGRO (%) META PRODUCTO RESPECTO AL PROGRAMADO CUATRIENIO DICIEMBRE 2024 (PONDERADOR) | AM2: LOGRO (%) META PRODUCTO RESPECTO AL PROGRAMADO CUATRIENIO DE DICIEMBRE 2025 (PONDERADOR) | AN2: LOGRO (%) META PRODUCTO RESPECTO AL PROGRAMADO CUATRIENIO JUNIO 2026 (PONDERADOR) | AO2: OBSERVACIONES DICIEMBRE 2024 | AP2: OBSERVACIONES MARZO 2025 | AQ2: OBSERVACIONES 10 JUNIO 2025 | AR2: OBSERVACIONES 30 JUNIO 2025 | AS2: OBSERVACIONES SEPTIEMBRE 15 DE 2025 | AT2: OBSERVACIONES NOVIEMBRE 15 DE 2025 | AU2: OBSERVACIONES DICIEMBRE 2025 | AV2: OBSERVACIONES MARZO 2026 | AW2: OBSERVACIONES JUNIO 2026
B3: SEGURIDAD HUMANA | E3: 0.3 | J3: =+(J4+J31+J91+J130+J171)/5 -> 0.27144915 | K3: =+(K4+K31+K91+K130+K171)/5 -> 0.37391118 | L3: =+(L4+L31+L91+L130+L171)/5 -> 0.27891301 | M3: =+(M4+M31+M91+M130+M171)/5 -> 0.19634476 | N3: =+(N4+N31+N91+N130+N171)/5 -> 0.25311666 | AC3: =+(AC4+AC31+AC91+AC130+AC171)/5 -> 0.84423613 | AD3: =+(AD4+AD31+AD91+AD130+AD171)/5 -> 0.84734963 | AE3: =+(AE4+AE31+AE91+AE130+AE171)/5 -> 0.41726944 | AF3: =+F4+F31+F91+F130+F171 -> 0.66052564 | AG3: =+H4+H31+H91+H130+H171 -> 0.69622572 | AH3: =+I4+I31+I91+I130+I171 -> 0.29484586 | AI3: =+(AI4+AI31+AI91+AI130+AI171)/5 -> 0.25488093 | AJ3: 0.52039962 | AK3: =+(AK4+AK31+AK91+AK130+AK171)/5 -> 0.60343481 | AL3: =+(AL4+AL31+AL91+AL130+AL171)/5 -> 0.21296825 | AM3: =+(AM4*E4)+(AM31*E31)+(AM91*E91)+(AM130*E130)+(AM171*E171) -> 0.4790825 | AN3: =+(AN4*E4)+(AN31*E31)+(AN91*E91)+(AN130*E130)+(AN171*E171) -> 0.56928057
B4: Seguridad Ciudadana y Orden Público | E4: 0.25 | F4: =+E4*AF4 -> 0.13864387 | H4: =E4*AG4 -> 0.12922605 | I4: =+AH4*E4 -> 0.019377896 | J4: =+(J5+J12+J16+J23+J26)/5 -> 0.40844696 | K4: =+(K5+K12+K16+K23+K26)/5 -> 0.48443539 | L4: =+(L5+L12+L16+L23+L26)/5 -> 0.2418641 | M4: =+(M5+M12+M16+M23+M26)/5 -> 0.35458118 | N4: =+(N5+N12+N16+N23+N26)/5 -> 0.27871913 | AC4: =+(AC5+AC12+AC16+AC23+AC26)/5 -> 0.82393082 | AD4: =+(AD5+AD12+AD16+AD23+AD26)/5 -> 0.77851984 | AE4: =+(AE5+AE12+AE16+AE23+AE26)/5 -> 0.21202317 | AF4: =+AF5+AF12+AF16+AF23+AF26 -> 0.55457547 | AG4: =+AG5+AG12+AG16+AG23+AG26 -> 0.5169042 | AH4: =+AH5+AH12+AH16+AH23+AH26 -> 0.077511585 | AI4: =+(AI5+AI12+AI16+AI23+AI26)/5 -> 0.40033302 | AJ4: 0.64063194 | AK4: =+(AK5+AK12+AK16+AK23+AK26)/5 -> 0.67428194 | AL4: =+AL5+AL12+AL16+AL23+AL26 -> 0.34369349 | AM4: =+(AM5*E5)+(AM12*E12)+(AM16*E16)+(AM23*E23)+(AM26*E26) -> 0.56618943 | AN4: =+(AN5*E5)+(AN12*E12)+(AN16*E16)+(AN23*E23)+(AN26*E26) -> 0.61677484
B5: PLAN ESTRATÉGICO DE SEGURIDAD INTEGRAL TITAN 24 | E5: 0.35 | J5: =+AVERAGE(J6:J11) -> 0.37666667 | K5: =+AVERAGE(K6:K11) -> 0.3875 | L5: =+AVERAGE(L6:L11) -> 0.15625 | M5: =+M6+M7+M8+M9+M10+M11 -> 0.26083333 | N5: =+N6+N7+N8+N9+N10+N11 -> 0.1775 | AC5: =+AVERAGE(AC6:AC11) -> 0.6 | AD5: =+AVERAGE(AD6:AD11) -> 0.75 | AE5: =+AVERAGE(AE6:AE11) -> 0.6 | AF5: =+(AF6+AF7+AF8+AF9+AF10+AF11)*E5 -> 0.175 | AG5: =+(AG6+AG7+AG8+AG9+AG10+AG11)*E5 -> 0.1925 | AH5: =+(AH6+AH7+AH8+AH9+AH10+AH11)*E5 -> 0.0315 | AI5: =+AVERAGE(AI6:AI11) -> 0.3 | AJ5: 0.41 | AK5: =+AVERAGE(AK6:AK11) -> 0.47708333 | AL5: =+(AL6+AL7+AL8+AL9+AL10+AL11)*E5 -> 0.109375 | AM5: =+(AM6+AM7+AM8+AM9+AM10+AM11) -> 0.39 | AN5: =+(AN6+AN7+AN8+AN9+AN10+AN11) -> 0.505625
B6: Comandos Élites de la Policía Nacional para la seguridad y protección ciudadana equipados | C6: Equipar tres (3) Comandos Élites de la Policía Nacional para la seguridad y protección ciudadana | D6: DISTRISEGURIDAD - SECRETARÍA DEL INTERIOR Y CONVIVENCIA CIUDADANA | E6: 0.25 | F6: 3 | G6: 1 | I6: 0 | J6: =+G6/F6 -> 0.33333333 | M6: =+(G6/F6)*E6 -> 0.083333333 | P6: 3 | Q6: 0 | T6: 0 | U6: 0 | V6: =+Q6+R6+S6+T6+U6 -> 0 | W6: =+V6+P6+AB6 -> 3 | X6: 0 | AC6: 1 | AF6: =+AC6*E6 -> 0.25 | AI6: =+P6/F6 -> 1 | AJ6: 1 | AK6: =+W6/F6 -> 1 | AL6: =+AI6*E6 -> 0.25 | AM6: =+AJ6*E6 -> 0.25 | AN6: =+AK6*E6 -> 0.25 | AO6: META CUMPLIDA | AP6: META CUMPLIDA. PERO REVISAR PORQUE LA PROGRAMARON PARA EL 2025 | AQ6: REVISADO JUNIO 10 | AR6: REVISADO 30 JUNIO | AS6: REVISADO 15 DE SEPTIEMBRE | AT6: REVISADO 15 DE NOVIEMBRE | AU6: REVISADO 31 DE DICIEMBRE | AV6: REVISADO MARZO 2026
B7: Equipos para la seguridad y la convivencia conformados | C7: Conformar un (1) Equipo Interdisciplinario para articulación y coordinación de estrategias de seguridad y un (1) Equipo Operativo de Gestores de Convivencia | D7: SECRETARÍA DEL INTERIOR Y CONVIVENCIA CIUDADANA - DISTRISEGURIDAD | E7: 0.05 | F7: 4 | G7: 1 | H7: 1 | I7: 0.25 | J7: =+G7/F7 -> 0.25 | K7: =+H7/F7 -> 0.25 | L7: =+I7/F7 -> 0.0625 | M7: =+(G7/F7)*E7 -> 0.0125 | N7: =+(H7/F7)*E7 -> 0.0125 | P7: 1 | Q7: 1 | R7: 0 | S7: 0 | T7: 0 | U7: 0 | V7: =+Q7+R7+S7+T7+U7 -> 1 | W7: =+V7+P7+AB7 -> 3.25 | X7: 0.25 | Y7: 1 | AB7: =+X7+Y7+Z7+AA7 -> 1.25 | AC7: =+(P7/G7) -> 1 | AD7: =+V7/H7 -> 1 | AE7: 1 | AF7: =+AC7*E7 -> 0.05 | AG7: =+AD7*E7 -> 0.05 | AH7: =+AE7*E7 -> 0.05 | AI7: =+P7/F7 -> 0.25 | AJ7: 0.5 | AK7: =+W7/F7 -> 0.8125 | AL7: =+AI7*E7 -> 0.0125 | AM7: =+AJ7*E7 -> 0.025 | AN7: =+AK7*E7 -> 0.040625 | AO7: REVISADO DIC 2024 | AP7: REVISADO MARZO 2025 | AQ7: REVISADO JUNIO 10 | AR7: REVISADO 30 JUNIO | AS7: REVISADO 15 DE SEPTIEMBRE | AT7: REVISADO 15 DE NOVIEMBRE | AU7: REVISAR CON ENLACE QUE AJUSTAN EL REPORTE DE MARZO, CUANDO YA HA PASADO 9 MESES. | AV7: REVISAR CON ENLACE DE SECRETARÍA DEL INTERIOR. | AW7: REVISAR CON ENLACE
B8: Organismos de Seguridad dotados y con servicios en el marco del PISCC 2024-2027 | C8: Dotar y proveer de servicios a cinco (5) organismos de seguridad en el marco del PISCC 2024-2027 | D8: SECRETARÍA DEL INTERIOR Y CONVIVENCIA CIUDADANA | E8: 0.2 | F8: 20 | G8: 5 | H8: 5 | I8: 5 | J8: =+G8/F8 -> 0.25 | K8: =+H8/F8 -> 0.25 | L8: =+I8/F8 -> 0.25 | M8: =+(G8/F8)*E8 -> 0.05 | N8: =+(H8/F8)*E8 -> 0.05 | P8: 5 | Q8: 0 | R8: 2 | S8: 1 | T8: 2 | U8: 0 | V8: =+Q8+R8+S8+T8+U8 -> 5 | W8: =+V8+P8+AB8 -> 11 | X8: 1 | Y8: 0 | AB8: =+X8+Y8+Z8+AA8 -> 1 | AC8: =+(P8/G8) -> 1 | AD8: =+V8/H8 -> 1 | AE8: =+AB8/I8 -> 0.2 | AF8: =+AC8*E8 -> 0.2 | AG8: =+AD8*E8 -> 0.2 | AH8: =+AE8*E8 -> 0.04 | AI8: =+P8/F8 -> 0.25 | AJ8: 0.5 | AK8: 1 | AL8: =+AI8*E8 -> 0.05 | AM8: =+AJ8*E8 -> 0.1 | AN8: =+AK8*E8 -> 0.2 | AO8: REVISADO DIC 2024 | AP8: REVISAR CON ENLACE YA QUE EL PROGRAMADO CUATRIENIO DEBE SER 20 Y EN EL PLAN DE ACCIÓN EL PRROGRAMADO CUATRIENIO ES SOLO 5 | AQ8: REVISADO JUNIO 10 | AR8: REVISADO 30 JUNIO | AS8: REVISAR CON ENLACE | AT8: REVISADO 15 DE NOVIEMBRE | AU8: REVISADO 31 DE DICIEMBRE | AV8: REVISAR CON ENLACE DE SECRETARÍA DEL INTERIOR. | AW8: REVISADO JUNIO 2026
B9: Centro de Procesamiento de Información Institucional y análisis situacional para el Seguimiento del Delito conformado | C9: Conformar un (1) Centro de Procesamiento de Información Institucional y análisis situacional para el Seguimiento del Delito | D9: DISTRISEGURIDAD - SECRETARÍA DEL INTERIOR Y CONVIVENCIA CIUDADANA | E9: 0.1 | F9: 1 | G9: 1 | H9: 1 | I9: 0 | J9: =+G9/F9 -> 1 | K9: =+H9/F9 -> 1 | M9: =+(G9/F9)*E9 -> 0.1 | N9: =+(H9/F9)*E9 -> 0.1 | P9: 0 | Q9: 0 | R9: 0 | S9: 0 | T9: 0 | U9: 0 | V9: =+Q9+R9+S9+T9+U9 -> 0 | W9: =+V9+P9+AB9 -> 0 | X9: 0 | AB9: =+X9+Y9+Z9+AA9 -> 0 | AC9: =+(P9/G9) -> 0 | AD9: =+V9/H9 -> 0 | AF9: =+AC9*E9 -> 0 | AG9: =+AD9*E9 -> 0 | AI9: =+P9/F9 -> 0 | AJ9: 0 | AK9: =+W9/F9 -> 0 | AL9: =+AI9*E9 -> 0 | AM9: =+AJ9*E9 -> 0 | AN9: =+AK9*E9 -> 0 | AO9: REVISADO DIC 2024 | AP9: REVISADO MARZO 2025 | AQ9: REVISADO JUNIO 10 | AR9: REVISADO 30 JUNIO | AS9: REVISADO 15 DE SEPTIEMBRE | AU9: REVISADO 31 DE DICIEMBRE | AV9: REVISADO MARZO 2026
B10: Política Pública de Seguridad Humana Integral formulada | C10: Formular una (1) Política Pública de Seguridad Humana Integral | D10: SECRETARÍA DEL INTERIOR Y CONVIVENCIA CIUDADANA | E10: 0.1 | F10: 1 | G10: 0 | H10: 0 | I10: 0 | V10: =+Q10+R10+S10+T10+U10 -> 0 | W10: =+V10+P10+AB10 -> 0 | Y10: 0 | AB10: =+X10+Y10+Z10+AA10 -> 0 | AG10: =+AD10*E10 -> 0 | AK10: 0 | AL10: 0 | AM10: 0 | AN10: 0 | AO10: REVISADO DIC 2024 | AP10: REVISAR CUANDO SE PROGRAME Y REPORTE PARA EL 2025 | AQ10: REVISADO JUNIO 10 | AR10: REVISADO 30 JUNIO | AS10: SE REPROGRAMÓ A 0 PARA ESTA VIGENCIA | AT10: REVISADO 15 DE NOVIEMBRE | AU10: REVISADO 31 DE DICIEMBRE | AV10: REVISADO MARZO 2026 | AW10: REVISADO JUNIO 2026
B11: Operativos anuales de protección, defensa, recuperación de bienes de uso público marino costero desarrollados | C11: Desarrollar diez (10) operativos anuales de protección, defensa, recuperación de bienes de uso público marino costero en el Distrito a través del ECOBLOQUE | D11: SECRETARÍA DEL INTERIOR Y CONVIVENCIA CIUDADANA DISTRISEGURIDAD ESTABLECIMIENTO PÚBLICO AMBIENTAL (FRANCISCO CASTILLO) OFICINA ASESORA PARA LA GESTIÓN DEL RIESGO DE DESASTRES GERENCIA DE ESPACIO PÚBLICO Y MOVILIDAD | E11: 0.3 | F11: 40 | G11: 2 | H11: 2 | I11: 0 | J11: =+G11/F11 -> 0.05 | K11: =+H11/F11 -> 0.05 | M11: =+(G11/F11)*E11 -> 0.015 | N11: =+(H11/F11)*E11 -> 0.015 | P11: 0 | Q11: 0 | R11: 0 | S11: 2 | T11: 0 | U11: 0 | V11: =+Q11+R11+S11+T11+U11 -> 2 | W11: =+V11+P11+AB11 -> 2 | X11: 0 | AB11: =+X11+Y11+Z11+AA11 -> 0 | AC11: =+(P11/G11) -> 0 | AD11: =+V11/H11 -> 1 | AF11: =+AC11*E11 -> 0 | AG11: =+AD11*E11 -> 0.3 | AI11: =+P11/F11 -> 0 | AJ11: 0.05 | AK11: =+W11/F11 -> 0.05 | AL11: =+AI11*E11 -> 0 | AM11: =+AJ11*E11 -> 0.015 | AN11: =+AK11*E11 -> 0.015 | AO11: REVISADO DIC 2024 | AP11: REVISADO MARZO 2025 | AQ11: REVISADO JUNIO 10 | AR11: META N0 PROGRAMDA EN LAS DOS VIGENCIAS 2024 - 2025 | AS11: REVISAR CON ENLACE | AT11: REVISADO 15 DE NOVIEMBRE | AU11: REVISADO 31 DE DICIEMBRE | AV11: REVISADO CON ENLACE, YA QUE LA META CUATRIENIO ES 40 NO 10.
B12: EL CUERPO DE BOMBEROS AVANZA | E12: 0.15 | J12: 0.666 | K12: =+AVERAGE(K13:K15) -> 1 | L12: =+AVERAGE(L13:L15)/3 -> 0.33333333 | M12: =+M13+M14+M15 -> 0.35 | N12: =+N13+N14+N15 -> 0.35 | AC12: =+AVERAGE(AC13:AC15) -> 1 | AD12: =+AVERAGE(AD13:AD15) -> 0.5 | AE12: =+AVERAGE(AE13:AE15) -> 0 | AF12: =+(AF13+AF14+AF15)*E12 -> 0.0525 | AG12: =+(AG13+AG14+AG15)*E12 -> 0 | AH12: =+(AH13+AH14+AH15)*E12 -> 0 | AI12: 0.666 | AJ12: 0.66666667 | AK12: =+AVERAGE(AK13:AK15) -> 0.66666667 | AL12: =+(AL13+AL14+AL15)*E12 -> 0.0975 | AM12: =+(AM13+AM14+AM15) -> 0.65 | AN12: =+(AN13+AN14+AN15) -> 0.65 | AP12: SE COLOCA ACUMULADO CUATRIENIO MANUAL HASTA QUE SE REPORTE AVANCE DE LA PRIMERA Y SEGUNDA META PRODUCTO.
B13: Estaciones de bomberos nuevas construidas | C13: Construir una (1) Estación de Bomberos regional nueva | D13: SECRETARÍA DEL INTERIOR Y CONVIVENCIA CIUDADANA | E13: 0.35 | F13: 1 | G13: 0 | H13: 0 | I13: 1 | L13: =+I13/F13 -> 1 | R13: 0 | V13: =+Q13+R13+S13+T13+U13 -> 0 | W13: =+V13+P13+AB13 -> 0 | X13: 0 | Y13: 0 | AB13: =+X13+Y13+Z13+AA13 -> 0 | AE13: =+AB13/I13 -> 0 | AH13: =+AE13*E13 -> 0 | AI13: 0 | AJ13: 0 | AK13: =+W13/F13 -> 0 | AL13: =+AI13*E13 -> 0 | AM13: =+AJ13*E13 -> 0 | AN13: =+AK13*E13 -> 0 | AO13: REVISADO DIC 2024 | AP13: REVISADO MARZO 2025 | AQ13: REVISADO JUNIO 10 | AR13: REVISADO 30 JUNIO | AS13: REVISADO 15 DE SEPTIEMBRE | AT13: REVISADO 15 DE NOVIEMBRE | AU13: REVISADO 31 DE DICIEMBRE | AV13: REVISADO MARZO 2026
B14: Estaciones de bomberos adecuadas | C14: Adecuar una (1) Estación de Bomberos | D14: SECRETARÍA DEL INTERIOR Y CONVIVENCIA CIUDADANA | E14: 0.35 | F14: 1 | G14: 1 | H14: 1 | I14: 1 | J14: =+G14/F14 -> 1 | K14: =+H14/F14 -> 1 | M14: =+(G14/F14)*E14 -> 0.35 | N14: =+(H14/F14)*E14 -> 0.35 | P14: 1 | Q14: 0 | R14: 0 | S14: 0 | T14: 0 | U14: 0 | V14: =+Q14+R14+S14+T14+U14 -> 0 | W14: =+V14+P14+AB14 -> 1 | X14: 0 | Y14: 0 | AB14: =+X14+Y14+Z14+AA14 -> 0 | AC14: =+(P14/G14) -> 1 | AD14: =+V14/H14 -> 0 | AE14: =+AB14/I14 -> 0 | AF14: =+AC14*E14 -> 0.35 | AG14: =+AD14*E14 -> 0 | AH14: =+AE14*E14 -> 0 | AI14: =+P14/F14 -> 1 | AJ14: 1 | AK14: =+W14/F14 -> 1 | AL14: =+AI14*E14 -> 0.35 | AM14: =+AJ14*E14 -> 0.35 | AN14: =+AK14*E14 -> 0.35 | AO14: REVISADO DIC 2024 | AP14: META CUMPLIDA | AQ14: REVISADO JUNIO 10 | AR14: REVISADO 30 JUNIO | AS14: REVISADO 15 DE SEPTIEMBRE | AT14: REVISADO 15 DE NOVIEMBRE | AU14: REVISADO 31 DE DICIEMBRE | AV14: REVISADO MARZO 2026
B15: Número de máquinas extintoras del Cuerpo de Bomberos para la atención de emergencias | C15: Incrementar a ocho (8) el número de máquinas extintoras del Cuerpo de Bomberos para la atención de emergencias | D15: SECRETARÍA DEL INTERIOR Y CONVIVENCIA CIUDADANA | E15: 0.3 | F15: 2 | G15: 2 | H15: 2 | I15: 1 | J15: =+G15/F15 -> 1 | P15: 2 | Q15: 0 | R15: 0 | S15: 2 | T15: 0 | U15: 2 | V15: =+Q15+R15+S15+T15+U15 -> 4 | W15: =+V15+P15+AB15 -> 6 | X15: 0 | Y15: 0 | AB15: =+X15+Y15+Z15+AA15 -> 0 | AC15: =+(P15/G15) -> 1 | AD15: 1 | AE15: =+AB15/I15 -> 0 | AH15: =+AE15*E15 -> 0 | AI15: =+P15/F15 -> 1 | AJ15: 1 | AK15: 1 | AL15: =+AI15*E15 -> 0.3 | AM15: =+AJ15*E15 -> 0.3 | AN15: =+AK15*E15 -> 0.3 | AO15: META CUMPLIDA | AP15: META CUMPLIDA | AQ15: REVISADO JUNIO 10 | AR15: META CUMPLIDA | AS15: REVISADO 15 DE SEPTIEMBRE | AT15: REVISADO 15 DE NOVIEMBRE | AU15: REVISADO 31 DE DICIEMBRE | AV15: REVISADO MARZO 2026
B16: SEGURIDAD YA CON DOTACIÓN A LOS ORGANISMOS DE SEGURIDAD, SOCORRO, JUSTICIA Y CONVIVENCIA Y TECNOLOGÍA PARA LA PREVENCIÓN | E16: 0.3 | J16: =+AVERAGE(J17:J22) -> 0.21866537 | K16: =+AVERAGE(K17:K22) -> 0.52361748 | L16: =+AVERAGE(L17:L22) -> 0.27343801 | M16: =+M17+M18+M19+M20+M21+M22 -> 0.23116978 | N16: =+N17+N18+N19+N20+N21+N22 -> 0.53003621 | AC16: =+AVERAGE(AC17:AC22) -> 0.51965409 | AD16: =+AVERAGE(AD17:AD22) -> 0.76968252 | AE16: =+AVERAGE(AE17:AE22) -> 0 | AF16: =+(AF17+AF18+AF19+AF20+AF21+AF22)*E16 -> 0.12707547 | AG16: =+(AG17+AG18+AG19+AG20+AG21+AG22)*E16 -> 0.20711254 | AH16: =+(AH17+AH18+AH19+AH20+AH21+AH22)*E16 -> 0 | AI16: =+AVERAGE(AI17:AI22) -> 0.18898231 | AJ16: 0.70675054 | AK16: =+AVERAGE(AK17:AK22) -> 0.70675054 | AL16: =+(AL17+AL18+AL19+AL20+AL21+AL22)*E16 -> 0.037150209 | AM16: =+(AM17+AM18+AM19+AM20+AM21+AM22) -> 0.60071726 | AN16: =+(AN17+AN18+AN19+AN20+AN21+AN22) -> 0.60071726
B17: Cámaras de seguridad mantenidas | C17: Mantener ochocientas setenta y nueve (879) cámaras | D17: DISTRISEGURIDAD | E17: 0.1 | F17: =879*4 -> 3516 | G17: 219 | H17: 400 | I17: 700 | J17: =+G17/F17 -> 0.062286689 | K17: =+H17/879 -> 0.45506257 | L17: =+I17/F17 -> 0.19908987 | M17: =+(G17/F17)*E17 -> 0.0062286689 | N17: =+(H17/879)*E17 -> 0.045506257 | P17: 484 | Q17: 0 | R17: 200 | S17: 172 | T17: 0 | U17: 0 | V17: =+Q17+R17+S17+T17+U17 -> 372 | W17: =+V17+P17+AB17 -> 856 | X17: 0 | AB17: =+X17+Y17+Z17+AA17 -> 0 | AC17: 1 | AD17: =+V17/H17 -> 0.93 | AE17: =+AB17/I17 -> 0 | AF17: =+AC17*E17 -> 0.1 | AG17: =+AD17*E17 -> 0.093 | AH17: =+AE17*E17 -> 0 | AI17: =+P17/F17 -> 0.13765643 | AJ17: 0.9738339 | AK17: =+W17/879 -> 0.9738339 | AL17: =+AI17*E17 -> 0.013765643 | AM17: =+AJ17*E17 -> 0.09738339 | AN17: =+AK17*E17 -> 0.09738339 | AO17: REVISADO DIC 2024 | AP17: SE AJUSTA EL ACUMULADO CUATRIENIO EN MARZO 2025 YA QUE SE CORRIGIÓ LA META CUATRIENIO A 879. | AQ17: REVISAR CON ENLACE | AR17: REVISADO 30 JUNIO | AS17: REPROGRAMADA DE 200 A 400 | AT17: REVISADO 15 DE NOVIEMBRE | AU17: REVISADO 31 DE DICIEMBRE | AV17: REVISADO MARZO 2026
B18: Cámaras de seguridad instaladas | C18: Instalar ochocientas cuarenta y nueve (849) cámaras nuevas | D18: DISTRISEGURIDAD | E18: 0.2 | F18: 849 | G18: 212 | H18: 729 | I18: 200 | J18: =+G18/F18 -> 0.24970554 | K18: =+H18/F18 -> 0.85865724 | L18: =+I18/F18 -> 0.23557126 | M18: =+(G18/F18)*E18 -> 0.049941107 | N18: =+(H18/F18)*E18 -> 0.17173145 | P18: 25 | Q18: 0 | R18: 162 | S18: 478 | T18: 0 | U18: 38 | V18: =+Q18+R18+S18+T18+U18 -> 678 | W18: =+V18+P18+AB18 -> 703 | X18: 0 | AB18: =+X18+Y18+Z18+AA18 -> 0 | AC18: =+(P18/G18) -> 0.11792453 | AD18: =+V18/H18 -> 0.93004115 | AE18: =+AB18/I18 -> 0 | AF18: =+AC18*E18 -> 0.023584906 | AG18: =+AD18*E18 -> 0.18600823 | AH18: =+AE18*E18 -> 0 | AI18: =+P18/F18 -> 0.029446408 | AJ18: 0.82803298 | AK18: =+W18/F18 -> 0.82803298 | AL18: =+AI18*E18 -> 0.0058892815 | AM18: =+AJ18*E18 -> 0.1656066 | AN18: =+AK18*E18 -> 0.1656066 | AO18: REVISADO DIC 2024 | AP18: REVISADO MARZO 2025 | AQ18: REVISAR CON ENLACE | AR18: REVISADO 30 JUNIO | AS18: REPROGRAMADA DE 399 A 729 | AT18: REVISADO 15 DE NOVIEMBRE | AU18: REVISADO 31 DE DICIEMBRE | AV18: REVISADO MARZO 2026
B19: Sistemas de información para la seguidad implementados | C19: Implementar cuatrocientos cuarenta (440) sistemas de información para la seguridad (alarmas comunitarias, drones, totem) | D19: DISTRISEGURIDAD | E19: 0.2 | F19: 440 | G19: 110 | H19: 187 | I19: 70 | J19: =+G19/F19 -> 0.25 | K19: =+H19/F19 -> 0.425 | L19: =+I19/F19 -> 0.15909091 | M19: =+(G19/F19)*E19 -> 0.05 | N19: =+(H19/F19)*E19 -> 0.085 | P19: 33 | Q19: 0 | R19: 0 | S19: 160 | T19: 0 | U19: 0 | V19: =+Q19+R19+S19+T19+U19 -> 160 | W19: =+V19+P19+AB19 -> 193 | X19: 0 | AB19: =+X19+Y19+Z19+AA19 -> 0 | AC19: 1 | AD19: =+V19/H19 -> 0.85561497 | AE19: =+AB19/I19 -> 0 | AF19: =+AC19*E19 -> 0.2 | AG19: =+AD19*E19 -> 0.17112299 | AH19: =+AE19*E19 -> 0 | AI19: =+P19/F19 -> 0.075 | AJ19: 0.43863636 | AK19: =+W19/F19 -> 0.43863636 | AL19: =+AI19*E19 -> 0.015 | AM19: =+AJ19*E19 -> 0.087727273 | AN19: =+AK19*E19 -> 0.087727273 | AO19: REVISADO DIC 2024 | AP19: REVISADO MARZO 2025 | AQ19: REVISAR CON ENLACE | AR19: REVISADO 30 JUNIO | AS19: REVISADO 15 DE SEPTIEMBRE | AT19: REVISADO 15 DE NOVIEMBRE | AU19: REVISADO 31 DE DICIEMBRE | AV19: REVISADO MARZO 2026
B20: Equipos de seguridad adquiridos | C20: Adquirir ciento veinte (120) equipos de comunicación para la seguridad (tipo radio, equipos celulares) | D20: DISTRISEGURIDAD | E20: 0.15 | F20: 120 | G20: 30 | H20: 120 | I20: 0 | J20: =+G20/F20 -> 0.25 | K20: =+H20/F20 -> 1 | M20: =+(G20/F20)*E20 -> 0.0375 | N20: =+(H20/F20)*E20 -> 0.15 | P20: 0 | Q20: 0 | R20: 0 | S20: 0 | T20: 0 | U20: 180 | V20: =+Q20+R20+S20+T20+U20 -> 180 | W20: =+V20+P20+AB20 -> 180 | X20: 0 | AB20: =+X20+Y20+Z20+AA20 -> 0 | AC20: =+(P20/G20) -> 0 | AD20: 1 | AF20: =+AC20*E20 -> 0 | AG20: =+AD20*E20 -> 0.15 | AH20: =+AE20*E20 -> 0 | AI20: =+P20/F20 -> 0 | AJ20: 1 | AK20: 1 | AL20: =+AI20*E20 -> 0 | AM20: =+AJ20*E20 -> 0.15 | AN20: =+AK20*E20 -> 0.15 | AO20: REVISADO DIC 2024 | AP20: REVISADO MARZO 2025 | AQ20: REVISAR CON ENLACE | AR20: REVISADO 30 JUNIO | AS20: SE REPROGRAMA DE 60 A 180 | AT20: REVISADO 15 DE NOVIEMBRE | AU20: META CUMPLIDA A DICIEMBRE DE 2025 | AV20: REVISADO MARZO 2026
B21: Infraestructura para la promoción a la cultura de la legalidad y a la convivencia construida | C21: Construir cuatro (4) infraestructuras para la promoción de la cultura de la legalidad y la convivencia CAIs, subestaciones, estaciones, centro de inteligencia) | D21: DISTRISEGURIDAD | E21: 0.25 | F21: 4 | G21: 1 | H21: 1 | I21: 2 | J21: =+G21/F21 -> 0.25 | K21: =+H21/F21 -> 0.25 | L21: =+I21/F21 -> 0.5 | M21: =+(G21/F21)*E21 -> 0.0625 | N21: =+(H21/F21)*E21 -> 0.0625 | P21: 0 | Q21: 0 | R21: 0 | S21: 0 | T21: 0 | U21: 0 | V21: =+Q21+R21+S21+T21+U21 -> 0 | W21: =+V21+P21+AB21 -> 0 | X21: 0 | AB21: =+X21+Y21+Z21+AA21 -> 0 | AC21: =+(P21/G21) -> 0 | AD21: =+V21/H21 -> 0 | AE21: =+AB21/I21 -> 0 | AF21: =+AC21*E21 -> 0 | AG21: =+AD21*E21 -> 0 | AH21: =+AE21*E21 -> 0 | AI21: =+P21/F21 -> 0 | AJ21: 0 | AK21: =+W21/F21 -> 0 | AL21: =+AI21*E21 -> 0 | AM21: =+AJ21*E21 -> 0 | AN21: =+AK21*E21 -> 0 | AO21: REVISADO DIC 2024 | AP21: REVISADO MARZO 2025 | AQ21: REVISAR CON ENLACE | AR21: REVISADO 30 JUNIO | AS21: REVISADO 15 DE SEPTIEMBRE | AT21: REVISADO 15 DE NOVIEMBRE | AU21: REVISADO 31 DE DICIEMBRE | AV21: REVISAR CON ENLACE, YA QUE EL PROGRAAMDO INICIAL Y APROBADO ERA 3 Y EN EL REPORTE APARECE 2.
B22: Vehículos para la seguridad y convivencia entregados | C22: Entregar doscientos sesenta y ocho (268) vehículos para la seguridad (moto, camioneta, automóvil, camión, cuatrimotos, jet sky) | D22: DISTRISEGURIDAD | E22: 0.1 | F22: 268 | G22: 67 | H22: 41 | I22: 3 | J22: =+G22/F22 -> 0.25 | K22: =+H22/F22 -> 0.15298507 | M22: =+(G22/F22)*E22 -> 0.025 | N22: =+(H22/F22)*E22 -> 0.015298507 | P22: 239 | Q22: 0 | R22: 16 | S22: 0 | T22: 18 | U22: 3 | V22: =+Q22+R22+S22+T22+U22 -> 37 | W22: =+V22+P22+AB22 -> 276 | X22: 0 | AB22: =+X22+Y22+Z22+AA22 -> 0 | AC22: 1 | AD22: =+V22/H22 -> 0.90243902 | AE22: =+AB22/I22 -> 0 | AF22: =+AC22*E22 -> 0.1 | AG22: =+AD22*E22 -> 0.090243902 | AH22: =+AE22*E22 -> 0 | AI22: =+P22/F22 -> 0.89179104 | AJ22: 1 | AK22: 1 | AL22: =+AI22*E22 -> 0.089179104 | AM22: =+AJ22*E22 -> 0.1 | AN22: =+AK22*E22 -> 0.1 | AO22: REVISADO DIC 2024 | AP22: REVISADO MARZO 2025 | AQ22: REVISADO JUNIO 10 | AR22: REVISADO 30 JUNIO | AS22: SE REPROGRAMA DE 67 A 41 | AT22: REVISADO 15 DE NOVIEMBRE | AU22: REVISADO 31 DE DICIEMBRE | AV22: REVISADO MARZO 2026
B23: SEGURIDAD YA EN LAS PLAYAS DE CARTAGENA | E23: 0.1 | J23: =+AVERAGE(J24:J25) -> 0.625 | K23: =+AVERAGE(K24:K25) -> 0.25 | L23: =+AVERAGE(L24:L25)/2 -> 0.125 | M23: =+M24+M25 -> 0.775 | N23: =+N24+N25 -> 0.075 | AC23: =+AVERAGE(AC24:AC25) -> 1 | AD23: =+AVERAGE(AD24:AD25) -> 1 | AE23: =+AVERAGE(AE24:AE25) -> 0 | AF23: =+(AF24+AF25)*E23 -> 0.1 | AG23: =+(AG24+AG25)*E23 -> 0.03 | AH23: =+(AH24+AH25)*E23 -> 0 | AI23: =+AVERAGE(AI24:AI25) -> 0.625 | AJ23: 0.75 | AK23: =+AVERAGE(AK24:AK25) -> 0.75 | AL23: =+(AL24+AL25)*E23 -> 0.0775 | AM23: =+(AM24+AM25) -> 0.85 | AN23: =+(AN24+AN25) -> 0.85
B24: Organismos de atención de emergencias en las playas equipados | C24: Equipar a cuatro (4) organismos de atención de emergencias en playas | D24: DISTRISEGURIDAD - SECRETARÍA DE TURISMO | E24: 0.3 | F24: 4 | G24: 1 | H24: 1 | I24: 1 | J24: =+G24/F24 -> 0.25 | K24: =+H24/F24 -> 0.25 | L24: =+I24/F24 -> 0.25 | M24: =+(G24/F24)*E24 -> 0.075 | N24: =+(H24/F24)*E24 -> 0.075 | P24: 1 | Q24: 0 | R24: 0 | S24: 1 | T24: 0 | U24: 0 | V24: =+Q24+R24+S24+T24+U24 -> 1 | W24: =+V24+P24+AB24 -> 2 | X24: 0 | AB24: =+X24+Y24+Z24+AA24 -> 0 | AC24: =+(P24/G24) -> 1 | AD24: =+V24/H24 -> 1 | AE24: =+AB24/I24 -> 0 | AF24: =+AC24*E24 -> 0.3 | AG24: =+AD24*E24 -> 0.3 | AH24: =+AE24*E24 -> 0 | AI24: =+P24/F24 -> 0.25 | AJ24: 0.5 | AK24: =+W24/F24 -> 0.5 | AL24: =+AI24*E24 -> 0.075 | AM24: =+AJ24*E24 -> 0.15 | AN24: =+AK24*E24 -> 0.15 | AO24: REVISADO DIC 2024 | AP24: REVISADO MARZO 2025 | AQ24: REVISADO JUNIO 10 | AR24: REVISADO 30 JUNIO | AS24: REVISADO 15 DE SEPTIEMBRE | AT24: REVISADO 15 DE NOVIEMBRE | AV24: REVISADO MARZO 2026
B25: Infraestructura para seguridad y socorro en playas tipo Garitas | C25: Construir veinte (20) garitas nuevas para la seguridad en playas | D25: DISTRISEGURIDAD - SECRETARÍA DE TURISMO | E25: 0.7 | F25: 20 | G25: 20 | I25: 0 | J25: =+G25/F25 -> 1 | M25: =+(G25/F25)*E25 -> 0.7 | P25: 23 | T25: 0 | U25: 0 | V25: =+Q25+R25+S25+T25+U25 -> 0 | W25: =+V25+P25+AB25 -> 23 | X25: 0 | AB25: =+X25+Y25+Z25+AA25 -> 0 | AC25: 1 | AF25: =+AC25*E25 -> 0.7 | AH25: =+AE25*E25 -> 0 | AI25: 1 | AJ25: 1 | AK25: 1 | AL25: =+AI25*E25 -> 0.7 | AM25: =+AJ25*E25 -> 0.7 | AN25: =+AK25*E25 -> 0.7 | AO25: META CUMPLIDA | AP25: META CUMPLIDA. PERO REVISAR PORQUE SE PROGRAMARON 5 PARA LA VIGENCIA 2025 | AQ25: REVISADO JUNIO 10 | AR25: REVISADO 30 JUNIO | AS25: REVISADO 15 DE SEPTIEMBRE | AT25: REVISADO 15 DE NOVIEMBRE | AV25: REVISADO MARZO 2026
B26: EDUCACIÓN, CULTURA Y SEGURIDAD VIAL PARA AVANZAR | E26: 0.1 | J26: =+AVERAGE(J27:J30) -> 0.15590278 | K26: =+AVERAGE(K27:K30) -> 0.26105944 | L26: =+AVERAGE(L27:L30) -> 0.32129917 | M26: =+M27+M28+M29+M30 -> 0.15590278 | N26: =+N27+N28+N29+N30 -> 0.26105944 | AC26: =+AVERAGE(AC27:AC30) -> 1 | AD26: =+AVERAGE(AD27:AD30) -> 0.87291667 | AE26: =+AVERAGE(AE27:AE30) -> 0.46011585 | AF26: =+(AF27+AF28+AF29+AF30)*E26 -> 0.1 | AG26: =+(AG27+AG28+AG29+AG30)*E26 -> 0.087291667 | AH26: =+(AH27+AH28+AH29+AH30)*E26 -> 0.046011585 | AI26: =+AVERAGE(AI27:AI30) -> 0.22168278 | AJ26: 0.6697425 | AK26: =+AVERAGE(AK27:AK30) -> 0.77090917 | AL26: =+(AL27+AL28+AL29+AL30)*E26 -> 0.022168278 | AM26: =+(AM27+AM28+AM29+AM30) -> 0.6697425 | AN26: =+(AN27+AN28+AN29+AN30) -> 0.77090917
B27: Numero de actores viales capacitados en educación y cultura para la seguridad vial | C27: Formar a cien mil (100.000) actores viales en educación y cultura para la seguridad vial | D27: DATT | E27: 0.25 | F27: 100000 | G27: 20000 | H27: 21646 | I27: 4353 | J27: =+G27/F27 -> 0.2 | K27: =+H27/F27 -> 0.21646 | L27: =+I27/F27 -> 0.04353 | M27: =+(G27/F27)*E27 -> 0.05 | N27: =+(H27/F27)*E27 -> 0.054115 | P27: 45062 | Q27: 5568 | R27: 20185 | S27: 8480 | T27: 7457 | U27: 5895 | V27: =+Q27+R27+S27+T27+U27 -> 47585 | W27: =+V27+P27+AB27 -> 94697 | X27: 888 | Y27: 1162 | AB27: =+X27+Y27+Z27+AA27 -> 2050 | AC27: 1 | AD27: 1 | AE27: =+AB27/I27 -> 0.47093958 | AF27: =+AC27*E27 -> 0.25 | AG27: =+AD27*E27 -> 0.25 | AH27: =+AE27*E27 -> 0.1177349 | AI27: =+P27/F27 -> 0.45062 | AJ27: 0.92647 | AK27: =+W27/F27 -> 0.94697 | AL27: =+AI27*E27 -> 0.112655 | AM27: =+AJ27*E27 -> 0.2316175 | AN27: =+AK27*E27 -> 0.2367425 | AO27: REVISADO DIC 2024 | AP27: REVISADO MARZO 2025 | AQ27: REVISADO JUNIO 10 | AR27: REVISADO 30 JUNIO | AS27: REVISADO 15 DE SEPTIEMBRE | AT27: REVISADO 15 DE NOVIEMBRE | AU27: REVISADO 31 DE DICIEMBRE | AV27: REVISADO MARZO 2026 | AW27: REVISADO JUNIO 2026
B28: Número de mujeres formadas y vinculadas como gestoras de educación, cultura y seguridad vial | C28: Formar y vincular a cuatrocientas (400) mujeres como gestoras de educación, cultura y seguridad vial | D28: DATT | E28: 0.25 | F28: 400 | G28: 25 | H28: 120 | I28: 150 | J28: =+G28/F28 -> 0.0625 | K28: =+H28/F28 -> 0.3 | L28: =+I28/F28 -> 0.375 | M28: =+(G28/F28)*E28 -> 0.015625 | N28: =+(H28/F28)*E28 -> 0.075 | P28: 30 | Q28: 0 | R28: 45 | S28: 0 | T28: 0 | U28: 14 | V28: =+Q28+R28+S28+T28+U28 -> 59 | W28: =+V28+P28+AB28 -> 108 | X28: 6 | Y28: 13 | AB28: =+X28+Y28+Z28+AA28 -> 19 | AC28: 1 | AD28: =+V28/H28 -> 0.49166667 | AE28: =+AB28/I28 -> 0.12666667 | AF28: =+AC28*E28 -> 0.25 | AG28: =+AD28*E28 -> 0.12291667 | AH28: =+AE28*E28 -> 0.031666667 | AI28: =+P28/F28 -> 0.075 | AJ28: 0.2225 | AK28: =+W28/F28 -> 0.27 | AL28: =+AI28*E28 -> 0.01875 | AM28: =+AJ28*E28 -> 0.055625 | AN28: =+AK28*E28 -> 0.0675 | AO28: REVISADO DIC 2024 | AP28: REVISADO MARZO 2025 | AQ28: REVISADO JUNIO 10 | AR28: REVISADO 30 JUNIO | AS28: REVISADO 15 DE SEPTIEMBRE | AT28: REVISADO 15 DE NOVIEMBRE | AU28: REVISADO 31 DE DICIEMBRE | AV28: REVISADO MARZO 2026 | AW28: REVISADO JUNIO 2026
B29: Plan Local de Seguridad Vial actualizado e implementado | C29: Actualizar e implementar en su totalidad un (1) Plan Local de Seguridad Vial | D29: DATT | E29: 0.25 | F29: 1 | G29: 0.25 | H29: 0.25 | I29: 0.7 | J29: =+G29/F29 -> 0.25 | K29: =+H29/F29 -> 0.25 | L29: =+I29/F29 -> 0.7 | M29: =+(G29/F29)*E29 -> 0.0625 | N29: =+(H29/F29)*E29 -> 0.0625 | P29: 0.25 | Q29: 0.05 | R29: 0.1 | S29: 0.2 | T29: 0.23 | U29: 0 | V29: =+Q29+R29+S29+T29+U29 -> 0.58 | W29: =+V29+P29+AB29 -> 1 | X29: 0.17 | Y29: 0 | AB29: =+X29+Y29+Z29+AA29 -> 0.17 | AC29: =+(P29/G29) -> 1 | AD29: 1 | AE29: =+AB29/I29 -> 0.24285714 | AF29: =+AC29*E29 -> 0.25 | AG29: =+AD29*E29 -> 0.25 | AH29: =+AE29*E29 -> 0.060714286 | AI29: =+P29/F29 -> 0.25 | AJ29: 0.83 | AK29: =+W29/F29 -> 1 | AL29: =+AI29*E29 -> 0.0625 | AM29: =+AJ29*E29 -> 0.2075 | AN29: =+AK29*E29 -> 0.25 | AO29: REVISADO DIC 2024 | AP29: REVISADO MARZO 2025 | AQ29: REVISADO JUNIO 10 | AR29: REVISADO 30 JUNIO | AS29: REVISADO 15 DE SEPTIEMBRE | AT29: REVISADO 15 DE NOVIEMBRE | AU29: REVISADO 31 DE DICIEMBRE | AV29: REVISADO MARZO 2026 | AW29: REVISADO JUNIO 2026
B30: Número de instituciones educativas vinculadas al programa de Rutas Educativas Seguras | C30: Vincular a ciento ochenta (180) Instituciones Educativas al programa Rutas Educativas Seguras | D30: DATT | E30: 0.25 | F30: 180 | G30: 20 | H30: 50 | I30: 30 | J30: =+G30/F30 -> 0.11111111 | K30: =+H30/F30 -> 0.27777778 | L30: =+I30/F30 -> 0.16666667 | M30: =+(G30/F30)*E30 -> 0.027777778 | N30: =+(H30/F30)*E30 -> 0.069444444 | P30: 20 | Q30: 8 | R30: 80 | S30: 2 | T30: 16 | U30: 0 | V30: =+Q30+R30+S30+T30+U30 -> 106 | W30: =+V30+P30+AB30 -> 156 | X30: 1 | Y30: 29 | AB30: =+X30+Y30+Z30+AA30 -> 30 | AC30: =+(P30/G30) -> 1 | AD30: 1 | AE30: =+AB30/I30 -> 1 | AF30: =+AC30*E30 -> 0.25 | AG30: =+AD30*E30 -> 0.25 | AH30: =+AE30*E30 -> 0.25 | AI30: =+P30/F30 -> 0.11111111 | AJ30: 0.7 | AK30: =+W30/F30 -> 0.86666667 | AL30: =+AI30*E30 -> 0.027777778 | AM30: =+AJ30*E30 -> 0.175 | AN30: =+AK30*E30 -> 0.21666667 | AO30: REVISADO DIC 2024 | AP30: REVISADO MARZO 2025 | AQ30: REVISADO JUNIO 10 | AR30: REVISADO 30 JUNIO | AS30: REVISADO 15 DE SEPTIEMBRE | AT30: REVISADO 15 DE NOVIEMBRE | AU30: REVISADO 31 DE DICIEMBRE | AV30: REVISADO MARZO 2026 | AW30: REVISADO JUNIO 2026
B31: Construccion de paz, Derechos Humanos y Convivencia | E31: 0.1 | F31: =+E31*AF31 -> 0.064343375 | H31: =E31*AG31 -> 0.069202414 | I31: =+E31*AH31 -> 0.035722964 | J31: =+(J32+J36+J39+J44+J52+J57+J77+J87)/8 -> 0.23923611 | K31: =+(K32+K36+K39+K44+K52+K57+K77+K87)/8 -> 0.3364294 | L31: =+(L32+L36+L39+L44+L52+L57+L77+L87)/8 -> 0.27502184 | M31: =+(M32+M36+M39+M44+M52+M57+M77+M87)/8 -> 0.160625 | AC31: =+(AC32+AC36+AC39+AC44+AC52+AC57+AC77+AC87)/8 -> 0.90306155 | AD31: =+(AD32+AD36+AD39+AD44+AD52+AD57+AD77+AD87)/8 -> 0.82692475 | AE31: =+(AE32+AE36+AE39+AE44+AE52+AE57+AE77+AE87)/8 -> 0.42187738 | AF31: =+AF32+AF36+AF39+AF44+AF52+AF57+AF77+AF87 -> 0.64343375 | AG31: =+AG32+AG36+AG39+AG44+AG52+AG57+AG77+AG87 -> 0.69202414 | AH31: =+AH32+AH36+AH39+AH44+AH52+AH57+AH77+AH87 -> 0.35722964 | AI31: =+(AI32+AI36+AI39+AI44+AI52+AI57+AI77+AI87)/8 -> 0.25041409 | AJ31: 0.51564038 | AK31: =+(AK32+AK36+AK39+AK44+AK52+AK57+AK77+AK87)/8 -> 0.61272009 | AL31: =+AL32+AL36+AL39+AL44+AL52+AL57+AL77+AL87 -> 0.19896444 | AM31: =+(AM32*E32)+(AM36*E36)+(AM39*E39)+(AM44*E44)+(AM52*E52)+(AM57*E57)+(AM77*E77)+(AM87*E87) -> 0.49297342 | AN31: =+(AN32*E32)+(AN36*E36)+(AN39*E39)+(AN44*E44)+(AN52*E52)+(AN57*E57)+(AN77*E77)+(AN87*E87) -> 0.58587473
B32: UNA VIDA LIBRE DE VIOLENCIA PARA LAS MUJERES | E32: 0.15 | J32: =+AVERAGE(J33:J35) -> 0.175 | K32: =+AVERAGE(K33:K35) -> 0.25 | L32: =+AVERAGE(L33:L35) -> 0.28333333 | M32: =+M33+M34+M35 -> 0.1525 | N32: =+N33+N34+N35 -> 0.245 | AC32: =+AVERAGE(AC33:AC35) -> 1 | AD32: =+AVERAGE(AD33:AD35) -> 1 | AE32: =+AVERAGE(AE33:AE35) -> 0.54133333 | AF32: =+(AF33+AF34+AF35)*E32 -> 0.15 | AG32: =+(AG33+AG34+AG35)*E32 -> 0.15 | AH32: =+(AH33+AH34+AH35)*E32 -> 0.11244 | AI32: =+AVERAGE(AI33:AI35) -> 0.3692 | AJ32: 0.84073333 | AK32: =+AVERAGE(AK33:AK35) -> 0.91646667 | AL32: =+(AL33+AL34+AL35)*E32 -> 0.061731 | AM32: =+(AM33+AM34+AM35) -> 0.87988 | AN32: =+(AN33+AN34+AN35) -> 0.97476
B33: Número de mujeres víctimas de VBG o en riesgo de padecerla atendidas en servicios de orientación psicosocial y jurídica | C33: Atender a cinco mil (5.000) mujeres víctimas de violencia basada en género o en riesgo de padecerla con servicios de orientación psicosocial y jurídica | D33: SECRETARÍA DE PARTICIPACIÓN Y DESARROLLO SOCIAL | E33: 0.4 | F33: 5000 | G33: 500 | H33: 1500 | I33: 1500 | J33: =+G33/F33 -> 0.1 | K33: =+H33/F33 -> 0.3 | L33: =+I33/F33 -> 0.3 | M33: =+(G33/F33)*E33 -> 0.04 | N33: =+(H33/F33)*E33 -> 0.12 | P33: 2113 | Q33: 950 | R33: 361 | S33: 356 | T33: 112 | U33: 169 | V33: =+Q33+R33+S33+T33+U33 -> 1948 | W33: =+V33+P33+AB33 -> 4997 | X33: 663 | Y33: 273 | AB33: =+X33+Y33+Z33+AA33 -> 936 | AC33: 1 | AD33: 1 | AE33: =+AB33/I33 -> 0.624 | AF33: =+AC33*E33 -> 0.4 | AG33: =+AD33*E33 -> 0.4 | AH33: =+AE33*E33 -> 0.2496 | AI33: =+P33/F33 -> 0.4226 | AJ33: 0.8122 | AK33: =+W33/F33 -> 0.9994 | AL33: =+AI33*E33 -> 0.16904 | AM33: =+AJ33*E33 -> 0.32488 | AN33: =+AK33*E33 -> 0.39976 | AO33: REVISADO DIC 2024 | AP33: REVISADO MARZO 2025 | AQ33: REVISADO JUNIO 10 | AR33: REVISADO 30 JUNIO | AS33: REVISADO 15 DE SEPTIEMBRE | AT33: REVISADO 15 DE NOVIEMBRE | AU33: REVISADO 31 DE DICIEMBRE | AV33: REVISADO MARZO 2026 | AW33: REVISADO JUNIO 2026
B34: Número de mujeres víctimas de violencia, sus hijos e hijas y familia dependiente protegidas en la casa refugio | C34: Proteger doscientas (200) mujeres víctimas de violencia, sus hijos e hijas y familia dependiente en la casa refugio | D34: SECRETARÍA DE PARTICIPACIÓN Y DESARROLLO SOCIAL | E34: 0.5 | F34: 200 | G34: 35 | H34: 40 | I34: 60 | J34: =+G34/F34 -> 0.175 | K34: =+H34/F34 -> 0.2 | L34: =+I34/F34 -> 0.3 | M34: =+(G34/F34)*E34 -> 0.0875 | N34: =+(H34/F34)*E34 -> 0.1 | P34: 87 | Q34: 27 | R34: 35 | S34: 0 | T34: 28 | U34: 15 | V34: =+Q34+R34+S34+T34+U34 -> 105 | W34: =+V34+P34+AB34 -> 257 | X34: 25 | Y34: 40 | AB34: =+X34+Y34+Z34+AA34 -> 65 | AC34: 1 | AD34: 1 | AE34: 1 | AF34: =+AC34*E34 -> 0.5 | AG34: =+AD34*E34 -> 0.5 | AH34: =+AE34*E34 -> 0.5 | AI34: =+P34/F34 -> 0.435 | AJ34: 0.96 | AK34: 1 | AL34: =+AI34*E34 -> 0.2175 | AM34: =+AJ34*E34 -> 0.48 | AN34: =+AK34*E34 -> 0.5 | AO34: REVISADO DIC 2024 | AP34: REVISADO MARZO 2025 | AQ34: REVISADO JUNIO 10 | AR34: REVISADO 30 JUNIO | AS34: REVISADO 15 DE SEPTIEMBRE | AT34: REVISADO 15 DE NOVIEMBRE | AU34: REVISADO 31 DE DICIEMBRE | AV34: REVISADO MARZO 2026 | AW34: REVISADO JUNIO 2026
B35: Número de campañas sobre nuevas masculinidades como estrategia de prevención y erradicación contra estereotipos nocivos de género ejecutadas | C35: Ejecutar cuatro (4) campañas sobre nuevas masculinidades como estrategia de prevención y erradicación contra estereotipos nocivos de género | D35: SECRETARÍA DE PARTICIPACIÓN Y DESARROLLO SOCIAL | E35: 0.1 | F35: 4 | G35: 1 | H35: 1 | I35: 1 | J35: =+G35/F35 -> 0.25 | K35: =+H35/F35 -> 0.25 | L35: =+I35/F35 -> 0.25 | M35: =+(G35/F35)*E35 -> 0.025 | N35: =+(H35/F35)*E35 -> 0.025 | P35: 1 | Q35: 0 | R35: 0 | S35: 0 | T35: 2 | U35: 0 | V35: =+Q35+R35+S35+T35+U35 -> 2 | W35: =+V35+P35+AB35 -> 3 | X35: 0 | Y35: 0 | AB35: =+X35+Y35+Z35+AA35 -> 0 | AC35: =+(P35/G35) -> 1 | AD35: 1 | AE35: =+AB35/I35 -> 0 | AF35: =+AC35*E35 -> 0.1 | AG35: =+AD35*E35 -> 0.1 | AH35: =+AE35*E35 -> 0 | AI35: =+P35/F35 -> 0.25 | AJ35: 0.75 | AK35: =+W35/F35 -> 0.75 | AL35: =+AI35*E35 -> 0.025 | AM35: =+AJ35*E35 -> 0.075 | AN35: =+AK35*E35 -> 0.075 | AO35: REVISADO DIC 2024 | AP35: REVISADO MARZO 2025 | AQ35: REVISADO JUNIO 10 | AR35: REVISADO 30 JUNIO | AS35: REVISADO 15 DE SEPTIEMBRE | AT35: REVISADO 15 DE NOVIEMBRE | AU35: REVISADO 31 DE DICIEMBRE | AV35: REVISADO MARZO 2026 | AW35: REVISADO JUNIO 2026
B36: DERECHO A LA PAZ Y CONVIVENCIA CON EQUIDAD DE GÉNERO | E36: 0.1 | J36: =+AVERAGE(J37:J38) -> 0.25 | K36: =+AVERAGE(K37:K38) -> 0.2125 | L36: =+AVERAGE(L37:L38) -> 0.225 | M36: =+M37+M38 -> 0.25 | N36: =+N37+N38 -> 0.19 | AC36: =+AVERAGE(AC37:AC38) -> 1 | AD36: =+AVERAGE(AD37:AD38) -> 1 | AE36: =+AVERAGE(AE37:AE38) -> 0.25 | AF36: =+(AF37+AF38)*E36 -> 0.1 | AG36: =+(AG37+AG38)*E36 -> 0.1 | AH36: =+(AH37+AH38)*E36 -> 0.01 | AI36: =+AVERAGE(AI37:AI38) -> 0.335 | AJ36: 0.5475 | AK36: =+AVERAGE(AK37:AK38) -> 0.61 | AL36: =+(AL37+AL38)*E36 -> 0.0386 | AM36: =+(AM37+AM38) -> 0.576 | AN36: =+(AN37+AN38) -> 0.601
B37: Mujeres víctimas del conflicto armado como constructoras de paz desde la prevención de las violencias basadas en género | C37: Vincular a doscientas (200) mujeres víctimas del conflicto armado como constructoras de paz en estrategias de prevención de las violencias basadas en género | D37: SECRETARÍA DE PARTICIPACIÓN Y DESARROLLO SOCIAL | E37: 0.8 | F37: 200 | G37: 50 | H37: 35 | I37: 40 | J37: =+G37/F37 -> 0.25 | K37: =+H37/F37 -> 0.175 | L37: =+I37/F37 -> 0.2 | M37: =+(G37/F37)*E37 -> 0.2 | N37: =+(H37/F37)*E37 -> 0.14 | P37: 84 | Q37: 0 | R37: 0 | S37: 35 | T37: 0 | U37: 0 | V37: =+Q37+R37+S37+T37+U37 -> 35 | W37: =+V37+P37+AB37 -> 119 | X37: 0 | Y37: 0 | AB37: =+X37+Y37+Z37+AA37 -> 0 | AC37: 1 | AD37: =+V37/H37 -> 1 | AE37: =+AB37/I37 -> 0 | AF37: =+AC37*E37 -> 0.8 | AG37: =+AD37*E37 -> 0.8 | AH37: =+AE37*E37 -> 0 | AI37: =+P37/F37 -> 0.42 | AJ37: 0.595 | AK37: =+W37/F37 -> 0.595 | AL37: =+AI37*E37 -> 0.336 | AM37: =+AJ37*E37 -> 0.476 | AN37: =+AK37*E37 -> 0.476 | AO37: REVISADO DIC 2024 | AP37: REVISADO MARZO 2025 | AQ37: REVISADO JUNIO 10 | AR37: REVISADO 30 JUNIO | AS37: REVISADO 15 DE SEPTIEMBRE | AT37: REVISADO 15 DE NOVIEMBRE | AU37: REVISADO 31 DE DICIEMBRE | AV37: REVISADO MARZO 2026 | AW37: REVISADO JUNIO 2026
B38: Número de acciones afirmativas ejecutadas para la asistencia y la atención de mujeres víctimas del conflicto armado | C38: Ejecutar una (1) acción afirmativa anual para la asistencia y la atención de mujeres víctimas del conflicto armado | D38: SECRETARÍA DE PARTICIPACIÓN Y DESARROLLO SOCIAL | E38: 0.2 | F38: 4 | G38: 1 | H38: 1 | I38: 1 | J38: =+G38/F38 -> 0.25 | K38: =+H38/F38 -> 0.25 | L38: =+I38/F38 -> 0.25 | M38: =+(G38/F38)*E38 -> 0.05 | N38: =+(H38/F38)*E38 -> 0.05 | P38: 1 | Q38: 0 | R38: 0 | S38: 1 | T38: 0 | U38: 0 | V38: =+Q38+R38+S38+T38+U38 -> 1 | W38: =+V38+P38+AB38 -> 2.5 | X38: 0 | Y38: 0.5 | AB38: =+X38+Y38+Z38+AA38 -> 0.5 | AC38: =+(P38/G38) -> 1 | AD38: =+V38/H38 -> 1 | AE38: =+AB38/I38 -> 0.5 | AF38: =+AC38*E38 -> 0.2 | AG38: =+AD38*E38 -> 0.2 | AH38: =+AE38*E38 -> 0.1 | AI38: =+P38/F38 -> 0.25 | AJ38: 0.5 | AK38: =+W38/F38 -> 0.625 | AL38: =+AI38*E38 -> 0.05 | AM38: =+AJ38*E38 -> 0.1 | AN38: =+AK38*E38 -> 0.125 | AO38: REVISADO DIC 2024 | AP38: REVISADO MARZO 2025 | AQ38: REVISADO JUNIO 10 | AR38: REVISADO 30 JUNIO | AS38: REVISADO 15 DE SEPTIEMBRE | AT38: REVISADO 15 DE NOVIEMBRE | AU38: REVISADO 31 DE DICIEMBRE | AV38: REVISADO MARZO 2026 | AW38: REVISADO JUNIO 2026
B39: CARTAGENA AVANZA EN CONVIVENCIA | E39: 0.15 | J39: =+AVERAGE(J40:J43) -> 0.18333333 | K39: =+AVERAGE(K40:K43) -> 0.35208333 | L39: =+AVERAGE(L40:L43) -> 0.27222222 | M39: =+M40+M41+M42+M43 -> 0.18333333 | N39: =+N40+N41+N42+N43 -> 0.31458333 | AC39: =+AVERAGE(AC40:AC43) -> 1 | AD39: =+AVERAGE(AD40:AD43) -> 0.75 | AE39: =+AVERAGE(AE40:AE43) -> 0.25 | AF39: =+(AF40+AF41+AF42+AF43)*E39 -> 0.15 | AG39: =+(AG40+AG41+AG42+AG43)*E39 -> 0.1125 | AH39: =+(AH40+AH41+AH42+AH43)*E39 -> 0.0375 | AI39: =+AVERAGE(AI40:AI43) -> 0.27083333 | AJ39: 0.625 | AK39: =+AVERAGE(AK40:AK43) -> 0.6875 | AL39: =+(AL40+AL41+AL42+AL43)*E39 -> 0.036875 | AM39: =+(AM40+AM41+AM42+AM43) -> 0.575 | AN39: =+(AN40+AN41+AN42+AN43) -> 0.6375
B40: Centro de traslado para la protección inmediata de las mujeres víctimas de cualquier forma de violencias creado y en funcionamiento en el Distrito | C40: Crear y poner en funcionamiento un (1) Centro de Traslado por Protección-CTP en el Distrito | D40: SECRETARÍA DEL INTERIOR Y CONVIVENCIA CIUDADANA | E40: 0.35 | F40: 4 | G40: 1 | H40: 1 | I40: 1 | J40: =+G40/F40 -> 0.25 | K40: =+H40/F40 -> 0.25 | L40: =+I40/F40 -> 0.25 | M40: =+(G40/F40)*E40 -> 0.0875 | N40: =+(H40/F40)*E40 -> 0.0875 | P40: 1 | Q40: 0 | R40: 1 | S40: 0 | T40: 0 | U40: 0 | V40: =+Q40+R40+S40+T40+U40 -> 1 | W40: =+V40+P40+AB40 -> 2 | X40: 0 | Y40: 0 | AB40: =+X40+Y40+Z40+AA40 -> 0 | AC40: =+(P40/G40) -> 1 | AD40: =+V40/H40 -> 1 | AE40: =+AB40/I40 -> 0 | AF40: =+AC40*E40 -> 0.35 | AG40: =+AD40*E40 -> 0.35 | AH40: =+AE40*E40 -> 0 | AI40: =+P40/F40 -> 0.25 | AJ40: 0.5 | AK40: =+W40/F40 -> 0.5 | AL40: =+AI40*E40 -> 0.0875 | AM40: =+AJ40*E40 -> 0.175 | AN40: =+AK40*E40 -> 0.175 | AO40: REVISADO DIC 2024 | AP40: REVISADO MARZO 2025 | AQ40: REVISADO JUNIO 10 | AR40: REVISADO 30 JUNIO | AS40: REVISAR CON ENLACE | AT40: REVISAR CON ENLACE | AU40: REVISAR CON ENLACE | AV40: REVISAR CON ENLACE | AW40: REVISAR CON ENLACE
B41: Entornos urbanos para la convivencia recuperados y mantenidos | C41: Recuperar y mantener veinte (20) entornos urbanos para la convivencia en el Distrito | D41: SECRETARÍA DEL INTERIOR Y CONVIVENCIA CIUDADANA | E41: 0.25 | F41: 20 | G41: 3 | H41: 4 | I41: 8 | J41: =+G41/F41 -> 0.15 | K41: =+H41/F41 -> 0.2 | L41: =+I41/F41 -> 0.4 | M41: =+(G41/F41)*E41 -> 0.0375 | N41: =+(H41/F41)*E41 -> 0.05 | P41: 5 | Q41: 0 | R41: 0 | S41: 0 | T41: 0 | U41: 0 | V41: =+Q41+R41+S41+T41+U41 -> 0 | W41: =+V41+P41+AB41 -> 5 | X41: 0 | Y41: 0 | AB41: =+X41+Y41+Z41+AA41 -> 0 | AC41: 1 | AD41: =+V41/H41 -> 0 | AE41: =+AB41/I41 -> 0 | AF41: =+AC41*E41 -> 0.25 | AG41: =+AD41*E41 -> 0 | AH41: =+AE41*E41 -> 0 | AI41: =+P41/F41 -> 0.25 | AJ41: 0.25 | AK41: =+W41/F41 -> 0.25 | AL41: =+AI41*E41 -> 0.0625 | AM41: =+AJ41*E41 -> 0.0625 | AN41: =+AK41*E41 -> 0.0625 | AO41: REVISADO DIC 2024 | AP41: REVISADO MARZO 2025 | AQ41: REVISADO JUNIO 10 | AR41: REVISADO 30 JUNIO | AS41: REVISADO 15 DE SEPTIEMBRE | AT41: REVISADO 15 DE NOVIEMBRE | AU41: REVISADO 31 DE DICIEMBRE | AV41: REVISADO MARZO 2026 | AW41: REVISADO JUNIO 2026
B42: Escuelas de formación para la convivencia ciudadana creadas | C42: Crear doce (12) escuelas de formación para la convivencia ciudadana en el Distrito | D42: SECRETARÍA DEL INTERIOR Y CONVIVENCIA CIUDADANA | E42: 0.25 | F42: 12 | G42: 1 | H42: 4 | I42: 2 | J42: =+G42/F42 -> 0.083333333 | K42: =+H42/F42 -> 0.33333333 | L42: =+I42/F42 -> 0.16666667 | M42: =+(G42/F42)*E42 -> 0.020833333 | N42: =+(H42/F42)*E42 -> 0.083333333 | P42: 1 | Q42: 0 | R42: 2 | S42: 3 | T42: 0 | U42: 3 | V42: =+Q42+R42+S42+T42+U42 -> 8 | W42: =+V42+P42+AB42 -> 12 | X42: 3 | Y42: 0 | AB42: =+X42+Y42+Z42+AA42 -> 3 | AC42: =+(P42/G42) -> 1 | AD42: 1 | AE42: 1 | AF42: =+AC42*E42 -> 0.25 | AG42: =+AD42*E42 -> 0.25 | AH42: =+AE42*E42 -> 0.25 | AI42: =+P42/F42 -> 0.083333333 | AJ42: 0.75 | AK42: =+W42/F42 -> 1 | AL42: =+AI42*E42 -> 0.020833333 | AM42: =+AJ42*E42 -> 0.1875 | AN42: =+AK42*E42 -> 0.25 | AO42: REVISADO DIC 2024 | AP42: REVISADO MARZO 2025 | AQ42: REVISADO JUNIO 10 | AR42: REVISADO 30 JUNIO | AS42: REVISADO 15 DE SEPTIEMBRE | AT42: REVISADO 15 DE NOVIEMBRE | AU42: REVISADO 31 DE DICIEMBRE | AV42: REVISADO MARZO 2026 | AW42: REVISADO JUNIO 2026
B43: Iniciativas para la promoción de la convivencia implementadas | C43: Implementar ocho (8) iniciativas para la promoción de la convivencia | D43: DISTRISEGURIDAD | E43: 0.15 | F43: 8 | G43: 2 | H43: 5 | I43: 2 | J43: =+G43/F43 -> 0.25 | K43: =+H43/F43 -> 0.625 | M43: =+(G43/F43)*E43 -> 0.0375 | N43: =+(H43/F43)*E43 -> 0.09375 | P43: 4 | Q43: 0 | R43: 2 | S43: 0 | T43: 0 | U43: 4 | V43: =+Q43+R43+S43+T43+U43 -> 6 | W43: =+V43+P43+AB43 -> 10 | X43: 0 | AB43: =+X43+Y43+Z43+AA43 -> 0 | AC43: 1 | AD43: 1 | AE43: =+AB43/I43 -> 0 | AF43: =+AC43*E43 -> 0.15 | AG43: =+AD43*E43 -> 0.15 | AH43: =+AE43*E43 -> 0 | AI43: =+P43/F43 -> 0.5 | AJ43: 1 | AK43: 1 | AL43: =+AI43*E43 -> 0.075 | AM43: =+AJ43*E43 -> 0.15 | AN43: =+AK43*E43 -> 0.15 | AO43: REVISADO DIC 2024 | AP43: REVISADO MARZO 2025 | AQ43: REVISADO JUNIO 10 | AR43: REVISADO 30 JUNIO | AS43: REPROGRMÓ DE 2 A 5 | AT43: REVISADO 15 DE NOVIEMBRE | AU43: REVISADO 31 DE DICIEMBRE | AV43: REVISADO MARZO 2026
B44: AVANZANDO EN EL FORTALECIMIENTO DE CASAS DE JUSTICIA, COMISARÍAS DE FAMILIA E INSPECCIONES DE POLICÍA | E44: 0.15 | J44: =+AVERAGE(J45:J51) -> 0.30555556 | K44: =+AVERAGE(K45:K51) -> 0.63472222 | L44: =+AVERAGE(L45:L51) -> 0.43806818 | M44: =+M45+M46+M47+M48+M49+M50+M51 -> 0.16666667 | N44: =+N45+N46+N47+N48+N49+N50+N51 -> 0.53083333 | AC44: =+AVERAGE(AC45:AC51) -> 0.33333333 | AD44: =+AVERAGE(AD45:AD51) -> 0.66666667 | AE44: =+AVERAGE(AE45:AE51) -> 0.25 | AF44: =+(AF45+AF46+AF47+AF48+AF49+AF50+AF51)*E44 -> 0.015 | AG44: =+(AG45+AG46+AG47+AG48+AG49+AG50+AG51)*E44 -> 0.06 | AH44: =+(AH45+AH46+AH47+AH48+AH49+AH50+AH51)*E44 -> 0.01875 | AI44: =+AVERAGE(AI45:AI51) -> 0.083333333 | AJ44: 0.47022381 | AK44: =+AVERAGE(AK45:AK51) -> 0.43127706 | AL44: =+(AL45+AL46+AL47+AL48+AL49+AL50+AL51)*E44 -> 0.00375 | AM44: =+(AM45+AM46+AM47+AM48+AM49+AM50+AM51) -> 0.29582333 | AN44: =+(AN45+AN46+AN47+AN48+AN49+AN50+AN51) -> 0.30189394
B45: Número de Comisarías de Familia en operación en el Distrito | C45: Incrementar a ocho (8) el número de Comisarías de Familia operando en el Distrito | D45: SECRETARÍA DEL INTERIOR Y CONVIVENCIA CIUDADANA | E45: 0.25 | F45: 2 | G45: 1 | H45: 2 | I45: 2 | J45: =+G45/F45 -> 0.5 | K45: =+H45/F45 -> 1 | L45: =+I45/F45 -> 1 | M45: =+(G45/F45)*E45 -> 0.125 | N45: =+(H45/F45)*E45 -> 0.25 | P45: 0 | Q45: 0 | R45: 0 | S45: 0 | T45: 0 | U45: 0 | V45: =+Q45+R45+S45+T45+U45 -> 0 | W45: =+V45+P45+AB45 -> 0 | X45: 0 | Y45: 0 | AB45: =+X45+Y45+Z45+AA45 -> 0 | AC45: =+(P45/G45) -> 0 | AD45: =+V45/H45 -> 0 | AE45: =+AB45/I45 -> 0 | AF45: =+AC45*E45 -> 0 | AG45: =+AD45*E45 -> 0 | AH45: =+AE45*E45 -> 0 | AI45: =+P45/F45 -> 0 | AJ45: 0 | AK45: =+W45/F45 -> 0 | AL45: =+AI45*E45 -> 0 | AM45: =+AJ45*E45 -> 0 | AN45: =+AK45*E45 -> 0 | AO45: REVISADO DIC 2024 | AP45: REVISADO MARZO 2025 | AQ45: REVISADO JUNIO 10 | AR45: REVISADO 30 JUNIO | AS45: REVISADO 15 DE SEPTIEMBRE | AT45: REVISADO 15 DE NOVIEMBRE | AU45: REVISADO 31 DE DICIEMBRE | AV45: REVISADO MARZO 2026 | AW45: REVISADO JUNIO 2026
B46: Número de Comisarías de Familia móviles creadas y en operación en el Distrito | C46: Crear y poner en funcionamiento una (1) Comisaría de Familia móvil en el Distrito | D46: SECRETARÍA DEL INTERIOR Y CONVIVENCIA CIUDADANA | E46: 0.1 | F46: 1 | G46: 0 | H46: 1 | I46: 1 | K46: =+H46/F46 -> 1 | N46: =+(H46/F46)*E46 -> 0.1 | Q46: 0 | R46: 0 | S46: 1 | T46: 0 | U46: 0 | V46: =+Q46+R46+S46+T46+U46 -> 1 | W46: =+V46+P46+AB46 -> 2 | X46: 0 | Y46: 1 | AB46: =+X46+Y46+Z46+AA46 -> 1 | AD46: =+V46/H46 -> 1 | AE46: =+AB46/I46 -> 1 | AG46: =+AD46*E46 -> 0.1 | AH46: =+AE46*E46 -> 0.1 | AJ46: 1 | AK46: 1 | AL46: 0 | AM46: =+AJ46*E46 -> 0.1 | AN46: =+AK46*E46 -> 0.1 | AO46: REVISADO DIC 2024 | AP46: SE INCLUYE EL AVANCE CUANDO EMPIECEN A REPORTAR EN LOS SIGUIENTES TRIMESTRES DEL 2025, YA QUE PARA MARZO 2025 NO HAY REPORTE | AQ46: REVISADO JUNIO 10 | AR46: REVISADO 30 JUNIO | AS46: SE REPROGRAMÓ A 1 PARA ESTA VIGENCIA | AT46: REVISADO 15 DE NOVIEMBRE | AU46: REVISADO 31 DE DICIEMBRE | AV46: REVISADO MARZO 2026 | AW46: REVISADO JUNIO 2026
B47: Número de mujeres vinculadas con la estrategia “Trasmallo de Mujeres Violetas por la Paz” | C47: Vincular a mil doscientos (1.200) mujeres con la estrategia “Trasmallo de Mujeres Violetas por la Paz” | D47: SECRETARÍA DEL INTERIOR Y CONVIVENCIA CIUDADANA | E47: 0.1 | F47: 1200 | G47: 200 | H47: 550 | I47: 350 | J47: =+G47/F47 -> 0.16666667 | K47: =+H47/F47 -> 0.45833333 | L47: =+I47/F47 -> 0.29166667 | M47: =+(G47/F47)*E47 -> 0.016666667 | N47: =+(H47/F47)*E47 -> 0.045833333 | P47: 0 | Q47: 194 | R47: 0 | S47: 356 | T47: 0 | U47: 0 | V47: =+Q47+R47+S47+T47+U47 -> 550 | W47: =+V47+P47+AB47 -> 550 | X47: 0 | Y47: 0 | AB47: =+X47+Y47+Z47+AA47 -> 0 | AC47: =+(P47/G47) -> 0 | AD47: =+V47/H47 -> 1 | AE47: =+AB47/I47 -> 0 | AF47: =+AC47*E47 -> 0 | AG47: =+AD47*E47 -> 0.1 | AH47: =+AE47*E47 -> 0 | AI47: =+P47/F47 -> 0 | AJ47: 0.45833333 | AK47: =+W47/F47 -> 0.45833333 | AL47: =+AI47*E47 -> 0 | AM47: =+AJ47*E47 -> 0.045833333 | AN47: =+AK47*E47 -> 0.045833333 | AO47: REVISADO DIC 2024 | AP47: REVISADO MARZO 2025 | AQ47: REVISADO JUNIO 10 | AR47: REVISADO 30 JUNIO . PARA EL REPORTE DE SEPTIEMBRE SE AJUSTA EL PROGRAMADO A CERO PARA LA VIGENCIA | AS47: REVISADO 15 DE SEPTIEMBRE | AT47: REVISADO 15 DE NOVIEMBRE | AU47: REVISADO 31 DE DICIEMBRE | AV47: REVISADO MARZO 2026 | AW47: REVISADO JUNIO 2026
B48: Sistemas de información local implementados para los operadores de justicia | C48: Implementar un (1) sistema de información local de las Comisarías de Familia del Distrito y un (1) sistema de información local de las Inspecciones de Policía | D48: SECRETARÍA DEL INTERIOR Y CONVIVENCIA CIUDADANA | E48: 0.1 | F48: 1 | G48: 0 | H48: 0.5 | I48: 0 | K48: =+H48/F48 -> 0.5 | N48: =+(H48/F48)*E48 -> 0.05 | Q48: 0 | R48: 0 | S48: 0 | T48: 0 | U48: 1 | V48: =+Q48+R48+S48+T48+U48 -> 1 | W48: =+V48+P48+AB48 -> 1 | X48: 0 | Y48: 0 | AB48: =+X48+Y48+Z48+AA48 -> 0 | AD48: 1 | AG48: =+AD48*E48 -> 0.1 | AH48: =+AE48*E48 -> 0 | AJ48: 1 | AK48: =+W48/F48 -> 1 | AL48: 0 | AM48: =+AJ48*E48 -> 0.1 | AN48: =+AK48*E48 -> 0.1 | AO48: REVISADO DIC 2024 | AP48: REVISAR EL PROGRAMADO NUMERICO PARA EL 2025, YA QUE SEGÚN EL PLAN DE ACCIÓN SE´RIA 0,5. ADEMAS DE INCLUIR EL REPORTE DE ACUMULADO CUANDO REPORTEN EN LOS SIGUIENTES TRIMESTRESDE 2025 | AQ48: HASTA EL MOMENTO NO SE HA RECIBIDO DESPROGRAMACIÓN DE LA META. POR LO TANTO AL FINAL DE LA VIGENCIA SINO REPORTA, ES CERO. | AR48: REVISADO 30 JUNIO . PARA EL REPORTE DE SEPTIEMBRE SE AJUSTA EL PROGRAMADO A CERO PARA LA VIGENCIA | AS48: REVISADO 15 DE SEPTIEMBRE | AT48: REVISADO 15 DE NOVIEMBRE | AU48: REVISADO 31 DE DICIEMBRE | AV48: REVISAR CON ENLACE | AW48: REVISAR CON ENLACE
B49: Número de Casas de Justicia en operación en el Distrito | C49: Incrementar a cinco (5) el número de Casas de Justicia en operación en el Distrito | D49: SECRETARÍA DEL INTERIOR Y CONVIVENCIA CIUDADANA | E49: 0.25 | F49: 5 | G49: 0 | H49: 0 | I49: 2 | L49: =+I49/F49 -> 0.4 | N49: =+(H49/F49)*E49 -> 0 | V49: =+Q49+R49+S49+T49+U49 -> 0 | W49: =+V49+P49+AB49 -> 0 | X49: 0 | Y49: 0 | AB49: =+X49+Y49+Z49+AA49 -> 0 | AE49: =+AB49/I49 -> 0 | AG49: =+AD49*E49 -> 0 | AH49: =+AE49*E49 -> 0 | AJ49: 0 | AK49: =+W49/F49 -> 0 | AL49: 0 | AM49: =+AJ49*E49 -> 0 | AN49: =+AK49*E49 -> 0 | AO49: REVISADO DIC 2024 | AP49: REVISADO MARZO 2025 | AQ49: REVISADO JUNIO 10 | AR49: REVISADO 30 JUNIO | AS49: REVISADO 15 DE SEPTIEMBRE | AT49: REVISADO 15 DE NOVIEMBRE | AU49: REVISADO 31 DE DICIEMBRE | AV49: REVISADO MARZO 2026 | AW49: REVISADO JUNIO 2026
B50: Centros de Conciliación en Equidad y/o Derecho creados en las Casas de Justicia | C50: Crear cinco (5) Centros de Conciliación en Equidad y/o Derecho en las Casas de Justicia del Distrito | D50: SECRETARÍA DEL INTERIOR Y CONVIVENCIA CIUDADANA | E50: 0.1 | F50: 5 | G50: 0 | H50: 3 | I50: 0 | K50: =+H50/F50 -> 0.6 | N50: =+(H50/F50)*E50 -> 0.06 | Q50: 0 | R50: 0 | S50: 0 | T50: 0 | U50: 0 | V50: =+Q50+R50+S50+T50+U50 -> 0 | W50: =+V50+P50+AB50 -> 0 | X50: 0 | Y50: 0 | AB50: =+X50+Y50+Z50+AA50 -> 0 | AD50: =+V50/H50 -> 0 | AG50: =+AD50*E50 -> 0 | AH50: 0 | AJ50: 0 | AK50: =+W50/F50 -> 0 | AL50: 0 | AM50: =+AJ50*E50 -> 0 | AN50: =+AK50*E50 -> 0 | AO50: REVISADO DIC 2024 | AP50: SE INCLUYE EL AVANCE CUANDO EMPIECEN A REPORTAR EN LOS SIGUIENTES TRIMESTRES DEL 2025, YA QUE PARA MARZO 2025 NO HAY REPORTE | AQ50: REVISADO JUNIO 10 | AR50: REVISADO 30 JUNIO | AS50: REVISADO 15 DE SEPTIEMBRE | AT50: REVISADO 15 DE NOVIEMBRE | AU50: REVISADO 31 DE DICIEMBRE | AV50: REVISADO MARZO 2026 | AW50: REVISADO JUNIO 2026
B51: Inspecciones de Policía dotadas técnica y operativamente | C51: Dotar treinta y tres (33) Inspecciones de Policía técnica, tecnológica y operativamente. | D51: SECRETARÍA DEL INTERIOR Y CONVIVENCIA CIUDADANA | E51: 0.1 | F51: =33*4 -> 132 | G51: 33 | H51: 33 | I51: 8 | J51: =+G51/F51 -> 0.25 | K51: =+H51/F51 -> 0.25 | L51: =+I51/F51 -> 0.060606061 | M51: =+(G51/F51)*E51 -> 0.025 | N51: =+(H51/F51)*E51 -> 0.025 | P51: 33 | Q51: 33 | R51: 0 | S51: 0 | T51: 0 | U51: 0 | V51: =+Q51+R51+S51+T51+U51 -> 33 | W51: =+V51+P51+AB51 -> 74 | X51: 8 | Y51: 0 | AB51: =+X51+Y51+Z51+AA51 -> 8 | AC51: =+(P51/G51) -> 1 | AD51: 1 | AE51: 0.25 | AF51: =+AC51*E51 -> 0.1 | AG51: =+AD51*E51 -> 0.1 | AH51: =+AE51*E51 -> 0.025 | AI51: =+P51/F51 -> 0.25 | AJ51: 0.4999 | AK51: =+W51/F51 -> 0.56060606 | AL51: =+AI51*E51 -> 0.025 | AM51: =+AJ51*E51 -> 0.04999 | AN51: =+AK51*E51 -> 0.056060606 | AO51: REVISADO DIC 2024 | AP51: REVISADO MARZO 2025 | AQ51: REVISADO JUNIO 10 | AR51: REVISADO 30 JUNIO | AS51: REVISAR CON ENLACE | AT51: REVISADO 15 DE NOVIEMBRE | AU51: REVISADO 31 DE DICIEMBRE | AV51: REVISAR CON ENLACE | AW51: REVISAR CON ENLACE
B52: ATENCIÓN INTEGRAL A JÓVENES EN SITUACIÓN DE RIESGO SOCIAL | E52: 0.15 | J52: =+AVERAGE(J53:J56) -> 0.25 | K52: =+AVERAGE(K53:K56) -> 0.3275 | L52: =+AVERAGE(L53:L56) -> 0.2179 | M52: =+M53+M54+M55+M56 -> 0.125 | N52: =+N53+N54+N55+N56 -> 0.3275 | AC52: =+AVERAGE(AC53:AC56) -> 1 | AD52: =+AVERAGE(AD53:AD56) -> 0.75 | AE52: =+AVERAGE(AE53:AE56) -> 0.42677515 | AF52: =+(AF53+AF54+AF55+AF56)*E52 -> 0.075 | AG52: =+(AG53+AG54+AG55+AG56)*E52 -> 0.1125 | AH52: =+(AH53+AH54+AH55+AH56)*E52 -> 0.064016272 | AI52: =+AVERAGE(AI53:AI56) -> 0.262 | AJ52: 0.5018 | AK52: =+AVERAGE(AK53:AK56) -> 0.6439 | AL52: =+(AL53+AL54+AL55+AL56)*E52 -> 0.01965 | AM52: =+(AM53+AM54+AM55+AM56) -> 0.5018 | AN52: =+(AN53+AN54+AN55+AN56) -> 0.6439
B53: Adolescentes y jóvenes vinculados con la estrategia “Laboratorios de Paz” para la prevención del reclutamiento, uso y utilización por parte de los GDO | C53: Vincular a dos mil quinientos (2.500) jóvenes a la estrategia “Laboratorios De Paz” para la prevención del reclutamiento por parte de los GDO | D53: SECRETARÍA DEL INTERIOR Y CONVIVENCIA CIUDADANA | E53: 0.25 | F53: 2500 | G53: 0 | H53: 835 | I53: 591 | K53: =+H53/F53 -> 0.334 | L53: =+I53/F53 -> 0.2364 | N53: =+(H53/F53)*E53 -> 0.0835 | Q53: 0 | R53: 305 | S53: 1013 | T53: 0 | U53: 0 | V53: =+Q53+R53+S53+T53+U53 -> 1318 | W53: =+V53+P53+AB53 -> 2983 | X53: 112 | Y53: 1553 | AB53: =+X53+Y53+Z53+AA53 -> 1665 | AD53: 1 | AE53: 1 | AG53: =+AD53*E53 -> 0.25 | AH53: =+AE53*E53 -> 0.25 | AJ53: 0.5272 | AK53: 1 | AL53: 0 | AM53: =+AJ53*E53 -> 0.1318 | AN53: =+AK53*E53 -> 0.25 | AO53: REVISADO DIC 2024 | AP53: SE INCLUYE EL AVANCE CUANDO EMPIECEN A REPORTAR EN LOS SIGUIENTES TRIMESTRES DEL 2025, YA QUE PARA MARZO 2025 NO HAY REPORTE | AQ53: REVISADO JUNIO 10 | AR53: REVISADO 30 JUNIO | AS53: REVISADO 15 DE SEPTIEMBRE | AT53: REVISADO 15 DE NOVIEMBRE | AU53: REVISADO 31 DE DICIEMBRE | AV53: REVISADO MARZO 2026 | AW53: REVISADO JUNIO 2026
B54: Jornadas de mediación y desarme con grupos juveniles inmersos en dinámicas de violencia desarrolladas | C54: Desarrollar cuatro (4) jornadas de mediación y desarme con grupos juveniles inmersos en dinámicas de violencias | D54: SECRETARÍA DEL INTERIOR Y CONVIVENCIA CIUDADANA | E54: 0.25 | F54: 4 | G54: 0 | H54: 2 | I54: 1 | K54: =+H54/F54 -> 0.5 | L54: =+I54/F54 -> 0.25 | N54: =+(H54/F54)*E54 -> 0.125 | Q54: 0 | R54: 0 | S54: 0 | T54: 2 | U54: 0 | V54: =+Q54+R54+S54+T54+U54 -> 2 | W54: =+V54+P54+AB54 -> 2 | X54: 0 | Y54: 0 | AB54: =+X54+Y54+Z54+AA54 -> 0 | AD54: =+V54/H54 -> 1 | AE54: =+AB54/I54 -> 0 | AG54: =+AD54*E54 -> 0.25 | AH54: =+AE54*E54 -> 0 | AJ54: 0.5 | AK54: =+W54/F54 -> 0.5 | AL54: 0 | AM54: =+AJ54*E54 -> 0.125 | AN54: =+AK54*E54 -> 0.125 | AO54: REVISADO DIC 2024 | AP54: SE INCLUYE EL AVANCE CUANDO EMPIECEN A REPORTAR EN LOS SIGUIENTES TRIMESTRES DEL 2025, YA QUE PARA MARZO 2025 NO HAY REPORTE | AQ54: REVISADO JUNIO 10 | AR54: REVISADO 30 JUNIO | AS54: REVISADO 15 DE SEPTIEMBRE | AT54: REVISADO 15 DE NOVIEMBRE | AU54: REVISADO 31 DE DICIEMBRE | AV54: REVISADO MARZO 2026 | AW54: REVISADO JUNIO 2026
B55: Adolescentes y jóvenes vinculados a la estrategia “Proyectos de Vida Libres de Violencia” para la prevención del reclutamiento, uso y utilización por parte de los GDO | C55: Vincular a dos mil quinientos (2.500) adolescentes y jóvenes a la estrategia “Proyectos de Vida Libres de Violencia” para la prevención del reclutamiento, uso y utilización por parte de los GDO | D55: SECRETARÍA DEL INTERIOR Y CONVIVENCIA CIUDADANA | E55: 0.25 | F55: 2500 | G55: 625 | H55: 565 | I55: 338 | J55: =+G55/F55 -> 0.25 | K55: =+H55/F55 -> 0.226 | L55: =+I55/F55 -> 0.1352 | M55: =+(G55/F55)*E55 -> 0.0625 | N55: =+(H55/F55)*E55 -> 0.0565 | P55: 685 | Q55: 200 | R55: 544 | S55: 396 | T55: 0 | U55: 0 | V55: =+Q55+R55+S55+T55+U55 -> 1140 | W55: =+V55+P55+AB55 -> 2064 | X55: 61 | Y55: 178 | AB55: =+X55+Y55+Z55+AA55 -> 239 | AC55: 1 | AD55: 1 | AE55: =+AB55/I55 -> 0.70710059 | AF55: =+AC55*E55 -> 0.25 | AG55: =+AD55*E55 -> 0.25 | AH55: =+AE55*E55 -> 0.17677515 | AI55: =+P55/F55 -> 0.274 | AJ55: 0.73 | AK55: =+W55/F55 -> 0.8256 | AL55: =+AI55*E55 -> 0.0685 | AM55: =+AJ55*E55 -> 0.1825 | AN55: =+AK55*E55 -> 0.2064 | AO55: REVISADO DIC 2024 | AP55: REVISADO MARZO 2025 | AQ55: REVISADO JUNIO 10 | AR55: REVISADO 30 JUNIO | AS55: REVISADO 15 DE SEPTIEMBRE | AT55: REVISADO 15 DE NOVIEMBRE | AU55: REVISADO 31 DE DICIEMBRE | AV55: REVISADO MARZO 2026 | AW55: REVISADO JUNIO 2026
B56: Estrategias de atención a adolescentes y jóvenes egresados del Sistema de Responsabilidad Penal Adolescentes implementadas | C56: Implementar cuatro (4) estrategias de atención a adolescentes y jóvenes egresados del Sistema de Responsabilidad Penal Adolescente | D56: SECRETARÍA DEL INTERIOR Y CONVIVENCIA CIUDADANA | E56: 0.25 | F56: 4 | G56: 1 | H56: 1 | I56: 1 | J56: =+G56/F56 -> 0.25 | K56: =+H56/F56 -> 0.25 | L56: =+I56/F56 -> 0.25 | M56: =+(G56/F56)*E56 -> 0.0625 | N56: =+(H56/F56)*E56 -> 0.0625 | P56: 1 | Q56: 0 | R56: 0 | S56: 0 | T56: 0 | U56: 0 | V56: =+Q56+R56+S56+T56+U56 -> 0 | W56: =+V56+P56+AB56 -> 1 | X56: 0 | Y56: 0 | AB56: =+X56+Y56+Z56+AA56 -> 0 | AC56: =+(P56/G56) -> 1 | AD56: =+V56/H56 -> 0 | AE56: =+AB56/I56 -> 0 | AF56: =+AC56*E56 -> 0.25 | AG56: =+AD56*E56 -> 0 | AH56: =+AE56*E56 -> 0 | AI56: =+P56/F56 -> 0.25 | AJ56: 0.25 | AK56: =+W56/F56 -> 0.25 | AL56: =+AI56*E56 -> 0.0625 | AM56: =+AJ56*E56 -> 0.0625 | AN56: =+AK56*E56 -> 0.0625 | AO56: REVISADO DIC 2024 | AP56: REVISADO MARZO 2025 | AQ56: REVISADO JUNIO 10 | AR56: REVISADO 30 JUNIO | AS56: REVISADO 15 DE SEPTIEMBRE | AT56: REVISADO 15 DE NOVIEMBRE | AU56: REVISADO 31 DE DICIEMBRE | AV56: REVISADO MARZO 2026 | AW56: REVISADO JUNIO 2026
B57: ASISTENCIA, ATENCIÓN Y REPARACIÓN EFECTIVA E INTEGRAL A LAS VÍCTIMAS DEL CONFLICTO ARMADO | E57: 0.1 | J57: =+AVERAGE(J58:J76) -> 0.25 | K57: =+AVERAGE(K58:K76) -> 0.2929 | L57: =+AVERAGE(L58:L76) -> 0.31080769 | M57: =+M58+M59+M60+M61+M62+M63+M64+M65+M66+M67+M68+M69+M70+M71+M72+M73+M74+M75+M76 -> 0.145 | N57: =+N58+N59+N60+N61+N62+N63+N64+N65+N66+N67+N68+N69+N70+N71+N72+N73+N74+N75+N76 -> 0.1429 | AC57: =+AVERAGE(AC58:AC76) -> 0.93490909 | AD57: =+AVERAGE(AD58:AD76) -> 0.95048135 | AE57: =+AVERAGE(AE58:AE76) -> 0.59441055 | AF57: =+(AF58+AF59+AF60+AF61+AF62+AF63+AF64+AF65+AF66+AF67+AF68+AF69+AF70+AF71+AF72+AF73+AF74+AF75+AF76)*E57 -> 0.05084 | AG57: =+(AG58+AG59+AG60+AG61+AG62+AG63+AG64+AG65+AG66+AG67+AG68+AG69+AG70+AG71+AG72+AG73+AG74+AG76)*E57 -> 0.043178135 | AH57: =+(AH58+AH59+AH60+AH61+AH62+AH63+AH64+AH65+AH66+AH67+AH68+AH69+AH70+AH71+AH72+AH73+AH74+AH76)*E57 -> 0.040023371 | AI57: =+AVERAGE(AI58:AI76) -> 0.23372727 | AJ57: 0.28501316 | AK57: =+AVERAGE(AK58:AK76) -> 0.48738158 | AL57: =+(AL58+AL59+AL60+AL61+AL62+AL63+AL64+AL65+AL66+AL67+AL68+AL69+AL70+AL71+AL72+AL73+AL74+AL75+AL76)*E57 -> 0.01271 | AM57: =+(AM58+AM59+AM60+AM61+AM62+AM63+AM64+AM65+AM66+AM67+AM68+AM69+AM70+AM71+AM72+AM73+AM74+AM75+AM76) -> 0.261175 | AN57: =+(AN58+AN59+AN60+AN61+AN62+AN63+AN64+AN65+AN66+AN67+AN68+AN69+AN70+AN71+AN72+AN73+AN74+AN75+AN76) -> 0.45945
B58: Unidades productivas entregadas a personas víctimas del conflicto | C58: Entregar mil (1.000) unidades productivas a personas víctimas del conflicto | D58: SECRETARÍA DEL INTERIOR Y CONVIVENCIA CIUDADANA | E58: 0.1 | F58: 1000 | G58: 0 | H58: 0 | I58: 0 | W58: =+V58+P58+AB58 -> 0 | X58: 0 | AB58: =+X58+Y58+Z58+AA58 -> 0 | AG58: =+AD58*E58 -> 0 | AJ58: 0 | AK58: =+W58/F58 -> 0 | AL58: 0 | AM58: 0 | AN58: =+AK58*E58 -> 0 | AO58: REVISADO DIC 2024 | AP58: REVISADO MARZO 2025 | AQ58: REVISADO JUNIO 10 | AR58: REVISADO 30 JUNIO | AS58: REVISADO 15 DE SEPTIEMBRE | AT58: REVISADO 15 DE NOVIEMBRE | AU58: REVISADO 31 DE DICIEMBRE | AV58: REVISADO MARZO 2026 | AW58: REVISADO JUNIO 2026
B59: Personas víctimas del conflicto que acceden a programas de atención psicosocial y salud mental | C59: Vincular a mil (1.000) personas víctimas del conflicto a programas de atención psicosocial y salud mental | D59: SECRETARÍA DEL INTERIOR Y CONVIVENCIA CIUDADANA | E59: 0.1 | F59: 1000 | G59: 250 | H59: 429 | I59: 353 | J59: =+G59/F59 -> 0.25 | K59: =+H59/F59 -> 0.429 | L59: =+I59/F59 -> 0.353 | M59: =+(G59/F59)*E59 -> 0.025 | N59: =+(H59/F59)*E59 -> 0.0429 | P59: 71 | Q59: 50 | R59: 101 | S59: 72 | T59: 0 | U59: 0 | V59: =+Q59+R59+S59+T59+U59 -> 223 | W59: =+V59+P59+AB59 -> 639 | X59: 47 | Y59: 298 | AB59: =+X59+Y59+Z59+AA59 -> 345 | AC59: =+(P59/G59) -> 0.284 | AD59: =+V59/H59 -> 0.51981352 | AE59: =+AB59/I59 -> 0.97733711 | AF59: =+AC59*E59 -> 0.0284 | AG59: =+AD59*E59 -> 0.051981352 | AH59: =+AE59*E59 -> 0.097733711 | AI59: =+P59/F59 -> 0.071 | AJ59: 0.294 | AK59: =+W59/F59 -> 0.639 | AL59: =+AI59*E59 -> 0.0071 | AN59: =+AK59*E59 -> 0.0639 | AO59: REVISADO DIC 2024 | AP59: REVISADO MARZO 2025 | AQ59: REVISADO JUNIO 10 | AR59: REVISADO 30 JUNIO | AS59: REVISADO 15 DE SEPTIEMBRE | AT59: REVISADO 15 DE NOVIEMBRE | AU59: REVISADO 31 DE DICIEMBRE | AV59: REVISADO MARZO 2026 | AW59: REVISADO JUNIO 2026
B60: Personas víctimas con ayuda humanitaria inmediata | C60: Atender a la totalidad de personas víctimas que cumplan con los requisitos de ley para acceder a la medida de ayuda humanitaria inmediata | D60: SECRETARÍA DEL INTERIOR Y CONVIVENCIA CIUDADANA | E60: 0.1 | F60: 1 | G60: =0.0625*4 -> 0.25 | H60: 0.25 | I60: 0.25 | J60: =+G60/F60 -> 0.25 | K60: =+H60/F60 -> 0.25 | L60: =+I60/F60 -> 0.25 | M60: =+(G60/F60)*E60 -> 0.025 | N60: =+(H60/F60)*E60 -> 0.025 | P60: 0.25 | Q60: 0.0625 | R60: 0.0625 | S60: 0.0625 | T60: 0.03125 | U60: 0.03125 | V60: =+Q60+R60+S60+T60+U60 -> 0.25 | W60: =+V60+P60+AB60 -> 0.625 | X60: 0.0625 | Y60: 0.0625 | AB60: =+X60+Y60+Z60+AA60 -> 0.125 | AC60: =+(P60/G60) -> 1 | AD60: =+V60/H60 -> 1 | AE60: =+AB60/I60 -> 0.5 | AF60: =+AC60*E60 -> 0.1 | AG60: =+AD60*E60 -> 0.1 | AH60: =+AE60*E60 -> 0.05 | AI60: =+P60/F60 -> 0.25 | AJ60: 0.5 | AK60: =+W60/F60 -> 0.625 | AL60: =+AI60*E60 -> 0.025 | AM60: =+AJ60*E60 -> 0.05 | AN60: =+AK60*E60 -> 0.0625 | AO60: REVISADO DIC 2024 | AP60: REVISADO MARZO 2025 | AQ60: REVISADO JUNIO 10 | AR60: REVISADO 30 JUNIO | AS60: REVISADO 15 DE SEPTIEMBRE | AT60: REVISADO 15 DE NOVIEMBRE | AU60: REVISADO 31 DE DICIEMBRE | AV60: REVISADO MARZO 2026 | AW60: REVISADO JUNIO 2026
B61: Personas víctimas con ayuda inmediata mediante albergue | C61: Atender a la totalidad de personas víctimas que cumplan con los requisitos de ley para acceder a la medida de ayuda humanitaria inmediata mediante albergue | D61: SECRETARÍA DEL INTERIOR Y CONVIVENCIA CIUDADANA | E61: 0.1 | F61: 1 | G61: =0.0625*4 -> 0.25 | H61: 0.25 | I61: 0.25 | J61: =+G61/F61 -> 0.25 | K61: =+H61/F61 -> 0.25 | L61: =+I61/F61 -> 0.25 | M61: =+(G61/F61)*E61 -> 0.025 | N61: =+(H61/F61)*E61 -> 0.025 | P61: 0.25 | Q61: 0 | R61: =0.0625*2 -> 0.125 | S61: 0.0625 | T61: 0.03125 | U61: 0.03125 | V61: =+Q61+R61+S61+T61+U61 -> 0.25 | W61: =+V61+P61+AB61 -> 0.5 | X61: 0 | Y61: 0 | AB61: =+X61+Y61+Z61+AA61 -> 0 | AC61: =+(P61/G61) -> 1 | AD61: =+V61/H61 -> 1 | AE61: =+AB61/I61 -> 0 | AF61: =+AC61*E61 -> 0.1 | AG61: =+AD61*E61 -> 0.1 | AH61: =+AE61*E61 -> 0 | AI61: =+P61/F61 -> 0.25 | AJ61: 0.5 | AK61: =+W61/F61 -> 0.5 | AL61: =+AI61*E61 -> 0.025 | AM61: =+AJ61*E61 -> 0.05 | AN61: =+AK61*E61 -> 0.05 | AO61: REVISADO DIC 2024 | AP61: REVISADO MARZO 2025 | AQ61: REVISADO JUNIO 10 | AR61: REVISADO 30 JUNIO | AS61: REVISADO 15 DE SEPTIEMBRE | AT61: REVISADO 15 DE NOVIEMBRE | AU61: REVISADO 31 DE DICIEMBRE | AV61: REVISADO MARZO 2026 | AW61: REVISADO JUNIO 2026
B62: Representante s de la mesa de víctimas en el Distrito con incentivos técnicos y logísticos para su participación. | C62: Mantener los incentivos técnicos y logísticos de participación a la totalidad de los representantes de la población víctima en la Mesa Distrital de Víctimas de Cartagena. | D62: SECRETARÍA DEL INTERIOR Y CONVIVENCIA CIUDADANA | E62: 0.05 | F62: =22*4 -> 88 | G62: 22 | H62: 22 | I62: 22 | J62: =+G62/F62 -> 0.25 | K62: =+H62/F62 -> 0.25 | L62: =+I62/F62 -> 0.25 | M62: =+(G62/F62)*E62 -> 0.0125 | N62: =+(H62/F62)*E62 -> 0.0125 | P62: 22 | Q62: 0 | R62: 0 | S62: 22 | T62: 0 | U62: 0 | V62: =+Q62+R62+S62+T62+U62 -> 22 | W62: =+V62+P62+AB62 -> 49.5 | X62: 0 | Y62: 5.5 | AB62: =+X62+Y62+Z62+AA62 -> 5.5 | AC62: =+(P62/G62) -> 1 | AD62: =+V62/H62 -> 1 | AE62: =+AB62/I62 -> 0.25 | AF62: =+AC62*E62 -> 0.05 | AG62: =+AD62*E62 -> 0.05 | AH62: =+AE62*E62 -> 0.0125 | AI62: =+P62/F62 -> 0.25 | AJ62: 0.5 | AK62: =+W62/F62 -> 0.5625 | AL62: =+AI62*E62 -> 0.0125 | AM62: =+AJ62*E62 -> 0.025 | AN62: =+AK62*E62 -> 0.028125 | AO62: REVISADO DIC 2024 | AP62: REVISADO MARZO 2025 | AQ62: REVISADO JUNIO 10 | AR62: REVISADO 30 JUNIO | AS62: REVISADO 15 DE SEPTIEMBRE | AT62: REVISADO 15 DE NOVIEMBRE | AU62: REVISADO 31 DE DICIEMBRE | AV62: REVISADO MARZO 2026 | AW62: REVISADO JUNIO 2026
B63: Museo de Memoria Histórica onstruido y dotado | C63: Construir y dotar un (1) Museo de Memoria Histórica | D63: SECRETARÍA DEL INTERIOR Y CONVIVENCIA CIUDADANA | E63: 0.02 | F63: 1 | G63: 0 | H63: 0 | I63: 0 | V63: =+Q63+R63+S63+T63+U63 -> 0 | W63: =+V63+P63+AB63 -> 0 | X63: 0 | Y63: 0 | AB63: =+X63+Y63+Z63+AA63 -> 0 | AJ63: 0 | AK63: =+W63/F63 -> 0 | AL63: 0 | AM63: =+AJ63*E63 -> 0 | AN63: =+AK63*E63 -> 0 | AO63: REVISADO DIC 2024 | AP63: REVISADO MARZO 2025 | AQ63: REVISADO JUNIO 10 | AR63: REVISADO 30 JUNIO | AS63: REVISADO 15 DE SEPTIEMBRE | AT63: REVISADO 15 DE NOVIEMBRE | AU63: REVISADO 31 DE DICIEMBRE | AV63: REVISADO MARZO 2026 | AW63: REVISADO JUNIO 2026
B64: Monumento histórico construido en cumplimientoalauto A I068 de la JEP | C64: Construir un (1) monumento histórico en cumplimiento del auto AI 068 de la Jurisdicción Especial para la Paz | D64: SECRETARÍA DEL INTERIOR Y CONVIVENCIA CIUDADANA | E64: 0.02 | F64: 1 | G64: 0 | H64: 0 | I64: 0 | V64: =+Q64+R64+S64+T64+U64 -> 0 | W64: =+V64+P64+AB64 -> 0 | X64: 0 | Y64: 0 | AB64: =+X64+Y64+Z64+AA64 -> 0 | AJ64: 0 | AK64: =+W64/F64 -> 0 | AL64: 0 | AM64: =+AJ64*E64 -> 0 | AN64: =+AK64*E64 -> 0 | AO64: REVISADO DIC 2024 | AP64: REVISADO MARZO 2025 | AQ64: REVISADO JUNIO 10 | AR64: REVISADO 30 JUNIO | AS64: REVISADO 15 DE SEPTIEMBRE | AT64: REVISADO 15 DE NOVIEMBRE | AU64: REVISADO 31 DE DICIEMBRE | AV64: REVISADO MARZO 2026 | AW64: REVISADO JUNIO 2026
B65: Plan de retorno y reubicaciones de Villas de Aranjuez concertado e implementado | C65: Concertar e implementar un (1) Plan de Retorno y reubicación de Villas de Aranjuez | D65: SECRETARÍA DEL INTERIOR Y CONVIVENCIA CIUDADANA | E65: 0.05 | F65: 1 | G65: 0 | H65: 0 | I65: 0 | V65: =+Q65+R65+S65+T65+U65 -> 0 | W65: =+V65+P65+AB65 -> 0 | X65: 0 | Y65: 0 | AB65: =+X65+Y65+Z65+AA65 -> 0 | AJ65: 0 | AK65: =+W65/F65 -> 0 | AL65: 0 | AM65: =+AJ65*E65 -> 0 | AN65: =+AK65*E65 -> 0 | AO65: REVISADO DIC 2024 | AP65: REVISADO MARZO 2025 | AQ65: REVISADO JUNIO 10 | AR65: REVISADO 30 JUNIO | AS65: REVISADO 15 DE SEPTIEMBRE | AT65: REVISADO 15 DE NOVIEMBRE | AU65: REVISADO 31 DE DICIEMBRE | AV65: REVISADO MARZO 2026 | AW65: REVISADO JUNIO 2026
B66: Plan Distrital de prevención y protección de violaciones graves a los derechos humanos y derecho internacional humanitario implementado | C66: Implementar un (1) Plan Distrital de prevención y protección de violaciones graves a los derechos humanos y derecho internacional humanitario | D66: SECRETARÍA DEL INTERIOR Y CONVIVENCIA CIUDADANA | E66: 0.02 | F66: 4 | G66: 1 | H66: 1 | I66: 0.25 | J66: =+G66/F66 -> 0.25 | K66: 0.25 | L66: =+I66/F66 -> 0.0625 | M66: =+(G66/F66)*E66 -> 0.005 | P66: 1 | Q66: 0 | R66: 0.5 | S66: 0.25 | T66: 0.1225 | U66: 0.1225 | V66: =+Q66+R66+S66+T66+U66 -> 0.995 | W66: =+V66+P66+AB66 -> 2.12 | X66: 0 | Y66: 0.125 | AB66: =+X66+Y66+Z66+AA66 -> 0.125 | AC66: =+(P66/G66) -> 1 | AD66: =+V66/H66 -> 0.995 | AE66: =+AB66/I66 -> 0.5 | AF66: =+AC66*E66 -> 0.02 | AH66: =+AE66*E66 -> 0.01 | AI66: =+P66/F66 -> 0.25 | AJ66: 0.49875 | AK66: =+W66/F66 -> 0.53 | AL66: =+AI66*E66 -> 0.005 | AM66: =+AJ66*E66 -> 0.009975 | AN66: =+AK66*E66 -> 0.0106 | AO66: REVISADO DIC 2024 | AP66: REVISADO MARZO 2025 | AQ66: REVISADO JUNIO 10 | AR66: REVISADO 30 JUNIO | AS66: REVISAR CON ENLACE | AT66: REVISAR CON ENLACE | AU66: REVISADO 31 DE DICIEMBRE | AV66: REVISAR CON ENLACE | AW66: REVISAR CON ENLACE
B67: Plan de acción territorial - PAT actualizado , aprobado e implementado | C67: Actualizar, aprobar e implementar un (1) Plan de Acción Territorial -PAT | D67: SECRETARÍA DEL INTERIOR Y CONVIVENCIA CIUDADANA | E67: 0.02 | F67: 4 | G67: 1 | H67: 1 | I67: 0.25 | J67: =+G67/F67 -> 0.25 | K67: =+H67/F67 -> 0.25 | L67: =+I67/F67 -> 0.0625 | M67: =+(G67/F67)*E67 -> 0.005 | N67: =+(H67/F67)*E67 -> 0.005 | P67: 1 | Q67: 0.25 | R67: 0.25 | S67: 0.25 | T67: 0.1225 | U67: 0.1225 | V67: =+Q67+R67+S67+T67+U67 -> 0.995 | W67: =+V67+P67+AB67 -> 2.0575 | X67: 0 | Y67: 0.0625 | AB67: =+X67+Y67+Z67+AA67 -> 0.0625 | AC67: =+(P67/G67) -> 1 | AD67: =+V67/H67 -> 0.995 | AE67: =+AB67/I67 -> 0.25 | AF67: =+AC67*E67 -> 0.02 | AG67: =+AD67*E67 -> 0.0199 | AH67: =+AE67*E67 -> 0.005 | AI67: =+P67/F67 -> 0.25 | AJ67: 0.49875 | AK67: =+W67/F67 -> 0.514375 | AL67: =+AI67*E67 -> 0.005 | AM67: =+AJ67*E67 -> 0.009975 | AN67: =+AK67*E67 -> 0.0102875 | AO67: REVISADO DIC 2024 | AP67: REVISADO MARZO 2025 | AQ67: REVISADO JUNIO 10 | AR67: REVISADO 30 JUNIO | AS67: REVISADO 15 DE SEPTIEMBRE | AT67: REVISADO 15 DE NOVIEMBRE | AU67: REVISADO 31 DE DICIEMBRE | AV67: REVISADO MARZO 2026 | AW67: REVISADO JUNIO 2026
B68: Plan de Contingencia formulado | C68: formular 1 plan de Contingencia para la atención inmediata de víctima en el distrito de cartagena | D68: SECRETARÍA DEL INTERIOR Y CONVIVENCIA CIUDADANA | E68: 0.02 | F68: 4 | G68: 1 | H68: 1 | I68: 0.25 | J68: =+G68/F68 -> 0.25 | K68: =+H68/F68 -> 0.25 | L68: =+I68/F68 -> 0.0625 | M68: =+(G68/F68)*E68 -> 0.005 | N68: =+(H68/F68)*E68 -> 0.005 | P68: 1 | Q68: 0.25 | R68: 0.25 | S68: 0.25 | T68: 0.1225 | U68: 0.1225 | V68: =+Q68+R68+S68+T68+U68 -> 0.995 | W68: =+V68+P68+AB68 -> 2.0575 | X68: 0 | Y68: 0.0625 | AB68: =+X68+Y68+Z68+AA68 -> 0.0625 | AC68: =+(P68/G68) -> 1 | AD68: =+V68/H68 -> 0.995 | AE68: =+AB68/I68 -> 0.25 | AF68: =+AC68*E68 -> 0.02 | AG68: =+AD68*E68 -> 0.0199 | AH68: =+AE68*E68 -> 0.005 | AI68: =+P68/F68 -> 0.25 | AJ68: 0.49875 | AK68: =+W68/F68 -> 0.514375 | AL68: =+AI68*E68 -> 0.005 | AM68: =+AJ68*E68 -> 0.009975 | AN68: =+AK68*E68 -> 0.0102875 | AO68: REVISADO DIC 2024 | AP68: REVISADO MARZO 2025 | AQ68: REVISADO JUNIO 10 | AR68: REVISADO 30 JUNIO | AS68: REVISADO 15 DE SEPTIEMBRE | AT68: REVISADO 15 DE NOVIEMBRE | AU68: REVISADO 31 DE DICIEMBRE | AV68: REVISADO MARZO 2026 | AW68: REVISADO JUNIO 2026
B69: Plan integral de reparación colectiva de la liga de mujeres desplazadas concertado e implementado | C69: Implementar un (1) Plan Integral de Reparación Colectiva de la Liga de Mujeres Desplazadas | D69: SECRETARÍA DEL INTERIOR Y CONVIVENCIA CIUDADANA | E69: 0.02 | F69: 4 | G69: 1 | H69: 0 | I69: 1 | J69: =+G69/F69 -> 0.25 | L69: =+I69/F69 -> 0.25 | M69: =+(G69/F69)*E69 -> 0.005 | P69: 1 | V69: =+Q69+R69+S69+T69+U69 -> 0 | W69: =+V69+P69+AB69 -> 1 | X69: 0 | Y69: 0 | AB69: =+X69+Y69+Z69+AA69 -> 0 | AC69: =+(P69/G69) -> 1 | AE69: =+AB69/I69 -> 0 | AF69: =+AC69*E69 -> 0.02 | AH69: =+AE69*E69 -> 0 | AI69: =+P69/F69 -> 0.25 | AJ69: 0.25 | AK69: 1 | AL69: =+AI69*E69 -> 0.005 | AM69: =+AJ69*E69 -> 0.005 | AN69: =+AK69*E69 -> 0.02 | AO69: REVISADO DIC 2024 | AP69: REVISADO MARZO 2025 | AQ69: REVISADO JUNIO 10 | AR69: REVISADO 30 JUNIO | AS69: REVISAR CON ENLACE | AT69: REVISAR CON ENLACE | AU69: REVISADO 31 DE DICIEMBRE | AV69: REVISAR CON ENLACE | AW69: REVISAR CON ENLACE
B70: Consejo de Paz , Reconciliación , Convivencia y DDHH en el Distrito de Cartagena con plan de acción implementado | C70: Implementar el plan de acción de un (1) Consejo de Paz, Reconciliación, Convivencia y DDHH en el Distrito | D70: SECRETARÍA DEL INTERIOR Y CONVIVENCIA CIUDADANA | E70: 0.02 | F70: 4 | G70: 1 | H70: 1 | I70: 1 | J70: =+G70/F70 -> 0.25 | K70: =+H70/F70 -> 0.25 | L70: =+I70/F70 -> 0.25 | M70: =+(G70/F70)*E70 -> 0.005 | N70: =+(H70/F70)*E70 -> 0.005 | P70: 1 | Q70: 0.25 | R70: 0.25 | S70: 0 | T70: 0 | U70: 0.5 | V70: =+Q70+R70+S70+T70+U70 -> 1 | W70: =+V70+P70+AB70 -> 3 | X70: 0 | Y70: 1 | AB70: =+X70+Y70+Z70+AA70 -> 1 | AC70: =+(P70/G70) -> 1 | AD70: =+V70/H70 -> 1 | AE70: =+AB70/I70 -> 1 | AF70: =+AC70*E70 -> 0.02 | AG70: =+AD70*E70 -> 0.02 | AH70: =+AE70*E70 -> 0.02 | AI70: =+P70/F70 -> 0.25 | AJ70: 0.5 | AK70: =+W70/F70 -> 0.75 | AL70: =+AI70*E70 -> 0.005 | AM70: =+AJ70*E70 -> 0.01 | AN70: =+AK70*E70 -> 0.015 | AO70: REVISADO DIC 2024 | AP70: REVISADO MARZO 2025 | AQ70: REVISADO JUNIO 10 | AR70: REVISADO 30 JUNIO | AS70: REVISADO 15 DE SEPTIEMBRE | AT70: REVISADO 15 DE NOVIEMBRE | AU70: REVISADO 31 DE DICIEMBRE | AV70: REVISADO MARZO 2026 | AW70: REVISADO JUNIO 2026
B71: Iniciativas de memoria histórica apoyadas | C71: Asistir ocho (8) iniciativas de memoria histórica | D71: SECRETARÍA DEL INTERIOR Y CONVIVENCIA CIUDADANA | E71: 0.08 | F71: 8 | G71: 2 | H71: 0 | I71: 0 | J71: =+G71/F71 -> 0.25 | M71: =+(G71/F71)*E71 -> 0.02 | P71: 2 | V71: =+Q71+R71+S71+T71+U71 -> 0 | W71: =+V71+P71+AB71 -> 2 | X71: 0 | Y71: 0 | AB71: =+X71+Y71+Z71+AA71 -> 0 | AC71: =+(P71/G71) -> 1 | AF71: =+AC71*E71 -> 0.08 | AI71: =+P71/F71 -> 0.25 | AJ71: 0.25 | AK71: =+W71/F71 -> 0.25 | AL71: =+AI71*E71 -> 0.02 | AM71: =+AJ71*E71 -> 0.02 | AN71: =+AK71*E71 -> 0.02 | AO71: REVISADO DIC 2024 | AP71: REVISADO MARZO 2025 | AQ71: REVISADO JUNIO 10 | AR71: REVISADO 30 JUNIO | AS71: REVISADO 15 DE SEPTIEMBRE | AT71: REVISADO 15 DE NOVIEMBRE | AU71: REVISADO 31 DE DICIEMBRE | AV71: REVISADO MARZO 2026 | AW71: REVISADO JUNIO 2026
B72: Acciones de difusión de las recomendaciones de la Comisión para el esclarecimiento de la verdad , la convivencia y la no repetición implementadas | C72: Implementar cuatro (4) acciones de difusión de las recomendacio nes de la Comisión para el Esclarecimiento de la Verdad, la Convivencia y la no repetición | D72: SECRETARÍA DEL INTERIOR Y CONVIVENCIA CIUDADANA | E72: 0.05 | F72: 4 | G72: 0 | H72: 0 | I72: 2 | L72: =+I72/F72 -> 0.5 | N72: =+(H72/F72)*E72 -> 0 | V72: =+Q72+R72+S72+T72+U72 -> 0 | W72: =+V72+P72+AB72 -> 2 | X72: 0 | Y72: 2 | AB72: =+X72+Y72+Z72+AA72 -> 2 | AE72: =+AB72/I72 -> 1 | AH72: =+AE72*E72 -> 0.05 | AJ72: 0 | AK72: =+W72/F72 -> 0.5 | AL72: 0 | AM72: 0 | AN72: =+AK72*E72 -> 0.025 | AO72: REVISADO DIC 2024 | AP72: REVISADO MARZO 2025 | AQ72: REVISADO JUNIO 10 | AR72: REVISADO 30 JUNIO | AS72: REVISADO 15 DE SEPTIEMBRE | AT72: REVISADO 15 DE NOVIEMBRE | AU72: REVISADO 31 DE DICIEMBRE | AV72: REVISADO MARZO 2026 | AW72: REVISADO JUNIO 2026
B73: Acciones de articulación con la Unidad de Búsqueda de Personas dadas por DesaparecidasUBPD implementadas | C73: Implementar ocho (8) acciones de articulación con la Unidad de Búsqueda de Personas dadas por Desaparecidas -UBPD para impulsar la búsqueda de personas dadas por desaparecidas en el marco del conflicto armado | D73: SECRETARÍA DEL INTERIOR Y CONVIVENCIA CIUDADANA | E73: 0.05 | F73: 8 | G73: 2 | H73: 2 | I73: 2 | J73: =+G73/F73 -> 0.25 | K73: =+H73/F73 -> 0.25 | L73: =+I73/F73 -> 0.25 | M73: =+(G73/F73)*E73 -> 0.0125 | N73: =+(H73/F73)*E73 -> 0.0125 | P73: 2 | Q73: 0 | R73: 3 | S73: 0 | T73: 0 | U73: 0 | V73: =+Q73+R73+S73+T73+U73 -> 3 | W73: =+V73+P73+AB73 -> 7 | X73: 0 | Y73: 2 | AB73: =+X73+Y73+Z73+AA73 -> 2 | AC73: =+(P73/G73) -> 1 | AD73: 1 | AE73: =+AB73/I73 -> 1 | AF73: =+AC73*E73 -> 0.05 | AG73: =+AD73*E73 -> 0.05 | AH73: =+AE73*E73 -> 0.05 | AI73: =+P73/F73 -> 0.25 | AJ73: 0.625 | AK73: =+W73/F73 -> 0.875 | AL73: =+AI73*E73 -> 0.0125 | AM73: =+AJ73*E73 -> 0.03125 | AN73: =+AK73*E73 -> 0.04375 | AO73: REVISADO DIC 2024 | AP73: REVISADO MARZO 2025 | AQ73: REVISADO JUNIO 10 | AR73: REVISADO 30 JUNIO | AS73: REVISADO 15 DE SEPTIEMBRE | AT73: REVISADO 15 DE NOVIEMBRE | AU73: REVISADO 31 DE DICIEMBRE | AV73: REVISADO MARZO 2026 | AW73: REVISADO JUNIO 2026
B74: Medidas de satisfacción y memoria histórica ejecutadas | C74: Ejecutar dos (2) medidas de memoria histórica para población víctima | D74: SECRETARÍA DEL INTERIOR Y CONVIVENCIA CIUDADANA | E74: 0.02 | F74: 2 | G74: 0 | H74: 1 | I74: 1 | K74: =+H74/F74 -> 0.5 | L74: =+I74/F74 -> 0.5 | N74: =+(H74/F74)*E74 -> 0.01 | Q74: 0 | R74: 1 | S74: 0 | T74: 0 | U74: 0 | V74: =+Q74+R74+S74+T74+U74 -> 1 | W74: =+V74+P74+AB74 -> 3 | X74: 0 | Y74: 2 | AB74: =+X74+Y74+Z74+AA74 -> 2 | AD74: =+V74/H74 -> 1 | AE74: 1 | AG74: =+AD74*E74 -> 0.02 | AH74: =+AE74*E74 -> 0.02 | AJ74: 0.5 | AK74: 1 | AL74: 0 | AM74: 0 | AN74: =+AK74*E74 -> 0.02 | AO74: REVISADO DIC 2024 | AP74: REVISADO MARZO 2025 | AQ74: REVISADO JUNIO 10 | AR74: REVISADO 30 JUNIO | AS74: REVISADO 15 DE SEPTIEMBRE | AT74: REVISADO 15 DE NOVIEMBRE | AU74: REVISADO 31 DE DICIEMBRE | AV74: REVISADO MARZO 2026 | AW74: REVISADO JUNIO 2026
B75: Sede propia para la Mesa Distrital de Víctimas garantizada | C75: Garantizar una (1) Sede de mesa de propia para la mesa de Distrital de Victimas | D75: SECRETARÍA DEL INTERIOR Y CONVIVENCIA CIUDADANA | E75: 0.08 | F75: 1 | G75: 0 | H75: 0 | I75: 0 | V75: =+Q75+R75+S75+T75+U75 -> 0 | W75: =+V75+P75+AB75 -> 0 | X75: 0 | Y75: 0 | AB75: =+X75+Y75+Z75+AA75 -> 0 | AJ75: 0 | AK75: =+W75/F75 -> 0 | AL75: =+AI74*E75 -> 0 | AM75: =+AJ74*E75 -> 0.04 | AN75: =+AK75*E75 -> 0 | AO75: REVISADO DIC 2024 | AP75: REVISADO MARZO 2025 | AQ75: REVISADO JUNIO 10 | AR75: REVISADO 30 JUNIO | AS75: REVISADO 15 DE SEPTIEMBRE | AT75: REVISADO 15 DE NOVIEMBRE | AU75: REVISADO 31 DE DICIEMBRE | AV75: REVISADO MARZO 2026 | AW75: REVISADO JUNIO 2026
B76: Estrategia de oferta de atención interinstitucional del Distrito en el Centro Regional de Atención a Víctimas implementada | C76: Implementar una (1) estrategia de oferta de atención interinstitucional del Distrito en el Centro Regional de Atención a Víctimas | D76: SECRETARÍA DEL INTERIOR Y CONVIVENCIA CIUDADANA | E76: 0.08 | F76: 1 | G76: 0 | H76: 0 | I76: 1 | L76: =+I76/F76 -> 1 | P76: 0 | V76: =+Q76+R76+S76+T76+U76 -> 0 | W76: =+V76+P76+AB76 -> 2 | X76: 1 | Y76: 1 | AB76: =+X76+Y76+Z76+AA76 -> 2 | AE76: 1 | AH76: =+AE76*E76 -> 0.08 | AJ76: 0 | AK76: 1 | AL76: 0 | AM76: 0 | AN76: =+AK76*E76 -> 0.08 | AO76: REVISADO DIC 2024 | AP76: REVISADO MARZO 2025 | AQ76: REVISADO JUNIO 10 | AR76: REVISADO 30 JUNIO | AS76: REVISADO 15 DE SEPTIEMBRE | AT76: REVISADO 15 DE NOVIEMBRE | AU76: REVISADO 31 DE DICIEMBRE | AV76: REVISADO MARZO 2026 | AW76: REVISADO JUNIO 2026
B77: DERECHOS HUMANOS PARA LA VIDA DIGNA | E77: 0.1 | J77: =+AVERAGE(J78:J86) -> 0.25 | K77: =+AVERAGE(K78:K86) -> 0.37172965 | L77: =+AVERAGE(L78:L86) -> 0.20284332 | M77: =+M78+M79+M80+M81+M82+M83+M84+M85+M86 -> 0.1375 | N77: =+N78+N79+N80+N81+N82+N83+N84+N85+N86 -> 0.33712209 | AC77: =+AVERAGE(AC78:AC86) -> 0.95625 | AD77: =+AVERAGE(AD78:AD86) -> 0.99825 | AE77: =+AVERAGE(AE78:AE86) -> 0.5625 | AF77: =+(AF78+AF79+AF80+AF81+AF82+AF83+AF84+AF85+AF86)*E77 -> 0.05259375 | AG77: =+(AG78+AG79+AG80+AG81+AG82+AG83+AG84+AG85+AG86)*E77 -> 0.088846 | AH77: =+(AH78+AH79+AH80+AH81+AH82+AH83+AH84+AH85+AH86)*E77 -> 0.0495 | AI77: =+AVERAGE(AI78:AI86) -> 0.19921875 | AJ77: 0.52151938 | AK77: =+AVERAGE(AK78:AK86) -> 0.70745765 | AL77: =+(AL78+AL79+AL80+AL81+AL82+AL83+AL84+AL85+AL86)*E77 -> 0.013148437 | AM77: =+(AM78+AM79+AM80+AM81+AM82+AM83+AM84+AM85+AM86) -> 0.52630419 | AN77: =+(AN78+AN79+AN80+AN81+AN82+AN83+AN84+AN85+AN86) -> 0.71038307
B78: Estrategias de promoción de la garantía de derechos implementadas | C78: Implementar ocho (8) estrategias de promoción de la garantía de derechos | D78: SECRETARÍA DEL INTERIOR Y CONVIVENCIA CIUDADANA | E78: 0.11 | F78: 8 | G78: 0 | H78: 3 | I78: 2 | K78: =+H78/F78 -> 0.375 | L78: =+I78/F78 -> 0.25 | N78: =+(H78/F78)*E78 -> 0.04125 | Q78: 0 | R78: 4 | S78: 0 | T78: 0 | U78: 0.25 | V78: =+Q78+R78+S78+T78+U78 -> 4.25 | W78: =+V78+P78+AB78 -> 7.25 | X78: 3 | Y78: 0 | AB78: =+X78+Y78+Z78+AA78 -> 3 | AD78: 1 | AE78: 1 | AG78: =+AD78*E78 -> 0.11 | AH78: =+AE78*E78 -> 0.11 | AJ78: 0.5 | AK78: =+W78/F78 -> 0.90625 | AL78: 0 | AM78: =+AJ78*E78 -> 0.055 | AN78: =+AK78*E78 -> 0.0996875 | AO78: REVISADO DIC 2024 | AP78: SE INCLUYE EL AVANCE CUANDO EMPIECEN A REPORTAR EN LOS SIGUIENTES TRIMESTRES DEL 2025, YA QUE PARA MARZO 2025 NO HAY REPORTE | AQ78: REVISADO JUNIO 10 | AR78: REVISADO 30 JUNIO | AS78: REVISADO 15 DE SEPTIEMBRE | AT78: REVISADO 15 DE NOVIEMBRE | AU78: REVISADO 31 DE DICIEMBRE | AV78: REVISADO MARZO 2026
B79: Solicitudes de medidas de protección preventiva atendidas | C79: Atender la totalidad de las solicitudes de medidas de protección preventiva | D79: SECRETARÍA DEL INTERIOR Y CONVIVENCIA CIUDADANA | E79: 0.11 | F79: =64*4 -> 256 | G79: 64 | H79: 64 | I79: 0.25 | J79: =+G79/F79 -> 0.25 | K79: =+H79/F79 -> 0.25 | L79: =+I79/F79 -> 0.0009765625 | M79: =+(G79/F79)*E79 -> 0.0275 | N79: =+(H79/F79)*E79 -> 0.0275 | P79: 50 | Q79: 23 | R79: 9 | S79: 1 | T79: 0 | U79: 0 | V79: =+Q79+R79+S79+T79+U79 -> 33 | W79: =+V79+P79+AB79 -> 83.125 | X79: 0.0625 | Y79: 0.0625 | AB79: =+X79+Y79+Z79+AA79 -> 0.125 | AC79: =+(P79/G79) -> 0.78125 | AD79: 1 | AE79: =+AB79/I79 -> 0.5 | AF79: =+AC79*E79 -> 0.0859375 | AG79: =+AD79*E79 -> 0.11 | AH79: =+AE79*E79 -> 0.055 | AI79: =+P79/F79 -> 0.1953125 | AJ79: 0.4995 | AK79: 0.565 | AL79: =+AI79*E79 -> 0.021484375 | AM79: =+AJ79*E79 -> 0.054945 | AN79: =+AK79*E79 -> 0.06215 | AO79: REVISADO DIC 2024 | AP79: REVISADO MARZO 2025 | AQ79: REVISADO JUNIO 10 | AR79: REVISADO 30 JUNIO | AS79: REVISADO 15 DE SEPTIEMBRE | AT79: REVISAR CON ENLACE | AU79: REVISADO 31 DE DICIEMBRE | AV79: REVISADO MARZO 2026
B80: Grupos de gestores y gestoras de Derechos Humanos creados | C80: Crear nueve (9) grupos de gestores y gestoras de Derechos Humanos | D80: SECRETARÍA DEL INTERIOR Y CONVIVENCIA CIUDADANA | E80: 0.11 | F80: 9 | G80: 0 | H80: 0 | I80: 4 | L80: =+I80/F80 -> 0.44444444 | V80: =+Q80+R80+S80+T80+U80 -> 0 | W80: =+V80+P80+AB80 -> 4 | X80: 3 | Y80: 1 | AB80: =+X80+Y80+Z80+AA80 -> 4 | AE80: =+AB80/I80 -> 1 | AH80: =+AE80*E80 -> 0.11 | AI80: 0 | AJ80: 0 | AK80: =+W80/F80 -> 0.44444444 | AL80: 0 | AM80: =+AJ80*E80 -> 0 | AN80: =+AK80*E80 -> 0.048888889 | AO80: REVISADO DIC 2024 | AP80: REVISADO MARZO 2025 | AQ80: REVISADO JUNIO 10 | AR80: REVISADO 30 JUNIO | AS80: REVISADO 15 DE SEPTIEMBRE | AT80: REVISADO 15 DE NOVIEMBRE | AU80: REVISADO 31 DE DICIEMBRE | AV80: REVISADO MARZO 2026
B81: Casa de acogida para víctimas y sobrevivientes de la trata de personas y mendicidad forzada creada y en funcionamiento | C81: Crear y poner en funcionamiento una (1) casa de acogida para víctimas y sobrevivientes de la trata de personas y mendicidad forzada | D81: SECRETARÍA DEL INTERIOR Y CONVIVENCIA CIUDADANA | E81: 0.12 | F81: 1 | G81: 0 | H81: 1 | I81: 0 | K81: =+H81/F81 -> 1 | N81: =+(H81/F81)*E81 -> 0.12 | Q81: 0 | R81: 0 | S81: 0 | T81: 0 | U81: 1 | V81: =+Q81+R81+S81+T81+U81 -> 1 | W81: =+V81+P81+AB81 -> 1.0625 | X81: 0 | Y81: 0.0625 | AB81: =+X81+Y81+Z81+AA81 -> 0.0625 | AD81: =+V81/H81 -> 1 | AG81: =+AD81*E81 -> 0.12 | AJ81: 1 | AK81: 1 | AL81: 0 | AM81: =+AJ81*E81 -> 0.12 | AN81: =+AK81*E81 -> 0.12 | AO81: REVISADO DIC 2024 | AP81: SE INCLUYE EL AVANCE CUANDO EMPIECEN A REPORTAR EN LOS SIGUIENTES TRIMESTRES DEL 2025, YA QUE PARA MARZO 2025 NO HAY REPORTE | AQ81: REVISADO JUNIO 10 | AR81: REVISADO 30 JUNIO | AS81: REVISAR CON ENLACE | AT81: REVISADO 15 DE NOVIEMBRE | AU81: REVISADO 31 DE DICIEMBRE | AV81: REVISADO MARZO 2026
B82: Número de estrategias implementadas para la prevención de casos de víctimas de trata de personas | C82: Implementar cuatro (4) estrategias de prevención de casos de víctimas de trata de personas en coordinación con los comités territoriales de lucha contra la trata de personas | D82: SECRETARÍA DEL INTERIOR Y CONVIVENCIA CIUDADANA | E82: 0.11 | F82: 4 | G82: 1 | H82: 1 | I82: 1 | J82: =+G82/F82 -> 0.25 | K82: =+H82/F82 -> 0.25 | L82: =+I82/F82 -> 0.25 | M82: =+(G82/F82)*E82 -> 0.0275 | N82: =+(H82/F82)*E82 -> 0.0275 | P82: 1 | Q82: 0 | R82: 1 | S82: 0 | T82: 0 | U82: 0 | V82: =+Q82+R82+S82+T82+U82 -> 1 | W82: =+V82+P82+AB82 -> 4 | X82: 1 | Y82: 1 | AB82: =+X82+Y82+Z82+AA82 -> 2 | AC82: =+(P82/G82) -> 1 | AD82: =+V82/H82 -> 1 | AE82: 1 | AF82: =+AC82*E82 -> 0.11 | AG82: =+AD82*E82 -> 0.11 | AH82: =+AE82*E82 -> 0.11 | AI82: =+P82/F82 -> 0.25 | AJ82: 0.5 | AK82: =+W82/F82 -> 1 | AL82: =+AI82*E82 -> 0.0275 | AM82: =+AJ82*E82 -> 0.055 | AN82: =+AK82*E82 -> 0.11 | AO82: REVISADO DIC 2024 | AP82: REVISADO MARZO 2025 | AQ82: REVISADO JUNIO 10 | AR82: REVISADO 30 JUNIO | AS82: REVISAR CON ENLACE | AT82: REVISADO 15 DE NOVIEMBRE | AU82: REVISADO 31 DE DICIEMBRE | AV82: REVISADO MARZO 2026
B83: Instancias institucionales creadas para la atención y garantía del derecho de libertad religiosa en el Distrito | C83: Mantener una (1) instancia institucional para atención y garantía del derecho de libertad religiosa en el Distrito | D83: SECRETARÍA DEL INTERIOR Y CONVIVENCIA CIUDADANA | E83: 0.11 | F83: 4 | G83: 1 | H83: 1 | I83: 0.25 | J83: =+G83/F83 -> 0.25 | K83: =+H83/F83 -> 0.25 | L83: =+I83/F83 -> 0.0625 | M83: =+(G83/F83)*E83 -> 0.0275 | N83: =+(H83/F83)*E83 -> 0.0275 | P83: 1 | Q83: 0 | R83: 0.5 | S83: 0.25 | T83: 0.1225 | U83: 0.1225 | V83: =+Q83+R83+S83+T83+U83 -> 0.995 | W83: =+V83+P83+AB83 -> 1.995 | X83: 0 | Y83: 0 | AB83: =+X83+Y83+Z83+AA83 -> 0 | AC83: =+(P83/G83) -> 1 | AD83: =+V83/H83 -> 0.995 | AE83: =+AB83/I83 -> 0 | AF83: =+AC83*E83 -> 0.11 | AG83: =+AD83*E83 -> 0.10945 | AH83: =+AE83*E83 -> 0 | AI83: =+P83/F83 -> 0.25 | AJ83: 0.49875 | AK83: =+W83/F83 -> 0.49875 | AL83: =+AI83*E83 -> 0.0275 | AM83: =+AJ83*E83 -> 0.0548625 | AN83: =+AK83*E83 -> 0.0548625 | AO83: REVISADO DIC 2024 | AP83: REVISADO MARZO 2025 | AQ83: REVISADO JUNIO 10 | AR83: REVISADO 30 JUNIO | AS83: REVISADO 15 DE SEPTIEMBRE | AT83: REVISADO 15 DE NOVIEMBRE | AU83: REVISADO 31 DE DICIEMBRE | AV83: REVISADO MARZO 2026
B84: Población víctima y sobreviviente de la trata de personas atendida | C84: Atender a la totalidad de víctimas sobrevivientes de explotación sexual y de mendicidad forzada | D84: SECRETARÍA DEL INTERIOR Y CONVIVENCIA CIUDADANA | E84: 0.11 | F84: 1 | G84: 0.25 | H84: 0.25 | I84: 0.25 | J84: =+G84/F84 -> 0.25 | K84: =+H84/F84 -> 0.25 | L84: =+I84/F84 -> 0.25 | M84: =+(G84/F84)*E84 -> 0.0275 | N84: =+(H84/F84)*E84 -> 0.0275 | P84: 0.25 | Q84: 0.0625 | R84: 0.0625 | S84: 0.062 | T84: 0.031 | U84: 0.031 | V84: =+Q84+R84+S84+T84+U84 -> 0.249 | W84: =+V84+P84+AB84 -> 6.499 | X84: 3 | Y84: 3 | AB84: =+X84+Y84+Z84+AA84 -> 6 | AC84: =+(P84/G84) -> 1 | AD84: =+V84/H84 -> 0.996 | AE84: 0.5 | AF84: =+AC84*E84 -> 0.11 | AG84: =+AD84*E84 -> 0.10956 | AH84: =+AE84*E84 -> 0.055 | AI84: =+P84/F84 -> 0.25 | AJ84: 0.499 | AK84: =56.5%+0.0625 -> 0.6275 | AL84: =+AI84*E84 -> 0.0275 | AM84: =+AJ84*E84 -> 0.05489 | AN84: =+AK84*E84 -> 0.069025 | AO84: REVISADO DIC 2024 | AP84: REVISADO MARZO 2025 | AQ84: REVISADO JUNIO 10 | AR84: REVISADO 30 JUNIO | AS84: REVISAR CON ENLACE | AT84: REVISADO 15 DE NOVIEMBRE | AU84: REVISADO 31 DE DICIEMBRE | AV84: REVISADO MARZO 2026
B85: Personas en proceso de reintegración y reincorporación vinculadas para la reinserción social y comunitaria y de participación | C85: Vincular a ochenta y seis (86) personas en proceso de reintegración y reincorporación a beneficios para la reinserción social y comunitaria y de participación | D85: SECRETARÍA DEL INTERIOR Y CONVIVENCIA CIUDADANA | E85: 0.11 | F85: 86 | G85: 0 | H85: 30 | I85: 26 | K85: =+H85/F85 -> 0.34883721 | L85: =+I85/F85 -> 0.30232558 | N85: =+(H85/F85)*E85 -> 0.038372093 | Q85: 0 | R85: 0 | S85: 60 | T85: 0 | U85: 0 | V85: =+Q85+R85+S85+T85+U85 -> 60 | W85: =+V85+P85+AB85 -> 60 | X85: 0 | Y85: 0 | AB85: =+X85+Y85+Z85+AA85 -> 0 | AD85: 1 | AE85: =+AB85/I85 -> 0 | AG85: =+AD85*E85 -> 0.11 | AH85: =+AE85*E85 -> 0 | AJ85: 0.69767442 | AK85: =+W85/F85 -> 0.69767442 | AL85: 0 | AM85: =+AJ85*E85 -> 0.076744186 | AN85: =+AK85*E85 -> 0.076744186 | AO85: REVISADO DIC 2024 | AP85: SE INCLUYE EL AVANCE CUANDO EMPIECEN A REPORTAR EN LOS SIGUIENTES TRIMESTRES DEL 2025, YA QUE PARA MARZO 2025 NO HAY REPORTE | AQ85: REVISADO JUNIO 10 | AR85: REVISADO 30 JUNIO | AS85: REVISADO 15 DE SEPTIEMBRE | AT85: REVISADO 15 DE NOVIEMBRE | AU85: REVISADO 31 DE DICIEMBRE | AV85: REVISADO MARZO 2026
B86: Ruta de protección preventiva para líderes amenazados en el Distrito implementada | C86: Implementar una (1) ruta de protección preventiva para líderes amenazados en el Distrito | D86: SECRETARÍA DEL INTERIOR Y CONVIVENCIA CIUDADANA | E86: 0.11 | F86: 4 | G86: 1 | H86: 1 | I86: 0.25 | J86: =+G86/F86 -> 0.25 | K86: =+H86/F86 -> 0.25 | L86: =+I86/F86 -> 0.0625 | M86: =+(G86/F86)*E86 -> 0.0275 | N86: =+(H86/F86)*E86 -> 0.0275 | P86: 1 | Q86: 0.25 | R86: 0.25 | S86: 0.25 | T86: 0.1225 | U86: 0.1225 | V86: =+Q86+R86+S86+T86+U86 -> 0.995 | W86: =+V86+P86+AB86 -> 2.12 | X86: 0.0625 | Y86: 0.0625 | AB86: =+X86+Y86+Z86+AA86 -> 0.125 | AC86: =+(P86/G86) -> 1 | AD86: =+V86/H86 -> 0.995 | AE86: =+AB86/I86 -> 0.5 | AF86: =+AC86*E86 -> 0.11 | AG86: =+AD86*E86 -> 0.10945 | AH86: =+AE86*E86 -> 0.055 | AI86: =+P86/F86 -> 0.25 | AJ86: 0.49875 | AK86: =56.5%+0.0625 -> 0.6275 | AL86: =+AI86*E86 -> 0.0275 | AM86: =+AJ86*E86 -> 0.0548625 | AN86: =+AK86*E86 -> 0.069025 | AO86: REVISADO DIC 2024 | AP86: REVISADO MARZO 2025 | AQ86: REVISADO JUNIO 10 | AR86: REVISADO 30 JUNIO | AS86: REVISADO 15 DE SEPTIEMBRE | AT86: REVISADO 15 DE NOVIEMBRE | AU86: REVISADO 31 DE DICIEMBRE | AV86: REVISADO MARZO 2026
B87: SISTEMA PENITENCIARIO Y CARCELARIO EN EL MARCO DE LOS DERECHOS HUMANOS | E87: 0.1 | J87: =+AVERAGE(J88:J90) -> 0.25 | K87: =+AVERAGE(K88:K90) -> 0.25 | L87: =+AVERAGE(L88:L90) -> 0.25 | M87: =+M88+M89+M90 -> 0.125 | N87: =+N88+N89+N90 -> 0.125 | AC87: =+AVERAGE(AC88:AC90) -> 1 | AD87: =+AVERAGE(AD88:AD90) -> 0.5 | AE87: =+AVERAGE(AE88:AE90) -> 0.5 | AF87: =+(AF88+AF89+AF90)*E87 -> 0.05 | AG87: =+(AG88+AG89+AG90)*E87 -> 0.025 | AH87: =+(AH88+AH89+AH90)*E87 -> 0.025 | AI87: =+AVERAGE(AI88:AI90) -> 0.25 | AJ87: 0.33333333 | AK87: =+AJ87+((AK89-AJ89)/3)+((AK90-AJ90)/3) -> 0.41777778 | AL87: =+(AL88+AL89+AL90)*E87 -> 0.0125 | AM87: =+(AM88+AM89+AM90) -> 0.1875 | AN87: =+(AN88+AN89+AN90) -> 0.25083333
B88: Establecimiento de reclusión distrital para personas privadas de la libertad femeninas y masculinas operando en un inmueble del Distrito | C88: Poner en operación un (1) establecimiento de reclusión distrital para personas privadas de la libertad femeninas y masculinas en un inmueble del Distrito | D88: SECRETARÍA DEL INTERIOR Y CONVIVENCIA CIUDADANA | E88: 0.5 | F88: 1 | G88: 0 | H88: 0 | I88: 0 | V88: =+Q88+R88+S88+T88+U88 -> 0 | W88: =+V88+P88+AB88 -> 0 | X88: 0 | Y88: 0 | AB88: =+X88+Y88+Z88+AA88 -> 0 | AJ88: 0 | AK88: =+W88/F88 -> 0 | AL88: 0 | AM88: 0 | AN88: =+AK88*E88 -> 0 | AO88: REVISADO DIC 2024 | AP88: REVISADO MARZO 2025 | AQ88: REVISADO JUNIO 10 | AR88: REVISADO 30 JUNIO | AS88: REVISADO 15 DE SEPTIEMBRE | AT88: REVISADO 15 DE NOVIEMBRE | AU88: REVISADO 31 DE DICIEMBRE
B89: Personas privadas de la libertad vinculadas a programas psicosociales | C89: Vincular a ciento cincuenta (150) personas privadas de la libertad a programas psicosociales | D89: SECRETARÍA DEL INTERIOR Y CONVIVENCIA CIUDADANA | E89: 0.25 | F89: 600 | G89: 150 | H89: 150 | I89: 150 | J89: =+G89/F89 -> 0.25 | K89: =+H89/F89 -> 0.25 | L89: =+I89/F89 -> 0.25 | M89: =+(G89/F89)*E89 -> 0.0625 | N89: =+(H89/F89)*E89 -> 0.0625 | P89: 150 | Q89: 150 | R89: 0 | S89: 0 | T89: 0 | U89: 0 | V89: =+Q89+R89+S89+T89+U89 -> 150 | W89: =+V89+P89+AB89 -> 452 | X89: 79 | Y89: 73 | AB89: =+X89+Y89+Z89+AA89 -> 152 | AC89: =+(P89/G89) -> 1 | AD89: =+V89/H89 -> 1 | AE89: 1 | AF89: =+AC89*E89 -> 0.25 | AG89: =+AD89*E89 -> 0.25 | AH89: =+AE89*E89 -> 0.25 | AI89: =+P89/F89 -> 0.25 | AJ89: 0.5 | AK89: =+W89/F89 -> 0.75333333 | AL89: =+AI89*E89 -> 0.0625 | AM89: =+AJ89*E89 -> 0.125 | AN89: =+AK89*E89 -> 0.18833333 | AO89: REVISADO DIC 2024 | AP89: REVISADO MARZO 2025 | AQ89: REVISADO JUNIO 10 | AR89: REVISADO 30 JUNIO | AS89: REVISADO 15 DE SEPTIEMBRE | AT89: REVISADO 15 DE NOVIEMBRE | AU89: REVISADO 31 DE DICIEMBRE
B90: Convenio con el INPEC suscrito anualmente | C90: Suscribir anualmente (1) convenio con el INPEC | D90: SECRETARÍA DEL INTERIOR Y CONVIVENCIA CIUDADANA | E90: 0.25 | F90: 4 | G90: 1 | H90: 1 | I90: 1 | J90: =+G90/F90 -> 0.25 | K90: =+H90/F90 -> 0.25 | L90: =+I90/F90 -> 0.25 | M90: =+(G90/F90)*E90 -> 0.0625 | N90: =+(H90/F90)*E90 -> 0.0625 | P90: 1 | Q90: 0 | R90: 0 | S90: 0 | T90: 0 | U90: 0 | V90: =+Q90+R90+S90+T90+U90 -> 0 | W90: =+V90+P90+AB90 -> 1 | X90: 0 | Y90: 0 | AB90: =+X90+Y90+Z90+AA90 -> 0 | AC90: =+(P90/G90) -> 1 | AD90: =+V90/H90 -> 0 | AE90: =+AB90/I90 -> 0 | AF90: =+AC90*E90 -> 0.25 | AG90: =+AD90*E90 -> 0 | AH90: =+AE90*E90 -> 0 | AI90: =+P90/F90 -> 0.25 | AJ90: 0.25 | AK90: =+W90/F90 -> 0.25 | AL90: =+AI90*E90 -> 0.0625 | AM90: =+AJ90*E90 -> 0.0625 | AN90: =+AK90*E90 -> 0.0625 | AO90: REVISADO DIC 2024 | AP90: REVISADO MARZO 2025 | AQ90: REVISADO JUNIO 10 | AR90: REVISADO 30 JUNIO | AS90: REVISADO 15 DE SEPTIEMBRE | AT90: REVISADO 15 DE NOVIEMBRE | AU90: REVISADO 31 DE DICIEMBRE
B91: Salud Pública y Aseguramiento | E91: 0.3 | F91: =+E91*AF91 -> 0.22781795 | H91: =E91*AG91 -> 0.21399592 | I91: =+E91*AH91 -> 0.09379912 | J91: =+(J92+J99+J102+J105+J125)/5 -> 0.23229102 | K91: =+(K92+K99+K102+K105+K125)/5 -> 0.33879773 | L91: =+(L92+L99+L102+L105+L125)/5 -> 0.26478457 | M91: =+(M92+M99+M102+M105+M125)/5 -> 0.15700735 | N91: =+(N92+N99+N102+N105+N125)/5 -> 0.37183088 | AC91: =+(AC92+AC99+AC102+AC105+AC125)/5 -> 0.97477264 | AD91: =+(AD92+AD99+AD102+AD105+AD125)/5 -> 0.88713332 | AE91: =+(AE92+AE99+AE102+AE105+AE125)/5 -> 0.53971536 | AF91: =+AF92+AF99+AF102+AF105+AF125 -> 0.75939316 | AG91: =+AG92+AG99+AG102+AG105+AG125 -> 0.71331975 | AH91: =+AH92+AH99+AH102+AH105+AH125 -> 0.31266373 | AI91: =+(AI92+AI99+AI102+AI105+AI125)/5 -> 0.20515575 | AJ91: 0.4384294 | AK91: =+(AK92+AK99+AK102+AK105+AK125)/5 -> 0.52734577 | AL91: =+AL92+AL99+AL102+AL105+AL125 -> 0.19010084 | AM91: =+(AM92*E92)+(AM99*E99)+(AM102*E102)+(AM105*E105)+(AM125*E125) -> 0.40754171 | AN91: =+(AN92*E92)+(AN99*E99)+(AN102*E102)+(AN105*E105)+(AN125*E125) -> 0.51345681
B92: SALUD CON COBERTURA, ACCESIBILIDAD, CALIDAD E INCLUSIÓN | E92: 0.35 | J92: =+AVERAGE(J93:J98) -> 0.25 | K92: =+AVERAGE(K93:K98) -> 0.29166667 | L92: =+AVERAGE(L93:L98) -> 0.29166667 | M92: =+M93+M94+M95+M96+M97+M98 -> 0.1625 | N92: =+N93+N94+N95+N96+N97+N98 -> 0.3375 | AC92: =+AVERAGE(AC93:AC98) -> 0.96129032 | AD92: =+AVERAGE(AD93:AD98) -> 0.86536667 | AE92: =+AVERAGE(AE93:AE98) -> 0.57994585 | AF92: =+(AF93+AF94+AF95+AF96+AF97)*E92 -> 0.2241129 | AG92: =+(AG93+AG94+AG95+AG96+AG97)*E92 -> 0.227227 | AH92: =+(AH93+AH94+AH95+AH96+AH97+AH98)*E92 -> 0.13742518 | AI92: =+AVERAGE(AI93:AI98) -> 0.21293498 | AJ92: 0.47128507 | AK92: =+AVERAGE(AK93:AK98) -> 0.61627153 | AL92: =+(AL93+AL94+AL95+AL96+AL97+AL98)*E92 -> 0.059443804 | AM92: =+(AM93+AM94+AM95+AM96+AM97+AM98) -> 0.34224697 | AN92: =+(AN93+AN94+AN95+AN96+AN97+AN98) -> 0.47540781
B93: Número de usuarios con continuidad de la afiliación al régimen subsidiado en salud en el Distrito de Cartagena | C93: Mantener la continuidad anual de la afiliación a seiscientas setenta y nueve mil quinientas cincuenta y cinco (679.555) personas que están afiliados al régimen subsidiado en salud | D93: DEPARTAMENTO ADMINISTRATIVO DISTRITAL DE SALUD DADIS | E93: 0.4 | F93: 2718220 | G93: 679555 | H93: 679555 | I93: 679555 | J93: =+G93/F93 -> 0.25 | K93: =+H93/F93 -> 0.25 | L93: =+I93/F93 -> 0.25 | M93: =+(G93/F93)*E93 -> 0.1 | N93: =+(H93/F93)*E93 -> 0.1 | P93: 699118 | R93: 702671 | S93: 701127 | T93: 697927 | U93: 700269 | V93: =+Q93+R93+S93+T93+U93 -> 2801994 | W93: =+V93+P93+AB93 -> 4917690 | X93: 707424 | Y93: 709154 | AB93: =+X93+Y93+Z93+AA93 -> 1416578 | AC93: 1 | AD93: 1 | AE93: =+(AB93/I93)*0.25 -> 0.52114178 | AF93: =+AC93*E93 -> 0.4 | AG93: =+AD93*E93 -> 0.4 | AH93: =+AE93*E93 -> 0.20845671 | AI93: =+P93/F93 -> 0.25719699 | AJ93: 0.50719699 | AK93: =+AJ93+(AE93*0.25) -> 0.63748243 | AL93: =+AI93*E93 -> 0.1028788 | AM93: =+AJ93*E93 -> 0.2028788 | AN93: =+AK93*E93 -> 0.25499297 | AO93: REVISADO DIC 2024 | AP93: REVISADO MARZO 2025. EL RESULTADO ACUMULADO SE AJUSTA CADA TRIMESTRE | AQ93: REVISADO JUNIO 10 | AR93: REVISADO 30 JUNIO | AS93: REVISADO 15 DE SEPTIEMBRE | AT93: REVISADO 15 DE NOVIEMBRE | AU93: REVISADO 31 DE DICIEMBRE | AV93: REVISADO MARZO 2026
B94: Número de personas nuevas afiliadas al sistema general de seguridad social en salud | C94: Afiliar a veinte mil (20.000) personas nuevas al Sistema General de Seguridad Social en Salud (con o sin SISBEN) | D94: DEPARTAMENTO ADMINISTRATIVO DISTRITAL DE SALUD DADIS | E94: 0.1 | F94: 20000 | G94: 5000 | H94: 5000 | I94: 5000 | J94: =+G94/F94 -> 0.25 | K94: =+H94/F94 -> 0.25 | L94: =+I94/F94 -> 0.25 | M94: =+(G94/F94)*E94 -> 0.025 | N94: =+(H94/F94)*E94 -> 0.025 | P94: 6376 | Q94: 1509 | R94: 1044 | S94: 667 | T94: 374 | U94: =1741-T94 -> 1367 | V94: =+Q94+R94+S94+T94+U94 -> 4961 | W94: =+V94+P94+AB94 -> 14963 | X94: 1782 | Y94: 1844 | AB94: =+X94+Y94+Z94+AA94 -> 3626 | AC94: 1 | AD94: =+V94/H94 -> 0.9922 | AE94: =+AB94/I94 -> 0.7252 | AF94: =+AC94*E94 -> 0.1 | AG94: =+AD94*E94 -> 0.09922 | AH94: =+AE94*E94 -> 0.07252 | AI94: =+P94/F94 -> 0.3188 | AJ94: 0.56685 | AK94: =+W94/F94 -> 0.74815 | AL94: =+AI94*E94 -> 0.03188 | AM94: =+AJ94*E94 -> 0.056685 | AN94: =+AK94*E94 -> 0.074815 | AO94: REVISADO DIC 2024 | AP94: REVISADO MARZO 2025. EL RESULTADO ACUMULADO SE AJUSTA CADA TRIMESTRE | AQ94: REVISADO JUNIO 10 | AR94: REVISADO 30 JUNIO | AS94: REVISADO 15 DE SEPTIEMBRE | AT94: REVISADO 15 DE NOVIEMBRE | AU94: REVISADO 31 DE DICIEMBRE | AV94: REVISADO MARZO 2026
B95: Número de servicios de salud habilitados para atender Población No Asegurada | C95: Mantener habilitados ciento cuarenta y dos (142) servicios de salud anualmente para la red integrada de salud del Distrito | D95: DEPARTAMENTO ADMINISTRATIVO DISTRITAL DE SALUD DADIS | E95: 0.05 | F95: 568 | G95: 142 | H95: 142 | I95: 142 | J95: =+G95/F95 -> 0.25 | K95: =+H95/F95 -> 0.25 | L95: =+I95/F95 -> 0.25 | M95: =+(G95/F95)*E95 -> 0.0125 | N95: =+(H95/F95)*E95 -> 0.0125 | P95: 142 | R95: 142 | S95: 0 | T95: 0 | U95: 0 | V95: =+Q95+R95+S95+T95+U95 -> 142 | W95: =+V95+P95+AB95 -> 426 | X95: 142 | Y95: 0 | AB95: =+X95+Y95+Z95+AA95 -> 142 | AC95: =+(P95/G95) -> 1 | AD95: 1 | AE95: =+AB95/I95*0.5 -> 0.5 | AF95: =+AC95*E95 -> 0.05 | AG95: =+AD95*E95 -> 0.05 | AH95: =+AE95*E95 -> 0.025 | AI95: =+P95/F95 -> 0.25 | AJ95: 0.4999 | AK95: =+AJ95+(AE95*0.25) -> 0.6249 | AL95: =+AI95*E95 -> 0.0125 | AM95: =+AJ95*E95 -> 0.024995 | AN95: =+AK95*E95 -> 0.031245 | AO95: REVISADO DIC 2024 | AP95: REVISADO MARZO 2025. EL RESULTADO ACUMULADO SE AJUSTA CADA TRIMESTRE | AQ95: REVISADO JUNIO 10 | AR95: REVISADO 30 JUNIO | AS95: REVISADO 15 DE SEPTIEMBRE | AT95: REVISADO 15 DE NOVIEMBRE | AU95: REVISADO 31 DE DICIEMBRE | AV95: REVISADO MARZO 2026
B96: Numero de equipos básicos de salud que operan en el Distrito monitoreados y evaluados | C96: Monitorear y evaluar a sesenta y dos (62) Equipos Básicos de Salud que operan en el Distrito | D96: DEPARTAMENTO ADMINISTRATIVO DISTRITAL DE SALUD DADIS | E96: 0.05 | F96: 248 | G96: 62 | H96: 62 | I96: 62 | J96: =+G96/F96 -> 0.25 | K96: =+H96/F96 -> 0.25 | L96: =+I96/F96 -> 0.25 | M96: =+(G96/F96)*E96 -> 0.0125 | N96: =+(H96/F96)*E96 -> 0.0125 | P96: 50 | Q96: 31 | R96: 13 | S96: 14 | T96: 0 | U96: 50 | V96: =+Q96+R96+S96+T96+U96 -> 108 | W96: =+V96+P96+AB96 -> 226 | X96: 52 | Y96: 16 | AB96: =+X96+Y96+Z96+AA96 -> 68 | AC96: =+(P96/G96) -> 0.80645161 | AD96: 1 | AE96: 1 | AF96: =+AC96*E96 -> 0.040322581 | AG96: =+AD96*E96 -> 0.05 | AH96: =+AE96*E96 -> 0.05 | AI96: =+P96/F96 -> 0.2016129 | AJ96: 0.63709677 | AK96: =+AJ96+(AE96*0.25) -> 0.88709677 | AL96: =+AI96*E96 -> 0.010080645 | AM96: =+AJ96*E96 -> 0.031854839 | AN96: =+AK96*E96 -> 0.044354839 | AO96: REVISADO DIC 2024 | AP96: REVISADO MARZO 2025. | AQ96: REVISADO JUNIO 10 | AR96: REVISADO 30 JUNIO | AS96: REVISADO 15 DE SEPTIEMBRE | AT96: REVISADO 15 DE NOVIEMBRE | AU96: REVISADO 31 DE DICIEMBRE | AV96: REVISADO MARZO 2026
B97: Número de prestadores de servicios de salud con asistencia técnica de inspección, vigilancia y control para mejoramiento de la calidad de la atención en salud en IPS oncológicas, pediátricas y maternas | C97: Inspeccionar, vigilar y controlar a sesenta (60) prestadores de salud para mejoramiento de la calidad de la atención en salud en IPS oncológicas, pediátricas y maternas | D97: DEPARTAMENTO ADMINISTRATIVO DISTRITAL DE SALUD DADIS | E97: 0.05 | F97: 60 | G97: 15 | H97: 15 | I97: 15 | J97: =+G97/F97 -> 0.25 | K97: =+H97/F97 -> 0.25 | L97: =+I97/F97 -> 0.25 | M97: =+(G97/F97)*E97 -> 0.0125 | N97: =+(H97/F97)*E97 -> 0.0125 | P97: 15 | Q97: 0 | R97: 8 | S97: 8 | T97: 0 | U97: 0 | V97: =+Q97+R97+S97+T97+U97 -> 16 | W97: =+V97+P97+AB97 -> 42 | X97: 0 | Y97: 11 | AB97: =+X97+Y97+Z97+AA97 -> 11 | AC97: =+(P97/G97) -> 1 | AD97: 1 | AE97: =+AB97/I97 -> 0.73333333 | AF97: =+AC97*E97 -> 0.05 | AG97: =+AD97*E97 -> 0.05 | AH97: =+AE97*E97 -> 0.036666667 | AI97: =+P97/F97 -> 0.25 | AJ97: 0.51666667 | AK97: =+W97/F97 -> 0.7 | AL97: =+AI97*E97 -> 0.0125 | AM97: =+AJ97*E97 -> 0.025833333 | AN97: =+AK97*E97 -> 0.035 | AO97: REVISADO DIC 2024 | AP97: REVISADO MARZO 2025. | AQ97: REVISADO JUNIO 10 | AR97: REVISADO 30 JUNIO | AS97: REVISADO 15 DE SEPTIEMBRE | AT97: REVISADO 15 DE NOVIEMBRE | AU97: REVISADO 31 DE DICIEMBRE | AV97: REVISADO MARZO 2026
B98: Centros de salud nuevos construidos para la protección y el aseguramiento en salud en el Distrito de Cartagena | C98: Construir dos (2) nuevos centros de salud en el distrito de Cartagena para la protección y el aseguramiento en salud | D98: SECRETARÍA DE INFRAESTRUCTURA - DEPARTAMENTO ADMINISTRATIVO DISTRITAL DE SALUD DADIS | E98: 0.35 | F98: 2 | G98: 0 | H98: 1 | I98: 1 | K98: =+H98/F98 -> 0.5 | L98: =+I98/F98 -> 0.5 | N98: =+(H98/F98)*E98 -> 0.175 | Q98: 0 | S98: 0 | T98: 0.2 | U98: 0 | V98: =+Q98+R98+S98+T98+U98 -> 0.2 | W98: =+V98+P98+AB98 -> 0.2 | X98: 0 | Y98: 0 | AB98: =+X98+Y98+Z98+AA98 -> 0 | AD98: =+V98/H98 -> 0.2 | AE98: =+AB98/I98 -> 0 | AG98: =+AD98*E98 -> 0.07 | AH98: =+AE98*E98 -> 0 | AI98: 0 | AJ98: 0.1 | AK98: =+W98/F98 -> 0.1 | AL98: 0 | AM98: 0 | AN98: =+AK98*E98 -> 0.035 | AO98: REVISADO DIC 2024 | AP98: REVISADO MARZO 2025. | AQ98: REVISADO JUNIO 10 | AR98: REVISADO 30 JUNIO | AS98: REVISADO 15 DE SEPTIEMBRE | AT98: REVISADO 15 DE NOVIEMBRE | AU98: REVISADO 31 DE DICIEMBRE | AV98: REVISADO MARZO 2026
B99: DERECHOS EN SALUD Y PROMOCIÓN SOCIAL | E99: 0.1 | J99: =+AVERAGE(J100:J101) -> 0.175 | K99: =+AVERAGE(K100:K101) -> 0.275 | L99: =+AVERAGE(L100:L101) -> 0.275 | M99: =+M100+M101 -> 0.19 | N99: =+N100+N101 -> 0.27 | AC99: =+AVERAGE(AC100:AC101) -> 1 | AD99: =+AVERAGE(AD100:AD101) -> 1 | AE99: =+AVERAGE(AE100:AE101) -> 0.41493333 | AF99: =+(AF100+AF101)*E99 -> 0.1 | AG99: =+(AG100+AG101)*E99 -> 0.1 | AH99: =+(AH100+AH101)*E99 -> 0.047925333 | AI99: =+AVERAGE(AI100:AI101) -> 0.19831667 | AJ99: 0.50011667 | AK99: =+AVERAGE(AK100:AK101) -> 0.60618333 | AL99: =+(AL100+AL101)*E99 -> 0.021048 | AM99: =+(AM100+AM101) -> 0.50266 | AN99: =+(AN100+AN101) -> 0.62434
B100: Número de personas con valoración clínica multidisciplinaria simultánea elaborada con resultado de condición de discapacidad | C100: Elaborar valoraciones clínicas multidisciplinaria del procedimiento de certificación de discapacidad y Registro de Localización y Certificación de Personas con Discapacidad a diez mil (10.000) personas del Distrito | D100: DEPARTAMENTO ADMINISTRATIVO DISTRITAL DE SALUD DADIS | E100: 0.4 | F100: 10000 | G100: 1000 | H100: 3000 | I100: 3000 | J100: =+G100/F100 -> 0.1 | K100: =+H100/F100 -> 0.3 | L100: =+I100/F100 -> 0.3 | M100: =+(G100/F100)*E100 -> 0.04 | N100: =+(H100/F100)*E100 -> 0.12 | P100: 1375 | Q100: 0 | R100: 0 | S100: 2101 | T100: 777 | U100: 621 | V100: =+Q100+R100+S100+T100+U100 -> 3499 | W100: =+V100+P100+AB100 -> 5154 | X100: 0 | Y100: 280 | AB100: =+X100+Y100+Z100+AA100 -> 280 | AC100: 1 | AD100: 1 | AE100: =+AB100/I100 -> 0.093333333 | AF100: =+AC100*E100 -> 0.4 | AG100: =+AD100*E100 -> 0.4 | AH100: =+AE100*E100 -> 0.037333333 | AI100: =+P100/F100 -> 0.1375 | AJ100: 0.4874 | AK100: =+W100/F100 -> 0.5154 | AL100: =+AI100*E100 -> 0.055 | AM100: =+AJ100*E100 -> 0.19496 | AN100: =+AK100*E100 -> 0.20616 | AO100: REVISADO DIC 2024 | AP100: REVISADO MARZO 2025. | AQ100: REVISADO JUNIO 10 | AR100: REVISADO 30 JUNIO | AS100: REVISADO 15 DE SEPTIEMBRE | AT100: REVISADO 15 DE NOVIEMBRE | AU100: REVISADO 31 DE DICIEMBRE | AV100: REVISADO MARZO 2026
B101: Número de personas pertenecientes a los grupos poblaciones vulnerables participantes en estrategias de promoción de la participación social en salud | C101: Vincular a treinta mil (30.000) personas en estrategias de promoción de la participación social en salud con paridad de género (pertenecientes a los grupos poblaciones vulnerables | D101: DEPARTAMENTO ADMINISTRATIVO DISTRITAL DE SALUD DADIS | E101: 0.6 | F101: 30000 | G101: 7500 | H101: 7500 | I101: 7500 | J101: =+G101/F101 -> 0.25 | K101: =+H101/F101 -> 0.25 | L101: =+I101/F101 -> 0.25 | M101: =+(G101/F101)*E101 -> 0.15 | N101: =+(H101/F101)*E101 -> 0.15 | P101: 7774 | Q101: 934 | R101: 823 | S101: 3251 | T101: 2117 | U101: 486 | V101: =+Q101+R101+S101+T101+U101 -> 7611 | W101: =+V101+P101+AB101 -> 20909 | X101: 2242 | Y101: 3282 | AB101: =+X101+Y101+Z101+AA101 -> 5524 | AC101: 1 | AD101: 1 | AE101: =+AB101/I101 -> 0.73653333 | AF101: =+AC101*E101 -> 0.6 | AG101: =+AD101*E101 -> 0.6 | AH101: =+AE101*E101 -> 0.44192 | AI101: =+P101/F101 -> 0.25913333 | AJ101: 0.51283333 | AK101: =+W101/F101 -> 0.69696667 | AL101: =+AI101*E101 -> 0.15548 | AM101: =+AJ101*E101 -> 0.3077 | AN101: =+AK101*E101 -> 0.41818 | AO101: REVISADO DIC 2024 | AP101: REVISADO MARZO 2025. | AQ101: REVISADO JUNIO 10 | AR101: REVISADO 30 JUNIO | AS101: REVISADO 15 DE SEPTIEMBRE | AT101: REVISADO 15 DE NOVIEMBRE | AU101: REVISADO 31 DE DICIEMBRE | AV101: REVISADO MARZO 2026
...

Sheet Vida Digna
B2: LINEA ESTRATEGICA/COMPONENTE IMPULSOR/ PROGRAMA/ PRODUCTO (INDICADOR)/ META PRODUCTO | D2: RESPONSABLE(S) | E2: VALORACIÓN PONDERACIÓN % (PROPUESTA) | F2: META PRODUCTO (PRODUCTO NUMERICO CUATRIENIO) | G2: PROGRAMADO NUMERICO META PRODUCTO 2024 | H2: PROGRAMADO NUMERICO META PRODUCTO 2025 | I2: PROGRAMADO NUMERICO META PRODUCTO 2026 | J2: ESPERADO PORCENTUAL META PRODUCTO CUATRIENIO EN LA VIGENCIA 2024 | K2: ESPERADO PORCENTUAL META PRODUCTO CUATRIENIO EN LA VIGENCIA 2025 | L2: ESPERADO PORCENTUAL META PRODUCTO CUATRIENIO EN LA VIGENCIA 2026 | M2: ESPERADO PORCENTUAL META PRODUCTO CUATRIENIO EN LA VIGENCIA 2024 (PONDERADOR) | N2: ESPERADO PORCENTUAL META PRODUCTO CUATRIENIO EN LA VIGENCIA 2025 (PONDERADOR) | O2: ESPERADO PORCENTUAL META PRODUCTO CUATRIENIO EN LA VIGENCIA 2026 (PONDERADOR) | P2: AVANCE NUMERICO META PRODUCTO CORTE DICIEMBRE 2024 | Q2: AVANCE NUMERICO META PRODUCTO CORTE MARZO 2025 | R2: AVANCE NUMERICO META PRODUCTO CORTE JUNIO 2025 | S2: AVANCE NUMERICO META PRODUCTO CORTE SEPTIEMBRE 2025 | T2: AVANCE NUMERICO META PRODUCTO CORTE 15 DE NOVIEMBRE 2025 | U2: AVANCE NUMERICO META PRODUCTO CORTE 31 DICIEMBRE 2025 | V2: ACUMULADO PARCIAL 2025 | W2: ACUMULADO 2024 - 2025 - PARCIAL 2026 | X2: AVANCE NUMERICO META PRODUCTO CORTE 31 DE MARZO 2026 | Y2: AVANCE NUMERICO META PRODUCTO CORTE 30 DE JUNIO 2026 | Z2: AVANCE NUMERICO META PRODUCTO CORTE 3O DE SEPTIEMBRE 2026 | AA2: AVANCE NUMERICO META PRODUCTO CORTE 31 DE DICIEMBRE 2026 | AB2: ACUMUALDO PARCIAL 2026 | AC2: LOGRO (%) META PRODUCTO RESPECTO AL PROGRAMADO 2024 CORTE DICIEMBRE | AD2: LOGRO (%) META PRODUCTO RESPECTO AL PROGRAMADO 2025 CORTE DICIEMBRE | AE2: LOGRO (%) META PRODUCTO RESPECTO AL PROGRAMADO 2026 CORTE JUNIO | AF2: LOGRO (%) META PRODUCTO RESPECTO AL PROGRAMADO DICIEMBRE 2024 (PONDERADOR) | AG2: LOGRO (%) META PRODUCTO RESPECTO AL PROGRAMADO DICIEMBRE 2025 (PONDERADOR) | AH2: LOGRO (%) META PRODUCTO RESPECTO AL PROGRAMADO MARZO 2026 (PONDERADOR) | AI2: LOGRO (%) META PRODUCTO RESPECTO AL PROGRAMADO CUATRIENIO ACUMULADO DICIEMBRE 2024 | AJ2: LOGRO (%) META PRODUCTO RESPECTO AL PROGRAMADO CUATRIENIO ACUMULADO DICIEMBRE 2025 | AK2: LOGRO (%) META PRODUCTO RESPECTO AL PROGRAMADO CUATRIENIO ACUMULADO JUNIO 2026 | AL2: LOGRO (%) META PRODUCTO RESPECTO AL PROGRAMADO CUATRIENIO PARCIAL DICIEMBRE 2024 (PONDERADOR) | AM2: LOGRO (%) META PRODUCTO RESPECTO AL PROGRAMADO CUATRIENIO PARCIAL DICIEMBRE (PONDERADOR) | AN2: LOGRO (%) META PRODUCTO RESPECTO AL PROGRAMADO CUATRIENIO JUNIO 2026 (PONDERADOR) | AO2: OBSERVACIONES DICIEMBRE 2024 | AP2: OBSERVACIONES MARZO 2025 | AQ2: OBSERVACIONES 10 JUNIO 2025 | AR2: OBSERVACIONES 30 JUNIO 2025 | AS2: OBSERVACIONES SEPTIEMBRE 15 DE 2025 | AT2: OBSERVACIONES NOVIEMBRE 15 DE 2025 | AU2: OBSERVACIONES DICIEMBRE 2025 | AV2: OBSERVACIONES MARZO 2026 | AW2: OBSERVACIONES JUNIO 2026
B3: VIDA DIGNA | E3: 0.2 | J3: =+(J4+J91+J119+J130+J164+J192)/6 -> 0.25323855 | K3: =+(K4+K91+K119+K130+K164+K192)/6 -> 0.29872027 | L3: =+(L4+L91+L119+L130+L164+L192)/6 -> 0.31001232 | M3: =+(M4+M91+M119+M130+M164+M192)/6 -> 0.20215522 | N3: =+(N4+N91+N119+N130+N164+N192)/6 -> 0.2637725 | AC3: =+(AC4+AC91+AC119+AC130+AC164+AC192)/6 -> 0.86441877 | AD3: =+(AD4+AD1+AD119+AD130+AD164+AD192)/6 -> 0.71907448 | AE3: =+(AE4+AE91+AE119+AE130+AE164+AE192)/6 -> 0.53094459 | AF3: =F4+F91+F119+F130+F164+F192 -> 0.69716842 | AG3: =H4+H91+H119+H130+H164+H192 -> 0.77555896 | AH3: =I4+I91+I119+I130+I164+I192 -> 0.45749536 | AI3: =+(AI4+AI91+AI119+AI130+AI164+AI192)/6 -> 0.2180729 | AJ3: 0.51274857 | AK3: =+(AK4+AK91+AK119+AK130+AK164+AK192)/6 -> 0.63168445 | AL3: =+(AL4+AL91+AL119+AL130+AL164+AL192)/6 -> 0.179619 | AM3: =+(AM4*E4)+(AM91*E91)+(AM119*E119)+(AM130*E130)+(AM164*E164)+(AM192*E192) -> 0.48090129 | AN3: =+(AN4*E4)+(AN91*E91)+(AN119*E119)+(AN130*E130)+(AN164*E164)+(AN192*E192) -> 0.58988273
B4: Educación | E4: 0.3 | F4: =+E4*AF4 -> 0.19700365 | H4: =E4*AG4 -> 0.22922681 | I4: =E4*AH4 -> 0.13246972 | J4: =+(J5+J12+J15+J21+J29+J34+J39+J43+J49+J52+J56+J60+J68+J73+J77+J85)/15 -> 0.269819 | K4: =+(K5+K12+K15+K21+K29+K34+K39+K43+K49+K52+K56+K60+K68+K73+K77+K85)/16 -> 0.26016382 | L4: =+(L5+L12+L15+L21+L29+L34+L39+L43+L49+L52+L56+L60+L68+L73+L77+L85)/16 -> 0.2686448 | M4: =+(M5+M12+M15+M21+M29+M34+M39+M43+M49+M52+M56+M60+M68+M73+M77+M85)/15 -> 0.25378937 | N4: =+(N5+N12+N15+N21+N29+N34+N39+N43+N49+N52+N56+N60+N68+N73+N77+N85)/16 -> 0.31236382 | AC4: =+(AC5+AC12+AC15+AC21+AC29+AC34+AC39+AC43+AC49+AC52+AC56+AC60+AC68+AC73+AC77+AC85)/15 -> 0.6805133 | AD4: =+(AD5+AD12+AD15+AD21+AD29+AD34+AD39+AD43+AD49+AD52+AD56+AD60+AD68+AD73+AD77+AD85)/16 -> 0.85063193 | AE4: =+(AE5+AE12+AE15+AE21+AE29+AE34+AE39+AE43+AE49+AE52+AE56+AE60+AE68+AE73+AE77+AE85)/16 -> 0.5387389 | AF4: =+AF5+AF12+AF15+AF21+AF29+AF34+AF39+AF43+AF49+AF52+AF56+AF60+AF68+AF73+AF77+AF85 -> 0.65667882 | AG4: =+AG5+AG12+AG15+AG21+AG29+AG34+AG39+AG43+AG49+AG52+AG56+AG60+AG68+AG73+AG77+AG85 -> 0.76408935 | AH4: =+AH5+AH12+AH15+AH21+AH29+AH34+AH39+AH43+AH49+AH52+AH56+AH60+AH68+AH73+AH77+AH85 -> 0.44156572 | AI4: =(AI5+AI12+AI15+AI21+AI29+AI34+AI39+AI43+AI49+AI52+AI56+AI60+AI68+AI73+AI77+AI85)/15 -> 0.21333072 | AJ4: 0.50550379 | AK4: =(AK5+AK12+AK15+AK21+AK29+AK34+AK39+AK43+AK49+AK52+AK56+AK60+AK68+AK73+AK77+AK85)/16 -> 0.60716309 | AL4: =+AL5+AL12+AL15+AL21+AL29+AL34+AL39+AL43+AL49+AL52+AL56+AL60+AL68+AL73+AL77+AL85 -> 0.19538897 | AM4: =+(AM5*E5)+(AM12*E12)+(AM15*E15)+(AM21*E21)+(AM29*E29)+(AM34*E34)+(AM39*E39)+(AM43*E43)+(AM49*E49)+(AM52*E52)+(AM56*E56)+(AM60*E60)+(AM68*E68)+(AM73*E73)+(AM77*E77)+(AM85*E85) -> 0.44645446 | AN4: =+(AN5*E5)+(AN12*E12)+(AN15*E15)+(AN21*E21)+(AN29*E29)+(AN34*E34)+(AN39*E39)+(AN43*E43)+(AN49*E49)+(AN52*E52)+(AN56*E56)+(AN60*E60)+(AN68*E68)+(AN73*E73)+(AN77*E77)+(AN85*E85) -> 0.53869491
B5: MODERNIZACIÓN DE LA INFRAESTRUCTURA EDUCATIVA | E5: 0.25 | J5: =+AVERAGE(J6:J11) -> 0.13533333 | K5: =+AVERAGE(K6:K11) -> 0.26333333 | L5: =+AVERAGE(L6:L11) -> 0.36180556 | M5: =+M6+M7+M8+M9+M10+M11 -> 0.12433333 | N5: =+N6+N7+N8+N9+N10+N11 -> 1.2288333 | AC5: =+AVERAGE(AC6:AC11) -> 0.73125 | AD5: =+AVERAGE(AD6:AD11) -> 0.70866013 | AE5: =+AVERAGE(AE6:AE11) -> 0.26566907 | AF5: =+(AF6+AF7+AF8+AF9+AF10+AF11)*E5 -> 0.16640625 | AG5: =+(AG6+AG7+AG8+AG9+AG10+AG11)*E5 -> 0.20504902 | AH5: =+(AH6+AH7+AH8+AH9+AH10+AH11)*E5 -> 0.058146101 | AI5: =+AVERAGE(AI6:AI11) -> 0.10613333 | AJ5: 0.29002778 | AK5: =+AVERAGE(AK6:AK11) -> 0.39311111 | AL5: =+(AL6+AL7+AL8+AL9+AL10+AL11)*E5 -> 0.024725 | AM5: =+(AM6+AM7+AM8+AM9+AM10+AM11) -> 0.34426667 | AN5: =+(AN6+AN7+AN8+AN9+AN10+AN11) -> 0.42336667
B6: Plan Maestro de Infraestructura Educativa formulado e implementado | C6: Formular un (1) Plan Maestro de Infraestructura Educativa | D6: SECRETARÍA DE EDUCACIÓN - SED | E6: 0.1 | F6: 1 | H6: 0.3 | I6: 0.7 | K6: =+H6/F6 -> 0.3 | L6: =+I6/F6 -> 0.7 | N6: =+K6/H6 -> 1 | Q6: 0.1 | R6: 0 | S6: 0 | T6: 0 | U6: 0 | V6: =+Q6+R6+S6+T6+U6 -> 0.1 | W6: =+V6+P6+AB6 -> 0.3 | X6: 0 | Y6: 0.2 | AB6: =+X6+Y6+Z6+AA6 -> 0.2 | AD6: =+V6/H6 -> 0.33333333 | AE6: =+AB6/I6 -> 0.28571429 | AG6: =+AD6*E6 -> 0.033333333 | AH6: =+AE6*E6 -> 0.028571429 | AJ6: 0.1 | AK6: =+W6/F6 -> 0.3 | AM6: =+AJ6*E6 -> 0.01 | AN6: =+AK6*E6 -> 0.03 | AO6: REVISADO MARZO 2025 | AP6: REVISADO DIC 2025 | AQ6: REVISADO JUNIO 10 | AR6: REVISADO 30 DE JUNIO | AS6: REVISADO 15 DE SEPTIEMBRE 2025 | AT6: REVISADO 15 DE NOVIEMBRE 2025 | AU6: REVISADO 31 DE DICIEMBRE 2025 | AV6: REVISADO MARZO 2026 | AW6: REVISADO JUNIO 2026
B7: Número de predios de IEO legalizados | C7: Legalizar sesenta (60) predios de Instituciones Educativas Oficiales | D7: SECRETARÍA DE EDUCACIÓN - SED | E7: 0.1 | F7: 60 | G7: 5 | H7: 17 | I7: 21 | J7: =+G7/F7 -> 0.083333333 | K7: =+H7/F7 -> 0.28333333 | L7: =+I7/F7 -> 0.35 | M7: =+(G7/F7)*E7 -> 0.0083333333 | N7: =+(H7/F7)*E7 -> 0.028333333 | P7: 3 | Q7: 0 | R7: 0 | S7: 0 | T7: 0 | U7: 1 | V7: =+Q7+R7+S7+T7+U7 -> 1 | W7: =+V7+P7+AB7 -> 4 | X7: 0 | Y7: 0 | AB7: =+X7+Y7+Z7+AA7 -> 0 | AC7: =+(P7/G7) -> 0.6 | AD7: =+V7/H7 -> 0.058823529 | AE7: =+AB7/I7 -> 0 | AF7: =+AC7*E7 -> 0.06 | AG7: =+AD7*E7 -> 0.0058823529 | AH7: =+AE7*E7 -> 0 | AI7: =+P7/F7 -> 0.05 | AJ7: 0.016666667 | AK7: =+W7/F7 -> 0.066666667 | AL7: =+AI7*E7 -> 0.005 | AM7: =+AJ7*E7 -> 0.0016666667 | AN7: =+AK7*E7 -> 0.0066666667 | AO7: REVISADO DIC 2024 | AP7: REVISADO DIC 2025 | AQ7: REVISADO JUNIO 10 | AR7: REVISADO 30 DE JUNIO | AS7: REVISADO 15 DE SEPTIEMBRE 2025 | AT7: REVISADO 15 DE NOVIEMBRE 2025 | AU7: REVISADO 31 DE DICIEMBRE 2025 | AV7: REVISADO MARZO 2026 | AW7: REVISADO JUNIO 2026
B8: Número de nuevas Instituciones Educativas Oficiales construidas | C8: Construir cinco (5) nuevas Instituciones Educativas Oficiales | D8: SECRETARÍA DE EDUCACIÓN - SED | E8: 0.2 | F8: 5 | G8: 1 | H8: 1 | I8: 1.05 | J8: =+G8/F8 -> 0.2 | K8: =+H8/F8 -> 0.2 | L8: =+I8/F8 -> 0.21 | M8: =+(G8/F8)*E8 -> 0.04 | N8: =+(H8/F8)*E8 -> 0.04 | P8: 1 | Q8: 0 | R8: 0.4 | S8: 0.12 | T8: 0 | U8: 0.43 | V8: =+Q8+R8+S8+T8+U8 -> 0.95 | W8: =+V8+P8+AB8 -> 2 | X8: 0.04 | Y8: 0.01 | AB8: =+X8+Y8+Z8+AA8 -> 0.05 | AC8: =+(P8/G8) -> 1 | AD8: =+V8/H8 -> 0.95 | AE8: =+AB8/I8 -> 0.047619048 | AF8: =+AC8*E8 -> 0.2 | AG8: =+AD8*E8 -> 0.19 | AH8: =+AE8*E8 -> 0.0095238095 | AI8: =+P8/F8 -> 0.2 | AJ8: 0.39 | AK8: =+W8/F8 -> 0.4 | AL8: =+AI8*E8 -> 0.04 | AM8: =+AJ8*E8 -> 0.078 | AN8: =+AK8*E8 -> 0.08 | AO8: REVISADO DIC 2024 | AP8: REVISADO DIC 2025 | AQ8: REVISADO JUNIO 10 | AR8: REVISADO 30 DE JUNIO | AS8: REVISADO 15 DE SEPTIEMBRE 2025 | AT8: REVISADO 15 DE NOVIEMBRE 2025 | AU8: REVISADO 31 DE DICIEMBRE 2025 | AV8: REVISADO MARZO 2026 | AW8: REVISADO JUNIO 2026
B9: Número de sedes educativas reconstruidas y/o con ampliación de la infraestructura | C9: Reconstruir y/o ampliar quince (15) sedes educativas | D9: SECRETARÍA DE EDUCACIÓN - SED | E9: 0.3 | F9: 15 | G9: 2 | H9: 4 | I9: 5 | J9: =+G9/F9 -> 0.13333333 | K9: =+H9/F9 -> 0.26666667 | L9: =+I9/F9 -> 0.33333333 | M9: =+(G9/F9)*E9 -> 0.04 | N9: =+(H9/F9)*E9 -> 0.08 | P9: 1 | Q9: 1 | R9: 1 | S9: 3 | T9: 0 | U9: 0 | V9: =+Q9+R9+S9+T9+U9 -> 5 | W9: =+V9+P9+AB9 -> 6 | X9: 0 | Y9: 0 | AB9: =+X9+Y9+Z9+AA9 -> 0 | AC9: =+(P9/G9) -> 0.5 | AD9: 1 | AE9: =+AB9/I9 -> 0 | AF9: =+AC9*E9 -> 0.15 | AG9: =+AD9*E9 -> 0.3 | AH9: =+AE9*E9 -> 0 | AI9: =+P9/F9 -> 0.066666667 | AJ9: 0.4 | AK9: =+W9/F9 -> 0.4 | AL9: =+AI9*E9 -> 0.02 | AM9: =+AJ9*E9 -> 0.12 | AN9: =+AK9*E9 -> 0.12 | AO9: REVISADO DIC 2024 | AP9: REVISADO DIC 2025 | AQ9: REVISADO JUNIO 10 | AR9: REVISADO 30 DE JUNIO | AS9: REVISADO 15 DE SEPTIEMBRE 2025 | AT9: REVISADO 15 DE NOVIEMBRE 2025 | AU9: REVISADO 31 DE DICIEMBRE 2025 | AV9: REVISADO MARZO 2026 | AW9: REVISADO JUNIO 2026
B10: Número de sedes educativas mejoradas y/o adecuadas | C10: Mejorar y/o adecuar ochenta (80) sedes educativas | D10: SECRETARÍA DE EDUCACIÓN - SED | E10: 0.2 | F10: 80 | G10: 8 | H10: 22 | I10: 19 | J10: =+G10/F10 -> 0.1 | K10: =+H10/F10 -> 0.275 | L10: =+I10/F10 -> 0.2375 | M10: =+(G10/F10)*E10 -> 0.02 | N10: =+(H10/F10)*E10 -> 0.055 | P10: 10 | Q10: 10 | R10: 0 | S10: 21 | T10: 0 | U10: 0 | V10: =+Q10+R10+S10+T10+U10 -> 31 | W10: =+V10+P10+AB10 -> 54 | X10: 9 | Y10: 4 | AB10: =+X10+Y10+Z10+AA10 -> 13 | AC10: 1 | AD10: 1 | AE10: =+AB10/I10 -> 0.68421053 | AF10: =+AC10*E10 -> 0.2 | AG10: =+AD10*E10 -> 0.2 | AH10: =+AE10*E10 -> 0.13684211 | AI10: =+P10/F10 -> 0.125 | AJ10: 0.5125 | AK10: =+W10/F10 -> 0.675 | AL10: =+AI10*E10 -> 0.025 | AM10: =+AJ10*E10 -> 0.1025 | AN10: =+AK10*E10 -> 0.135 | AO10: REVISADO DIC 2024 | AP10: REVISADO DIC 2025 | AQ10: REVISADO JUNIO 10 | AR10: REVISADO 30 DE JUNIO | AS10: REVISADO 15 DE SEPTIEMBRE 2025 | AT10: REVISADO 15 DE NOVIEMBRE 2025 | AU10: REVISADO 31 DE DICIEMBRE 2025 | AV10: REVISADO MARZO 2026 | AW10: REVISADO JUNIO 2026
B11: Número de aulas con dotación de mobiliario escolar y material pedagógico | C11: Dotar mil (1.000) aulas con mobiliario escolar, aires acondicionados, abanicos y material pedagógico | D11: SECRETARÍA DE EDUCACIÓN - SED | E11: 0.1 | F11: 1000 | G11: 160 | H11: 255 | I11: 340 | J11: =+G11/F11 -> 0.16 | K11: =+H11/F11 -> 0.255 | L11: =+I11/F11 -> 0.34 | M11: =+(G11/F11)*E11 -> 0.016 | N11: =+(H11/F11)*E11 -> 0.0255 | P11: 89 | Q11: 111 | R11: 75 | S11: 17 | T11: 0 | U11: 29 | V11: =+Q11+R11+S11+T11+U11 -> 232 | W11: =+V11+P11+AB11 -> 517 | X11: 95 | Y11: 101 | AB11: =+X11+Y11+Z11+AA11 -> 196 | AC11: =+(P11/G11) -> 0.55625 | AD11: =+V11/H11 -> 0.90980392 | AE11: =+AB11/I11 -> 0.57647059 | AF11: =+AC11*E11 -> 0.055625 | AG11: =+AD11*E11 -> 0.090980392 | AH11: =+AE11*E11 -> 0.057647059 | AI11: =+P11/F11 -> 0.089 | AJ11: 0.321 | AK11: =+W11/F11 -> 0.517 | AL11: =+AI11*E11 -> 0.0089 | AM11: =+AJ11*E11 -> 0.0321 | AN11: =+AK11*E11 -> 0.0517 | AO11: REVISADO DIC 2024 | AP11: REVISADO DIC 2025 | AQ11: REVISADO JUNIO 10 | AR11: REVISADO 30 DE JUNIO | AS11: REVISADO 15 DE SEPTIEMBRE 2025 | AT11: REVISADO 15 DE NOVIEMBRE 2025 | AU11: REVISADO 31 DE DICIEMBRE 2025 | AV11: REVISADO MARZO 2026 | AW11: REVISADO JUNIO 2026
B12: AVANZANDO DESDE EL COMIENZO | E12: 0.02 | J12: =+AVERAGE(J13:J14) -> 0.33035714 | K12: =+AVERAGE(K13:K14) -> 0.43154762 | L12: =+AVERAGE(L13:L14) -> 0.24404762 | M12: =+M13+M14 -> 0.33928571 | N12: =+N13+N14 -> 0.4702381 | AC12: =+AVERAGE(AC13:AC15) -> 0.76545416 | AD12: =+AVERAGE(AD13:AD14) -> 1 | AE12: =+AVERAGE(AE13:AE14) -> 0.5 | AF12: =+(AF13+AF14)*E12 -> 0.014666667 | AG12: =+(AG13+AG14)*E12 -> 0.02 | AH12: =+(AH13+AH14)*E12 -> 0.012 | AI12: =+AVERAGE(AI13:AI14) -> 0.23511905 | AJ12: 0.57440476 | AK12: =+AVERAGE(AK13:AK14) -> 0.69940476 | AL12: =+(AL13+AL14)*E12 -> 0.0052619048 | AM12: =+(AM13+AM14) -> 0.58452381 | AN12: =+(AN13+AN14) -> 0.73452381
B13: Número de Instituciones Educativas Oficiales con oferta de educación inicial para la atención a la primera infancia implementada | C13: Implementar encuarenta (40) IEO con oferta de educación inicial para la atención de la primera infancia | D13: SECRETARÍA DE EDUCACIÓN - SED | E13: 0.6 | F13: 40 | G13: 15 | H13: 25 | I13: 10 | J13: =+G13/F13 -> 0.375 | K13: =+H13/F13 -> 0.625 | L13: =+I13/F13 -> 0.25 | M13: =+(G13/F13)*E13 -> 0.225 | N13: =+(H13/F13)*E13 -> 0.375 | P13: 15 | Q13: 10 | R13: 0 | S13: 0 | T13: 0 | U13: 0 | V13: =+Q13+R13+S13+T13+U13 -> 10 | W13: =+V13+P13+AB13 -> 35 | X13: 10 | Y13: 0 | AB13: =+X13+Y13+Z13+AA13 -> 10 | AC13: =+(P13/G13) -> 1 | AD13: =+V13/10 -> 1 | AE13: =+AB13/I13 -> 1 | AF13: =+AC13*E13 -> 0.6 | AG13: =+AD13*E13 -> 0.6 | AH13: =+AE13*E13 -> 0.6 | AI13: =+P13/F13 -> 0.375 | AJ13: 0.625 | AK13: =+W13/F13 -> 0.875 | AL13: =+AI13*E13 -> 0.225 | AM13: =+AJ13*E13 -> 0.375 | AN13: =+AK13*E13 -> 0.525 | AO13: REVISADO DIC 2024 | AP13: META CUMPLIDA MARZO 2025 | AQ13: REVISADO JUNIO 10 | AR13: REVISADO 30 DE JUNIO | AS13: REVISADO 15 DE SEPTIEMBRE 2025 | AT13: REVISADO 15 DE NOVIEMBRE 2025 | AU13: REVISADO 31 DE DICIEMBRE 2025 | AV13: REVISADO MARZO 2026 | AW13: REVISADO JUNIO 2026
B14: Número de Instituciones Educativas Oficiales asesoradas con estrategias de articulación institucional para asegurar el tránsito armónico de niños y niñas desde los programas de atención a la primera infancia del ICBF al sistema educativo oficial | C14: Asesorar a ciento cinco (105) Instituciones Educativas Oficiales con estrategias de articulación institucional para asegurar el tránsito armónico de los niños y niñas desde los programas de atención a la primera infancia del ICBF al sistema educativo oficial | D14: SECRETARÍA DE EDUCACIÓN - SED | E14: 0.4 | F14: 105 | G14: 30 | H14: 25 | I14: 25 | J14: =+G14/F14 -> 0.28571429 | K14: =+H14/F14 -> 0.23809524 | L14: =+I14/F14 -> 0.23809524 | M14: =+(G14/F14)*E14 -> 0.11428571 | N14: =+(H14/F14)*E14 -> 0.095238095 | P14: 10 | Q14: 20 | R14: 6 | S14: 19 | T14: 0 | U14: 0 | V14: =+Q14+R14+S14+T14+U14 -> 45 | W14: =+V14+P14+AB14 -> 55 | X14: 0 | Y14: 0 | AB14: =+X14+Y14+Z14+AA14 -> 0 | AC14: =+(P14/G14) -> 0.33333333 | AD14: 1 | AE14: =+AB14/I14 -> 0 | AF14: =+AC14*E14 -> 0.13333333 | AG14: =+AD14*E14 -> 0.4 | AH14: =+AE14*E14 -> 0 | AI14: =+P14/F14 -> 0.095238095 | AJ14: 0.52380952 | AK14: =+W14/F14 -> 0.52380952 | AL14: =+AI14*E14 -> 0.038095238 | AM14: =+AJ14*E14 -> 0.20952381 | AN14: =+AK14*E14 -> 0.20952381 | AO14: REVISADO DIC 2024 | AP14: REVISADO MARZO 2025 | AQ14: REVISADO JUNIO 10 | AR14: REVISADO 30 DE JUNIO | AS14: REVISADO 15 DE SEPTIEMBRE 2025 | AT14: REVISADO 15 DE NOVIEMBRE 2025 | AU14: REVISADO 31 DE DICIEMBRE 2025 | AV14: REVISADO MARZO 2026 | AW14: REVISADO JUNIO 2026
B15: ME QUEDO PORQUE ME QUEDO | E15: 0.1 | J15: =+AVERAGE(J16:J20) -> 0.24305556 | K15: =+AVERAGE(K16:K20) -> 0.26562064 | L15: =+AVERAGE(L16:L20) -> 0.29013947 | M15: =+M16+M17+M18+M19+M20 -> 0.22361111 | N15: =+N16+N17+N18+N19+N20 -> 0.25364365 | AC15: =+AVERAGE(AC16:AC20) -> 0.96302914 | AD15: =+AVERAGE(AD16:AD20) -> 0.74378182 | AE15: =+AVERAGE(AE16:AE20) -> 0.49806061 | AF15: =+(AF16+AF17+AF18+AF19+AF20)*E15 -> 0.085862845 | AG15: =+(AG16+AG17+AG18+AG19+AG20)*E15 -> 0.084378182 | AH15: =+(AH16+AH17+AH18+AH19+AH20)*E15 -> 0.057806061 | AI15: =+AVERAGE(AI16:AI20) -> 0.24497534 | AJ15: 0.39804673 | AK15: =+AVERAGE(AK16:AK20) -> 0.53033966 | AL15: =+(AL16+AL17+AL18+AL19+AL20)*E15 -> 0.022443072 | AM15: =+(AM16+AM17+AM18+AM19+AM20) -> 0.43835776 | AN15: =+(AN16+AN17+AN18+AN19+AN20) -> 0.58481736
B16: Numero de niños, niñas y adolescentes focalizados con estrategias para el acceso al sistema educativo oficial | C16: Vincular a dos mil trescientos noventa (2.390) niños, niñas y adolescentes adicionales con estrategias para el acceso al sistema educativo oficial | D16: SECRETARÍA DE EDUCACIÓN - SED | E16: 0.1 | F16: 2390 | G16: 0 | H16: 585 | I16: 878 | K16: =+H16/F16 -> 0.24476987 | L16: =+I16/F16 -> 0.36736402 | N16: =+(H16/F16)*E16 -> 0.024476987 | Q16: 0 | R16: 0 | S16: 0 | T16: 0 | U16: 0 | V16: =+Q16+R16+S16+T16+U16 -> 0 | W16: =+V16+P16+AB16 -> 0 | X16: 0 | Y16: 0 | AB16: =+X16+Y16+Z16+AA16 -> 0 | AD16: 0 | AE16: =+AB16/I16 -> 0 | AG16: =+AD16*E16 -> 0 | AH16: =+AE16*E16 -> 0 | AJ16: 0 | AK16: =+W16/F16 -> 0 | AM16: =+AJ16*E16 -> 0 | AN16: =+AK16*E16 -> 0 | AO16: REVISADO DIC 2024 | AP16: SE INCLUYE CUANDO SE AVALEN LA CIFRA CON LA SED | AQ16: SE INCLUYE CUANDO SE AVALEN LA CIFRA CON LA SED | AR16: REVISADO 30 DE JUNIO | AS16: REVISADO 15 DE SEPTIEMBRE 2025 | AT16: REVISADO 15 DE NOVIEMBRE 2025 | AU16: REVISADO 31 DE DICIEMBRE 2025 | AV16: REVISADO MARZO 2026 | AW16: REVISADO JUNIO 2026
B17: Número de estudiantes de Instituciones Educativas Oficiales atendidos con Programa de Alimentación Escolar como estrategia de permanencia | C17: Atender a ciento seis mil cuatrocientos ochenta y siete (106.487) estudiantes anualmente con el Programa de Alimentación Escolar como estrategia de permanencia | D17: SECRETARÍA DE EDUCACIÓN - SED | E17: 0.4 | F17: =106487*4 -> 425948 | G17: 106487 | H17: 106487 | I17: 106487 | J17: =+G17/F17 -> 0.25 | K17: =+H17/F17 -> 0.25 | L17: =+I17/F17 -> 0.25 | M17: =+(G17/F17)*E17 -> 0.1 | N17: =+(H17/F17)*E17 -> 0.1 | P17: 100207 | Q17: 101017 | R17: 106414 | S17: 106487 | T17: 106487 | U17: 106487 | V17: =+Q17+R17+S17+T17+U17 -> 526892 | W17: =+V17+P17+AB17 -> 840073 | X17: 106487 | Y17: 106487 | AB17: =+X17+Y17+Z17+AA17 -> 212974 | AC17: =+(P17/G17) -> 0.94102567 | AD17: =+(S17/H17)*(0.75+0.125+0.125) -> 1 | AE17: 0.5 | AF17: =+AC17*E17 -> 0.37641027 | AG17: =+AD17*E17 -> 0.4 | AH17: =+AE17*E17 -> 0.2 | AI17: =+P17/F17 -> 0.23525642 | AJ17: 0.48190308 | AK17: =+AJ17+0.0625+0.0625 -> 0.60690308 | AL17: =+AI17*E17 -> 0.094102567 | AM17: =+AJ17*E17 -> 0.19276123 | AN17: =+AK17*E17 -> 0.24276123 | AO17: REVISADO DIC 2024 | AP17: REVISAR CALCULO DE AVANCE CON ENLACE | AQ17: SE INCLUYE CUANDO SE AVALEN LA CIFRA CON LA SED | AR17: REVISADO 30 DE JUNIO | AS17: REVISADO 15 DE SEPTIEMBRE 2025 | AT17: REVISADO 15 DE NOVIEMBRE 2025 | AU17: REVISADO 31 DE DICIEMBRE 2025 | AV17: REVISADO MARZO 2026 | AW17: REVISADO JUNIO 2026
B18: Número de estudiantes de Instituciones Educativas Oficiales atendidos con transporte escolar | C18: Atender a cinco mil quinientos (5.500) estudiantes anualmente con transporte escolar | D18: SECRETARÍA DE EDUCACIÓN - SED | E18: 0.2 | F18: 22000 | G18: 5500 | H18: 5500 | I18: 5500 | J18: =+G18/F18 -> 0.25 | K18: =+H18/F18 -> 0.25 | L18: =+I18/F18 -> 0.25 | M18: =+(G18/F18)*E18 -> 0.05 | N18: =+(H18/F18)*E18 -> 0.05 | P18: 5011 | Q18: 1787 | R18: 1100 | S18: 0 | T18: 1067 | U18: 0 | V18: =+Q18+R18+T18 -> 3954 | W18: =+V18+P18+AB18 -> 11845 | X18: 2880 | Y18: 0 | AB18: =+X18+Y18+Z18+AA18 -> 2880 | AC18: =+(P18/G18) -> 0.91109091 | AD18: =+V18/H18 -> 0.71890909 | AE18: =+AB18/I18 -> 0.52363636 | AF18: =+AC18*E18 -> 0.18221818 | AG18: =+AD18*E18 -> 0.14378182 | AH18: =+AE18*E18 -> 0.10472727 | AI18: =+P18/F18 -> 0.22777273 | AJ18: 0.4075 | AK18: =+W18/F18 -> 0.53840909 | AL18: =+AI18*E18 -> 0.045554545 | AM18: =+AJ18*E18 -> 0.0815 | AN18: =+AK18*E18 -> 0.10768182 | AO18: REVISADO DIC 2024 | AP18: REVISADO MARZO 2025 | AR18: REVISADO 30 DE JUNIO | AS18: REVISADO 15 DE SEPTIEMBRE 2025 | AT18: REVISADO 15 DE NOVIEMBRE 2025 | AU18: REVISADO 31 DE DICIEMBRE 2025 | AV18: REVISADO MARZO 2026 | AW18: REVISADO JUNIO 2026
B19: Número de estudiantes de Instituciones Educativas Oficiales atendidos con otras estrategias de permanencia (kits escolares, uniformes, y jornadas escolares complementarias) | C19: Atender a diez mil (10.000) estudiantes anualmente con otras estrategias de permanencia | D19: SECRETARÍA DE EDUCACIÓN - SED | E19: 0.25 | F19: 40000 | G19: 10000 | H19: 10000 | I19: 10000 | J19: =+G19/F19 -> 0.25 | K19: =+H19/F19 -> 0.25 | L19: =+I19/F19 -> 0.25 | M19: =+(G19/F19)*E19 -> 0.0625 | N19: =+(H19/F19)*E19 -> 0.0625 | P19: 11786 | Q19: 6000 | R19: 1400 | S19: 2125 | T19: 500 | U19: 0 | V19: =+Q19+R19+S19+T19+U19 -> 10025 | W19: =+V19+P19+AB19 -> 31811 | X19: 7000 | Y19: 3000 | AB19: =+X19+Y19+Z19+AA19 -> 10000 | AC19: 1 | AD19: 1 | AE19: =+AB19/I19 -> 1 | AF19: =+AC19*E19 -> 0.25 | AG19: =+AD19*E19 -> 0.25 | AH19: =+AE19*E19 -> 0.25 | AI19: =+P19/F19 -> 0.29465 | AJ19: 0.545275 | AK19: =+W19/F19 -> 0.795275 | AL19: =+AI19*E19 -> 0.0736625 | AM19: =+AJ19*E19 -> 0.13631875 | AN19: =+AK19*E19 -> 0.19881875 | AO19: REVISADO DIC 2024 | AP19: REVISADO MARZO 2025 | AR19: REVISADO 30 DE JUNIO | AS19: REVISADO 15 DE SEPTIEMBRE 2025 | AT19: REVISADO 15 DE NOVIEMBRE 2025 | AU19: REVISADO 31 DE DICIEMBRE 2025 | AV19: REVISADO MARZO 2026 | AW19: REVISADO JUNIO 2026
B20: Planes Institucionales de Permanencia Escolar – PIPE, formulados e implementados en Instituciones Educativas Oficiales | C20: Formular e implementar Planes Institucionales de Permanencia Escolar - PIPE en cuarenta y cinco (45) Instituciones Educativas Oficiales | D20: SECRETARÍA DE EDUCACIÓN - SED | E20: 0.05 | F20: 45 | G20: 10 | H20: 15 | I20: 15 | J20: =+G20/F20 -> 0.22222222 | K20: =+H20/F20 -> 0.33333333 | L20: =+I20/F20 -> 0.33333333 | M20: =+(G20/F20)*E20 -> 0.011111111 | N20: =+(H20/F20)*E20 -> 0.016666667 | P20: 10 | Q20: 0 | R20: 0 | S20: 10 | T20: 4 | U20: 1 | V20: =+S20+T20+U20+Q20+R20 -> 15 | W20: =+V20+P20+AB20 -> 32 | X20: 0 | Y20: 7 | AB20: =+X20+Y20+Z20+AA20 -> 7 | AC20: 1 | AD20: =+V20/H20 -> 1 | AE20: =+AB20/I20 -> 0.46666667 | AF20: =+AC20*E20 -> 0.05 | AG20: =+AD20*E20 -> 0.05 | AH20: =+AE20*E20 -> 0.023333333 | AI20: =+P20/F20 -> 0.22222222 | AJ20: 0.55555556 | AK20: =+W20/F20 -> 0.71111111 | AL20: =+AI20*E20 -> 0.011111111 | AM20: =+AJ20*E20 -> 0.027777778 | AN20: =+AK20*E20 -> 0.035555556 | AO20: REVISADO DIC 2024 | AP20: REVISADO MARZO 2025 | AR20: REVISADO 30 DE JUNIO | AS20: REVISADO 15 DE SEPTIEMBRE 2025 | AT20: REVISADO 15 DE NOVIEMBRE 2025 | AU20: REVISADO 31 DE DICIEMBRE 2025 | AV20: REVISADO MARZO 2026 | AW20: REVISADO JUNIO 2026
B21: YO CUENTO | E21: 0.1 | J21: =+AVERAGE(J22:J28) -> 0.28974633 | K21: =+AVERAGE(K22:K28) -> 0.22570673 | L21: =+AVERAGE(L22:L28) -> 0.21716221 | M21: =+M22+M23+M24+M25+M26+M27+M28 -> 0.28333533 | N21: =+N22+N23+N24+N25+N26+N27+N28 -> 0.22066402 | AC21: =+AVERAGE(AC22:AC28) -> 0.85714286 | AD21: =+AVERAGE(AD22:AD28) -> 0.75412918 | AE21: =+AVERAGE(AE22:AE28) -> 0.63802922 | AF21: =+(AF22+AF23+AF24+AF25+AF26+AF27+AF28)*E21 -> 0.075 | AG21: =+(AG22+AG23+AG24+AG25+AG26+AG27+AG28)*E21 -> 0.077960863 | AH21: =+(AH22+AH23+AH24+AH25+AH26+AH27+AH28)*E21 -> 0.062102979 | AI21: =+AVERAGE(AI22:AI28) -> 0.38444242 | AJ21: 0.54770159 | AK21: =+AVERAGE(AK22:AK28) -> 0.6701809 | AL21: =+(AL22+AL23+AL24+AL25+AL26+AL27+AL28)*E21 -> 0.039090986 | AM21: =+(AM22+AM23+AM24+AM25+AM26+AM27+AM28) -> 0.56458837 | AN21: =+(AN22+AN23+AN24+AN25+AN26+AN27+AN28) -> 0.68045505
B22: Número de Instituciones Educativas Oficiales vinculadas a estrategias para el fortalecimiento de la oferta de educación inclusiva para preescolar, básica y media | C22: Vincular a setenta y dos (72) Instituciones Educativas Oficiales a estrategias para el fortalecimiento de la oferta de educación inclusiva para preescolar, básica y media | D22: SECRETARÍA DE EDUCACIÓN - SED | E22: 0.1 | F22: 72 | G22: 48 | H22: 8 | I22: 8 | J22: =+G22/F22 -> 0.66666667 | K22: =+H22/F22 -> 0.11111111 | L22: =+I22/F22 -> 0.11111111 | M22: =+(G22/F22)*E22 -> 0.066666667 | N22: =+(H22/F22)*E22 -> 0.011111111 | P22: 48 | Q22: 0 | R22: 8 | S22: 0 | T22: 0 | U22: 0 | V22: =+Q22+R22+S22+T22+U22 -> 8 | W22: =+V22+P22+AB22 -> 184 | X22: 64 | Y22: 64 | AB22: =+X22+Y22+Z22+AA22 -> 128 | AC22: 1 | AD22: =+V22/H22 -> 1 | AE22: 1 | AF22: =+AC22*E22 -> 0.1 | AG22: =+AD22*E22 -> 0.1 | AH22: =+AE22*E22 -> 0.1 | AI22: =+P22/F22 -> 0.66666667 | AJ22: 0.77777778 | AK22: 1 | AL22: =+AI22*E22 -> 0.066666667 | AM22: =+AJ22*E22 -> 0.077777778 | AN22: =+AK22*E22 -> 0.1 | AO22: REVISADO DIC 2024 | AP22: REVISADO MARZO 2025 | AR22: REVISADO 30 DE JUNIO | AS22: REVISADO 15 DE SEPTIEMBRE 2025 | AT22: REVISADO 15 DE NOVIEMBRE 2025 | AU22: REVISADO 31 DE DICIEMBRE 2025 | AV22: REVISADO MARZO 2026 | AW22: REVISADO JUNIO 2026
B23: Número de aulas hospitalarias para la atención de niños, niñas, adolescentes y jóvenes en condición de enfermedad habilitadas | C23: Habilitar cuatro (4) Aulas Hospitalarias para la atención de niños, niñas, adolescentes y jóvenes en condición de enfermedad | D23: SECRETARÍA DE EDUCACIÓN - SED | E23: 0.15 | F23: 4 | G23: 2 | H23: 1 | I23: 1 | J23: =+G23/F23 -> 0.5 | K23: =+H23/F23 -> 0.25 | M23: =+(G23/F23)*E23 -> 0.075 | N23: =+(H23/F23)*E23 -> 0.0375 | P23: 3 | Q23: 0 | R23: 0 | S23: 1 | T23: 0 | U23: 0 | V23: =+Q23+R23+S23+T23+U23 -> 1 | W23: =+V23+P23+AB23 -> 6 | X23: 1 | Y23: 1 | AB23: =+X23+Y23+Z23+AA23 -> 2 | AC23: 1 | AD23: =+V23/H23 -> 1 | AE23: 1 | AF23: =+AC23*E23 -> 0.15 | AG23: =+AD23*E23 -> 0.15 | AH23: =+AE23*E23 -> 0.15 | AI23: =+P23/F23 -> 0.75 | AJ23: 1 | AK23: 1 | AL23: =+AI23*E23 -> 0.1125 | AM23: =+AJ23*E23 -> 0.15 | AN23: =+AK23*E23 -> 0.15 | AO23: REVISADO DIC 2024 | AP23: REVISAR CON ENLACE YA QUE DA POR CUMPLIDA ESTA META CUANDO AUN FALTA PARA EL 100% | AR23: REVISADO 30 DE JUNIO | AS23: REVISADO 15 DE SEPTIEMBRE 2025 | AT23: REVISADO 15 DE NOVIEMBRE 2025 | AU23: REVISADO 31 DE DICIEMBRE 2025 | AV23: REVISADO MARZO 2026 | AW23: REVISADO JUNIO 2026
B24: Número de Instituciones Educativas Oficiales con modelos educativos flexibles implementados | C24: Implementar veintisiete (27) Instituciones Educativas Oficiales con modelos educativos flexibles | D24: SECRETARÍA DE EDUCACIÓN - SED | E24: 0.2 | F24: 27 | G24: 2 | H24: 2 | I24: 3 | J24: =+G24/F24 -> 0.074074074 | K24: =+H24/F24 -> 0.074074074 | L24: =+I24/F24 -> 0.11111111 | M24: =+(G24/F24)*E24 -> 0.014814815 | N24: =+(H24/F24)*E24 -> 0.014814815 | P24: 20 | Q24: 5 | R24: 0 | S24: 0 | T24: 0 | U24: 0 | V24: =+Q24+R24+S24+T24+U24 -> 5 | W24: =+V24+P24+AB24 -> 25 | X24: 0 | Y24: 0 | AB24: =+X24+Y24+Z24+AA24 -> 0 | AC24: 1 | AD24: 1 | AE24: =+AB24/I24 -> 0 | AF24: =+AC24*E24 -> 0.2 | AG24: =+AD24*E24 -> 0.2 | AH24: =+AE24*E24 -> 0 | AI24: =+P24/F24 -> 0.74074074 | AJ24: 0.92592593 | AK24: =+W24/F24 -> 0.92592593 | AL24: =+AI24*E24 -> 0.14814815 | AM24: =+AJ24*E24 -> 0.18518519 | AN24: =+AK24*E24 -> 0.18518519 | AO24: REVISADO DIC 2024 | AP24: REVISADO MARZO 2025 | AR24: REVISADO 30 DE JUNIO | AS24: REVISADO 15 DE SEPTIEMBRE 2025 | AT24: REVISADO 15 DE NOVIEMBRE 2025 | AU24: REVISADO 31 DE DICIEMBRE 2025 | AV24: REVISADO MARZO 2026 | AW24: REVISADO JUNIO 2026
B25: Número de niños, niñas, adolescentes y jóvenes en extraedad, que se encuentran dentro de la oferta regular, atendidos con modelos educativos flexibles en el sistema educativo oficial | C25: Atender con modelos educativos flexibles a cuatro mil (4.000) niños, niñas, adolescentes y jóvenes en extraedad, que se encuentran dentro de la oferta regular del sistema educativo oficial | D25: SECRETARÍA DE EDUCACIÓN - SED | E25: 0.25 | F25: 4000 | G25: 1000 | H25: 1000 | I25: 1000 | J25: =+G25/F25 -> 0.25 | K25: =+H25/F25 -> 0.25 | L25: =+I25/F25 -> 0.25 | M25: =+(G25/F25)*E25 -> 0.0625 | N25: =+(H25/F25)*E25 -> 0.0625 | P25: 0 | Q25: 481 | R25: 171 | S25: 169 | T25: 0 | U25: 0 | V25: =+Q25+R25+S25+T25+U25 -> 821 | W25: =+V25+P25+AB25 -> 1749 | X25: 928 | Y25: 0 | AB25: =+X25+Y25+Z25+AA25 -> 928 | AC25: =+(P25/G25) -> 0 | AD25: =+V25/H25 -> 0.821 | AE25: =+AB25/I25 -> 0.928 | AF25: =+AC25*E25 -> 0 | AG25: =+AD25*E25 -> 0.20525 | AH25: =+AE25*E25 -> 0.232 | AI25: =+P25/F25 -> 0 | AJ25: 0.20525 | AK25: =+W25/F25 -> 0.43725 | AL25: =+AI25*E25 -> 0 | AM25: =+AJ25*E25 -> 0.0513125 | AN25: =+AK25*E25 -> 0.1093125 | AO25: REVISADO DIC 2024 | AP25: REVISADO MARZO 2025 | AQ25: REVISADO JUNIO 10 | AR25: REVISAR CON ENLACE EL PROGRAMADO Y REPORTE A JUNIO 2025 | AS25: REVISADO 15 DE SEPTIEMBRE 2025 | AT25: REVISADO 15 DE NOVIEMBRE 2025 | AU25: REVISAR CON ENLACE | AV25: REVISADO MARZO 2026 | AW25: REVISADO JUNIO 2026
B26: Número de niños, niñas, adolescentes y jóvenes en extraedad, que se encuentran por fuera del sistema educativo oficial, atendidos con modelos educativos flexibles | C26: Atender con modelos educativos flexibles a tres mil seiscientos noventa (3.690) niños, niñas, adolescentes y jóvenes en extraedad, que se encuentran por fuera del sistema educativo oficial | D26: SECRETARÍA DE EDUCACIÓN - SED | E26: 0.2 | F26: 3690 | G26: 922 | H26: 1230 | I26: 920 | J26: =+G26/F26 -> 0.2498645 | K26: =+H26/F26 -> 0.33333333 | L26: =+I26/F26 -> 0.24932249 | M26: =+(G26/F26)*E26 -> 0.0499729 | N26: =+(H26/F26)*E26 -> 0.066666667 | P26: 908 | Q26: 50 | R26: 372 | S26: 0 | T26: 0 | U26: 0 | V26: =+Q26+R26+S26+T26+U26 -> 422 | W26: =+V26+P26+AB26 -> 1711 | X26: 317 | Y26: 64 | AB26: =+X26+Y26+Z26+AA26 -> 381 | AC26: 1 | AD26: =+V26/H26 -> 0.34308943 | AE26: =+AB26/I26 -> 0.41413043 | AF26: =+AC26*E26 -> 0.2 | AG26: =+AD26*E26 -> 0.068617886 | AH26: =+AE26*E26 -> 0.082826087 | AI26: =+P26/F26 -> 0.24607046 | AJ26: 0.3604336 | AK26: =+W26/F26 -> 0.46368564 | AL26: =+AI26*E26 -> 0.049214092 | AM26: =+AJ26*E26 -> 0.072086721 | AN26: =+AK26*E26 -> 0.092737127 | AO26: REVISADO DIC 2024 | AP26: REVISADO MARZO 2025 | AQ26: REVISADO JUNIO 10 | AR26: REVISAR CON ENLACE EL PROGRAMADO Y REPORTE A JUNIO 2026 | AS26: REVISADO 15 DE SEPTIEMBRE 2025 | AT26: REVISADO 15 DE NOVIEMBRE 2025 | AU26: REVISAR CON ENLACE | AV26: REVISADO MARZO 2026 | AW26: REVISADO JUNIO 2026
B27: Número de personas atendidas con modelos de alfabetización | C27: Atender a ocho mil cuatrocientas (8.400) personas con modelos de alfabetización | D27: SECRETARÍA DE EDUCACIÓN - SED | E27: 0.05 | F27: 8400 | G27: 400 | H27: 2700 | I27: 2700 | J27: =+G27/F27 -> 0.047619048 | K27: =+H27/F27 -> 0.32142857 | L27: =+I27/F27 -> 0.32142857 | M27: =+(G27/F27)*E27 -> 0.0023809524 | N27: =+(H27/F27)*E27 -> 0.016071429 | P27: 400 | Q27: 0 | R27: 255 | S27: 55 | T27: 0 | V27: =+Q27+R27+S27+T27+U27 -> 310 | W27: =+V27+P27+AB27 -> 1045 | X27: 106 | Y27: 229 | AB27: =+X27+Y27+Z27+AA27 -> 335 | AC27: 1 | AD27: =+V27/H27 -> 0.11481481 | AE27: =+AB27/I27 -> 0.12407407 | AF27: =+AC27*E27 -> 0.05 | AG27: =+AD27*E27 -> 0.0057407407 | AH27: =+AE27*E27 -> 0.0062037037 | AI27: =+P27/F27 -> 0.047619048 | AJ27: 0.08452381 | AK27: =+W27/F27 -> 0.12440476 | AL27: =+AI27*E27 -> 0.0023809524 | AM27: =+AJ27*E27 -> 0.0042261905 | AN27: =+AK27*E27 -> 0.0062202381 | AO27: REVISADO DIC 2024 | AP27: REVISADO MARZO 2025 | AQ27: REVISADO JUNIO 10 | AR27: REVISADO 30 DE JUNIO | AS27: REVISADO 15 DE SEPTIEMBRE 2025 | AT27: REVISADO 15 DE NOVIEMBRE 2025 | AU27: REVISADO 31 DE DICIEMBRE 2025 | AV27: REVISADO MARZO 2026 | AW27: REVISADO JUNIO 2026
B28: Número de Instituciones Educativas Oficiales con estudiantes con capacidades excepcionales vinculados a Escuela de Talentos | C28: Vincular estudiantes con capacidades excepcionales a la Escuela de Talentos en cincuenta (50) Instituciones Educativas Oficiales | D28: SECRETARÍA DE EDUCACIÓN - SED | E28: 0.05 | F28: 50 | G28: 12 | H28: 12 | I28: 13 | J28: =+G28/F28 -> 0.24 | K28: =+H28/F28 -> 0.24 | L28: =+I28/F28 -> 0.26 | M28: =+(G28/F28)*E28 -> 0.012 | N28: =+(H28/F28)*E28 -> 0.012 | P28: 12 | Q28: 0 | R28: 12 | S28: 0 | T28: 0 | V28: =+Q28+R28+S28+T28+U28 -> 12 | W28: =+V28+P28+AB28 -> 37 | X28: 13 | Y28: 0 | AB28: =+X28+Y28+Z28+AA28 -> 13 | AC28: 1 | AD28: =+V28/H28 -> 1 | AE28: =+AB28/I28 -> 1 | AF28: =+AC28*E28 -> 0.05 | AG28: =+AD28*E28 -> 0.05 | AH28: =+AE28*E28 -> 0.05 | AI28: =+P28/F28 -> 0.24 | AJ28: 0.48 | AK28: =+W28/F28 -> 0.74 | AL28: =+AI28*E28 -> 0.012 | AM28: =+AJ28*E28 -> 0.024 | AN28: =+AK28*E28 -> 0.037 | AO28: REVISADO DIC 2024 | AP28: REVISADO MARZO 2025 | AR28: REVISADO 30 DE JUNIO | AS28: REVISADO 15 DE SEPTIEMBRE 2025 | AT28: REVISADO 15 DE NOVIEMBRE 2025 | AU28: REVISADO 31 DE DICIEMBRE 2025 | AV28: REVISADO MARZO 2026 | AW28: REVISADO JUNIO 2026
B29: ESCUELA HOGAR | E29: 0.05 | J29: =+AVERAGE(J30:J33) -> 0.15707667 | K29: =+AVERAGE(K30:K33) -> 0.26624624 | L29: =+AVERAGE(L30:L33) -> 0.25778816 | M29: =+M30+M31+M32+M33 -> 0.14557659 | N29: =+N30+N31+N32+N33 -> 0.26363258 | AC29: =+AVERAGE(AC30:AC33) -> 0.98 | AD29: =+AVERAGE(AD30:AD33) -> 1 | AE29: =+AVERAGE(AE30:AE33) -> 0.95535714 | AF29: =+(AF30+AF31+AF32+AF33)*E29 -> 0.0492 | AG29: =+(AG30+AG31+AG32+AG33)*E29 -> 0.05 | AH29: =+(AH30+AH31+AH32+AH33)*E29 -> 0.048214286 | AI29: =+AVERAGE(AI30:AI33) -> 0.28525463 | AJ29: 0.78257168 | AK29: =+AVERAGE(AK30:AK33) -> 0.94934065 | AL29: =+(AL30+AL31+AL32+AL33)*E29 -> 0.014958914 | AM29: =+(AM30+AM31+AM32+AM33) -> 0.80359971 | AN29: =+(AN30+AN31+AN32+AN33) -> 0.95120981
B30: Número de Instituciones Educativas Oficiales con proyectos pedagógicos transversales de cultura, deporte, recreación, actividad física y artes implementados | C30: Implementar proyectos pedagógicos transversales de cultura, deporte, recreación, actividad física y artes en cincuenta y nueve (59) Instituciones Educativas Oficiales | D30: SECRETARÍA DE EDUCACIÓN - SED | E30: 0.25 | F30: 236 | G30: 10 | H30: 59 | I30: 59 | J30: =+G30/F30 -> 0.042372881 | K30: =+H30/F30 -> 0.25 | L30: =+I30/F30 -> 0.25 | M30: =+(G30/F30)*E30 -> 0.01059322 | N30: =+(H30/F30)*E30 -> 0.0625 | P30: 71 | Q30: 59 | R30: 0 | S30: 0 | T30: 0 | U30: 0 | V30: =+Q30+R30+S30+T30+U30 -> 59 | W30: =+V30+P30+AB30 -> 197 | X30: 47 | Y30: 20 | AB30: =+X30+Y30+Z30+AA30 -> 67 | AC30: 1 | AD30: =+V30/H30 -> 1 | AE30: 1 | AF30: =+AC30*E30 -> 0.25 | AG30: =+AD30*E30 -> 0.25 | AH30: =+AE30*E30 -> 0.25 | AI30: =+P30/F30 -> 0.30084746 | AJ30: 0.55084746 | AK30: =+W30/F30 -> 0.83474576 | AL30: =+AI30*E30 -> 0.075211864 | AM30: =+AJ30*E30 -> 0.13771186 | AN30: =+AK30*E30 -> 0.20868644 | AO30: REVISADO DIC 2024 | AP30: REVISADO MARZO 2025 | AQ30: REVISADO JUNIO 10 | AR30: REVISADO 30 DE JUNIO | AS30: REVISADO 15 DE SEPTIEMBRE 2025 | AT30: REVISADO 15 DE NOVIEMBRE 2025 | AU30: REVISADO 31 DE DICIEMBRE 2025 | AV30: REVISADO MARZO 2026 | AW30: REVISADO JUNIO 2026
B31: Número de Instituciones Educativas Oficiales con proyectos pedagógicos transversales de educación ambiental, emprendimiento y otros implementados | C31: Implementar proyectos pedagógicos transversales de educación ambiental, emprendimiento y otros en cincuenta y nueve (59) Instituciones Educativas Oficiales | D31: SECRETARÍA DE EDUCACIÓN - SED | E31: 0.35 | F31: 59 | G31: 7 | H31: 15 | I31: 15 | J31: =+G31/F31 -> 0.11864407 | K31: =+H31/F31 -> 0.25423729 | M31: =+(G31/F31)*E31 -> 0.041525424 | N31: =+(H31/F31)*E31 -> 0.088983051 | P31: 22 | Q31: 0 | R31: 15 | S31: 8 | T31: 0 | U31: 23 | V31: =+Q31+R31+S31+T31+U31 -> 46 | W31: =+V31+P31+AB31 -> 94 | X31: 16 | Y31: 10 | AB31: =+X31+Y31+Z31+AA31 -> 26 | AC31: 1 | AD31: 1 | AE31: 1 | AF31: =+AC31*E31 -> 0.35 | AG31: =+AD31*E31 -> 0.35 | AH31: =+AE31*E31 -> 0.35 | AI31: =+P31/F31 -> 0.37288136 | AJ31: 1 | AK31: 1 | AL31: =+AI31*E31 -> 0.13050847 | AM31: =+AJ31*E31 -> 0.35 | AN31: =+AK31*E31 -> 0.35 | AO31: REVISADO DIC 2024 | AP31: REVISADO MARZO 2025 | AR31: REVISADO 30 DE JUNIO | AS31: REVISADO 15 DE SEPTIEMBRE 2025 | AT31: REVISAR CON ENLACE | AU31: REVISAR CON ENLACE | AV31: REVISADO MARZO 2026 | AW31: REVISADO JUNIO 2026
B32: Numero de Instituciones Educativas Oficiales asistidas en su sistema escolar de convivencia, habilidades para la vida y la paz y gobierno escolar | C32: Asistir a ciento siete (107) Instituciones Educativas Oficiales en su sistema escolar de convivencia, habilidades para la vida y la paz y gobierno escolar | D32: SECRETARÍA DE EDUCACIÓN - SED | E32: 0.2 | F32: 107 | G32: 25 | H32: 30 | I32: 28 | J32: =+G32/F32 -> 0.23364486 | K32: =+H32/F32 -> 0.28037383 | L32: =+I32/F32 -> 0.26168224 | M32: =+(G32/F32)*E32 -> 0.046728972 | N32: =+(H32/F32)*E32 -> 0.056074766 | P32: 27 | Q32: 21 | R32: 30 | S32: 7 | T32: 12 | U32: 0 | V32: =+Q32+R32+S32+T32+U32 -> 70 | W32: =+V32+P32+AB32 -> 120 | X32: 23 | Y32: 0 | AB32: =+X32+Y32+Z32+AA32 -> 23 | AC32: 1 | AD32: 1 | AE32: =+AB32/I32 -> 0.82142857 | AF32: =+AC32*E32 -> 0.2 | AG32: =+AD32*E32 -> 0.2 | AH32: =+AE32*E32 -> 0.16428571 | AI32: =+P32/F32 -> 0.25233645 | AJ32: 0.90654206 | AK32: 1 | AL32: =+AI32*E32 -> 0.05046729 | AM32: =+AJ32*E32 -> 0.18130841 | AN32: =+AK32*E32 -> 0.2 | AO32: REVISADO DIC 2024 | AP32: REVISADO MARZO 2025 | AR32: REVISADO 30 DE JUNIO | AS32: REVISADO 15 DE SEPTIEMBRE 2025 | AT32: REVISADO 15 DE NOVIEMBRE 2025 | AU32: REVISADO 31 DE DICIEMBRE 2025 | AV32: REVISADO MARZO 2026 | AW32: REVISADO JUNIO 2026
B33: Número de Instituciones Educativas Oficiales que implementan el Acuerdo Distrital No. 113 de 2022 | C33: Implementar el Acuerdo Distrital No. 113 de 2022 en ciento siete (107) Instituciones Educativas Oficiales, de formación en derechos humanos de las mujeres y prevención de las violencias de género, dirigido a niñas, niños y jóvenes | D33: SECRETARÍA DE EDUCACIÓN - SED | E33: 0.2 | F33: 107 | G33: 25 | H33: 30 | I33: 28 | J33: =+G33/F33 -> 0.23364486 | K33: =+H33/F33 -> 0.28037383 | L33: =+I33/F33 -> 0.26168224 | M33: =+(G33/F33)*E33 -> 0.046728972 | N33: =+(H33/F33)*E33 -> 0.056074766 | P33: 23 | Q33: 0 | R33: 30 | S33: 7 | T33: 12 | U33: 0 | V33: =+Q33+R33+S33+T33+U33 -> 49 | W33: =+V33+P33+AB33 -> 103 | X33: 15 | Y33: 16 | AB33: =+X33+Y33+Z33+AA33 -> 31 | AC33: =+P33/G33 -> 0.92 | AD33: 1 | AE33: 1 | AF33: =+AC33*E33 -> 0.184 | AG33: =+AD33*E33 -> 0.2 | AH33: =+AE33*E33 -> 0.2 | AI33: =+P33/F33 -> 0.21495327 | AJ33: 0.6728972 | AK33: =+W33/F33 -> 0.96261682 | AL33: =+AI33*E33 -> 0.042990654 | AM33: =+AJ33*E33 -> 0.13457944 | AN33: =+AK33*E33 -> 0.19252336 | AO33: REVISADO DIC 2024 | AP33: REVISADO MARZO 2025 | AQ33: REVISADO JUNIO 10 | AR33: REVISADO 30 DE JUNIO | AS33: REVISADO 15 DE SEPTIEMBRE 2025 | AT33: REVISADO 15 DE NOVIEMBRE 2025 | AU33: REVISADO 31 DE DICIEMBRE 2025 | AV33: REVISADO MARZO 2026 | AW33: REVISADO JUNIO 2026
B34: CARTAGENA TERRITORIO PLURILINGÜE | E34: 0.02 | J34: =+AVERAGE(J35:J38) -> 0.44396853 | K34: =+AVERAGE(K35:K38) -> 0.27170746 | L34: =+AVERAGE(L35:L38)/2 -> 0.12613636 | M34: =+M35+M36+M37+M38 -> 0.55517483 | N34: =+N35+N36+N37+N38 -> 0.28403263 | AC34: =+AVERAGE(AC35:AC38) -> 0.28083333 | AD34: =+AVERAGE(AD35:AD38) -> 0.96666667 | AE34: =+AVERAGE(AE35:AE38) -> 0.5 | AF34: =+(AF35+AF36+AF37+AF38)*E34 -> 0.0058266667 | AG34: =+(AG35+AG36+AG37+AG38)*E34 -> 0.019466667 | AH34: =+(AH35+AH36+AH37+AH38)*E34 -> 0.012 | AI34: =+AVERAGE(AI35:AI38) -> 0.14352564 | AJ34: 0.64242424 | AK34: =+AVERAGE(AK35:AK38) -> 0.64242424 | AL34: =+(AL35+AL36+AL37+AL38)*E34 -> 0.0036297436 | AM34: =+(AM35+AM36+AM37+AM38) -> 0.71393939 | AN34: =+(AN35+AN36+AN37+AN38) -> 0.71393939
B35: Numero de Instituciones Educativas Oficiales asistidas técnicamente en el proceso de tránsito de Proyecto Educativo Institucional – PEI a Proyecto Educativo Comunitario - PEC o Proyecto Educativo Intercultural acorde con la pertinencia con respecto a la caracterización y perfil educativo del territorio | C35: Asitir tecnicamente a trece (13) Instituciones Educativas Oficiales en el proceso de tránsito de Proyecto Educativo Institucional – PEI a Proyecto Educativo Comunitario - PEC o Proyecto Educativo Intercultural | D35: SECRETARÍA DE EDUCACIÓN - SED | E35: 0.2 | F35: 13 | G35: 4 | H35: 3 | I35: 3 | J35: =+G35/F35 -> 0.30769231 | K35: =+H35/F35 -> 0.23076923 | M35: =+(G35/F35)*E35 -> 0.061538462 | N35: =+(H35/F35)*E35 -> 0.046153846 | P35: 3 | Q35: 0 | R35: 3 | S35: 6 | T35: 2 | U35: 0 | V35: =+Q35+R35+S35+T35+U35 -> 11 | W35: =+V35+P35+AB35 -> 17 | X35: 1 | Y35: 2 | AB35: =+X35+Y35+Z35+AA35 -> 3 | AC35: =+P35/G35 -> 0.75 | AD35: 1 | AE35: =+AB35/I35 -> 1 | AF35: =+AC35*E35 -> 0.15 | AG35: =+AD35*E35 -> 0.2 | AH35: =+AE35*E35 -> 0.2 | AI35: =+P35/F35 -> 0.23076923 | AJ35: 1 | AK35: 1 | AL35: =+AI35*E35 -> 0.046153846 | AM35: =+AJ35*E35 -> 0.2 | AN35: =+AK35*E35 -> 0.2 | AO35: REVISADO DIC 2024 | AP35: REVISADO MARZO 2025 | AQ35: REVISADO JUNIO 10 | AR35: REVISADO 30 DE JUNIO | AS35: REVISADO 15 DE SEPTIEMBRE 2025 | AT35: REVISADO 15 DE NOVIEMBRE 2025 | AU35: REVISADO 31 DE DICIEMBRE 2025 | AV35: REVISADO MARZO 2026 | AW35: REVISADO JUNIO 2026
B36: Número de Instituciones Educativas Oficiales con Cátedra de Estudios Afrocolombianos (CEA) implementada | C36: Implementar la Cátedra de Estudios Afrocolombianos (CEA) en seis (6) Instituciones Educativas Oficiales adicionales | D36: SECRETARÍA DE EDUCACIÓN - SED | E36: 0.4 | F36: 6 | G36: 6 | H36: 2 | I36: 2 | J36: =+G36/F36 -> 1 | K36: =+H36/F36 -> 0.33333333 | M36: =+(G36/F36)*E36 -> 0.4 | N36: =+(H36/F36)*E36 -> 0.13333333 | P36: 2 | Q36: 0 | R36: 1 | S36: 4 | T36: 0 | U36: 0 | V36: =+Q36+R36+S36+T36+U36 -> 5 | W36: =+V36+P36+AB36 -> 11 | X36: 3 | Y36: 1 | AB36: =+X36+Y36+Z36+AA36 -> 4 | AC36: =+(P36/G36) -> 0.33333333 | AD36: 1 | AE36: 1 | AF36: =+AC36*E36 -> 0.13333333 | AG36: =+AD36*E36 -> 0.4 | AH36: =+AE36*E36 -> 0.4 | AI36: =+P36/F36 -> 0.33333333 | AJ36: 1 | AK36: 1 | AL36: =+AI36*E36 -> 0.13333333 | AM36: =+AJ36*E36 -> 0.4 | AN36: =+AK36*E36 -> 0.4 | AO36: REVISADO DIC 2024 | AP36: REVISADO MARZO 2025 | AQ36: REVISADO JUNIO 10 | AR36: REVISADO 30 DE JUNIO | AS36: REVISADO 15 DE SEPTIEMBRE 2025 | AT36: REVISADO 15 DE NOVIEMBRE 2025 | AU36: REVISADO 31 DE DICIEMBRE 2025 | AV36: REVISADO MARZO 2026 | AW36: REVISADO JUNIO 2026
B37: Número de Instituciones Educativas Oficiales acompañadas en el fortalecimiento de la enseñanza de lenguas extranjeras, especialmente las focalizadas en los Colegios Amigos del Turismo | C37: Acompañar a cincuenta y cinco (55) Instituciones Educativas Oficiales en el fortalecimiento de la enseñanza de lenguas extranjeras, especialmente las focalizadas en los Colegios Amigos del Turismo | D37: SECRETARÍA DE EDUCACIÓN - SED | E37: 0.2 | F37: 55 | G37: 12 | H37: 15 | I37: 14 | J37: =+G37/F37 -> 0.21818182 | K37: =+H37/F37 -> 0.27272727 | L37: =+I37/F37 -> 0.25454545 | M37: =+(G37/F37)*E37 -> 0.043636364 | N37: =+(H37/F37)*E37 -> 0.054545455 | P37: 0 | Q37: 0 | R37: 0 | S37: 13 | T37: 0 | U37: 0 | V37: =+Q37+R37+S37+T37+U37 -> 13 | W37: =+V37+P37+AB37 -> 13 | X37: 0 | Y37: 0 | AB37: =+X37+Y37+Z37+AA37 -> 0 | AC37: =+(P37/G37) -> 0 | AD37: =+V37/H37 -> 0.86666667 | AE37: =+AB37/I37 -> 0 | AF37: =+AC37*E37 -> 0 | AG37: =+AD37*E37 -> 0.17333333 | AH37: =+AE37*E37 -> 0 | AI37: =+P37/F37 -> 0 | AJ37: 0.23636364 | AK37: =+W37/F37 -> 0.23636364 | AL37: =+AI37*E37 -> 0 | AM37: =+AJ37*E37 -> 0.047272727 | AN37: =+AK37*E37 -> 0.047272727 | AO37: REVISADO DIC 2024 | AP37: REVISADO MARZO 2025 | AQ37: REVISADO JUNIO 10 | AR37: REVISADO 30 DE JUNIO | AS37: REVISADO 15 DE SEPTIEMBRE 2025 | AT37: REVISAR CON ENLACE | AU37: REVISADO 31 DE DICIEMBRE 2025 | AV37: REVISADO MARZO 2026 | AW37: REVISADO JUNIO 2026
B38: Número de docentes formados en una segunda lengua | C38: Formar a seiscientos (600) docentes en una segunda lengua | D38: SECRETARÍA DE EDUCACIÓN - SED | E38: 0.2 | F38: 600 | G38: 150 | H38: 150 | I38: 150 | J38: =+G38/F38 -> 0.25 | K38: =+H38/F38 -> 0.25 | L38: =+I38/F38 -> 0.25 | M38: =+(G38/F38)*E38 -> 0.05 | N38: =+(H38/F38)*E38 -> 0.05 | P38: 6 | Q38: 0 | R38: 0 | S38: 179 | T38: 0 | U38: 194 | V38: =+T38+U38 -> 194 | W38: =+V38+P38+AB38 -> 200 | X38: 0 | Y38: 0 | AB38: =+X38+Y38+Z38+AA38 -> 0 | AC38: =+(P38/G38) -> 0.04 | AD38: 1 | AE38: =+AB38/I38 -> 0 | AF38: =+AC38*E38 -> 0.008 | AG38: =+AD38*E38 -> 0.2 | AH38: =+AE38*E38 -> 0 | AI38: =+P38/F38 -> 0.01 | AJ38: 0.33333333 | AK38: =+W38/F38 -> 0.33333333 | AL38: =+AI38*E38 -> 0.002 | AM38: =+AJ38*E38 -> 0.066666667 | AN38: =+AK38*E38 -> 0.066666667 | AO38: REVISADO DIC 2024 | AP38: REVISADO MARZO 2025 | AQ38: REVISADO JUNIO 10 | AR38: REVISADO 30 DE JUNIO | AS38: REVISADO 15 DE SEPTIEMBRE 2025 | AT38: REVISADO 15 DE NOVIEMBRE 2025 | AU38: REVISADO 31 DE DICIEMBRE 2025 | AV38: REVISADO MARZO 2026 | AW38: REVISADO JUNIO 2026
B39: CARTAGENA MEJOR EDUCADA | E39: 0.05 | J39: =+AVERAGE(J40:J42) -> 0.40860215 | K39: =+AVERAGE(K40:K42) -> 0.19892473 | L39: =+AVERAGE(L40:L42) -> 0.25 | M39: =+M40+M41+M42 -> 0.34516129 | N39: =+N40+N41+N42 -> 0.21935484 | AC39: =+AVERAGE(AC40:AC42) -> 0.53833286 | AD39: =+AVERAGE(AD40:AD42) -> 0.84513214 | AE39: =+AVERAGE(AE40:AE42) -> 0.40185848 | AF39: =+(AF40+AF41+AF42)*E39 -> 0.022708298 | AG39: =+(AG40+AG41+AG42)*E39 -> 0.03838491 | AH39: =+(AH40+AH41+AH42)*E39 -> 0.01987272 | AI39: =+AVERAGE(AI40:AI42) -> 0.24342431 | AJ39: 0.71994032 | AK39: =+AVERAGE(AK40:AK42) -> 0.74873828 | AL39: =+(AL40+AL41+AL42)*E39 -> 0.0093589741 | AM39: =+(AM40+AM41+AM42) -> 0.57991049 | AN39: =+(AN40+AN41+AN42) -> 0.62310742
B40: Número de docentes formados en evaluación por competencias en las áreas que evalúa el ICFES | C40: Formar a seiscientos (600) docentes en evaluación por competencias en las áreas que evalúa el ICFES | D40: SECRETARÍA DE EDUCACIÓN - SED | E40: 0.3 | F40: 600 | G40: 150 | H40: 150 | I40: 150 | J40: =+G40/F40 -> 0.25 | K40: =+H40/F40 -> 0.25 | M40: =+(G40/F40)*E40 -> 0.075 | N40: =+(H40/F40)*E40 -> 0.075 | P40: 200 | Q40: 0 | R40: 509 | S40: 96 | T40: 0 | U40: 0 | V40: =+Q40+R40+S40+T40+U40 -> 605 | W40: =+V40+P40+AB40 -> 884 | Y40: 79 | AB40: =+X40+Y40+Z40+AA40 -> 79 | AC40: 1 | AD40: 1 | AE40: =+AB40/I40 -> 0.52666667 | AF40: =+AC40*E40 -> 0.3 | AG40: =+AD40*E40 -> 0.3 | AH40: =+AE40*E40 -> 0.158 | AI40: =+P40/F40 -> 0.33333333 | AJ40: 1 | AK40: 1 | AL40: =+AI40*E40 -> 0.1 | AM40: =+AJ40*E40 -> 0.3 | AN40: =+AK40*E40 -> 0.3 | AO40: REVISADO DIC 2024 | AP40: REVISADO MARZO 2025 | AR40: META CUMPLIDA 30 DE JUNIO DE 2025 | AS40: REVISADO 15 DE SEPTIEMBRE 2025 | AT40: REVISADO 15 DE NOVIEMBRE 2025 | AU40: REVISADO 31 DE DICIEMBRE 2025 | AV40: REVISADO MARZO 2026 | AW40: REVISADO JUNIO 2026
B41: Número de estudiantes de grado 9, 10 y 11 formados para las Pruebas Saber | C41: Desarrollar setenta y ocho mil doscientos (78.200) formaciones a estudiantes de grado 9, 10 y 11 de las 107 Instituciones Educativas Oficiales en procesos de preparación para las Pruebas Saber | D41: SECRETARÍA DE EDUCACIÓN - SED | E41: 0.5 | F41: 78200 | G41: 19550 | H41: 19550 | I41: 19550 | J41: =+G41/F41 -> 0.25 | K41: =+H41/F41 -> 0.25 | L41: =+I41/F41 -> 0.25 | M41: =+(G41/F41)*E41 -> 0.125 | N41: =+(H41/F41)*E41 -> 0.125 | P41: 2031 | Q41: 0 | R41: 7931 | S41: 2536 | T41: 0 | U41: 0 | V41: =+Q41+R41+S41+T41+U41 -> 10467 | W41: =+V41+P41+AB41 -> 19254 | Y41: 6756 | AB41: =+X41+Y41+Z41+AA41 -> 6756 | AC41: =+(P41/G41) -> 0.10388747 | AD41: =+V41/H41 -> 0.53539642 | AE41: =+AB41/I41 -> 0.34557545 | AF41: =+AC41*E41 -> 0.051943734 | AG41: =+AD41*E41 -> 0.26769821 | AH41: =+AE41*E41 -> 0.17278772 | AI41: =+P41/F41 -> 0.025971867 | AJ41: 0.15982097 | AK41: =+W41/F41 -> 0.24621483 | AL41: =+AI41*E41 -> 0.012985934 | AM41: =+AJ41*E41 -> 0.079910486 | AN41: =+AK41*E41 -> 0.12310742 | AO41: REVISADO DIC 2024 | AP41: REVISADO MARZO 2025 | AR41: REVISADO 30 DE JUNIO | AS41: REVISADO 15 DE SEPTIEMBRE 2025 | AT41: REVISADO 15 DE NOVIEMBRE 2025 | AU41: REVISADO 31 DE DICIEMBRE 2025 | AV41: REVISADO MARZO 2026 | AW41: REVISADO JUNIO 2026
B42: Número de Instituciones Educativas Oficiales asesoradas en el análisis y uso de resultados de Pruebas Saber | C42: Asesorar técnicamente a sesenta y dos (62) nuevas Instituciones Educativas Oficiales en el análisis y uso de resultados de Pruebas Saber | D42: SECRETARÍA DE EDUCACIÓN - SED | E42: 0.2 | F42: 62 | G42: 45 | H42: 6 | I42: 6 | J42: =+G42/F42 -> 0.72580645 | K42: =+H42/F42 -> 0.096774194 | M42: =+(G42/F42)*E42 -> 0.14516129 | N42: =+(H42/F42)*E42 -> 0.019354839 | P42: 23 | Q42: 59 | R42: 5 | S42: 27 | T42: 73 | U42: 0 | V42: =+Q42+R42+S42+T42+U42 -> 164 | W42: =+V42+P42+AB42 -> 189 | X42: 2 | Y42: 0 | AB42: =+X42+Y42+Z42+AA42 -> 2 | AC42: =+(P42/G42) -> 0.51111111 | AD42: 1 | AE42: =+AB42/I42 -> 0.33333333 | AF42: =+AC42*E42 -> 0.10222222 | AG42: =+AD42*E42 -> 0.2 | AH42: =+AE42*E42 -> 0.066666667 | AI42: =+P42/F42 -> 0.37096774 | AJ42: 1 | AK42: 1 | AL42: =+AI42*E42 -> 0.074193548 | AM42: =+AJ42*E42 -> 0.2 | AN42: =+AK42*E42 -> 0.2 | AO42: REVISADO DIC 2024 | AP42: META CUMPLIDA MARZO 2025 | AQ42: META CUMPLIDA | AR42: META CUMPLIDA 30 DE JUNIO DE 2025 | AS42: REVISADO 15 DE SEPTIEMBRE 2025 | AT42: REVISADO 15 DE NOVIEMBRE 2025 | AU42: REVISADO 31 DE DICIEMBRE 2025 | AV42: REVISADO MARZO 2026 | AW42: REVISADO JUNIO 2026
B43: LEVANTEMOS LA VOZ | E43: 0.02 | J43: =+AVERAGE(J44:J48) -> 0.4017375 | K43: =+AVERAGE(K44:K48) -> 0.22403635 | L43: =+AVERAGE(L44:L48) -> 0.21467188 | M43: =+M44+M45+M46+M47+M48 -> 0.32804397 | N43: =+N44+N45+N46+N47+N48 -> 0.24091754 | AC43: =+AVERAGE(AC44:AC48) -> 0.45333333 | AD43: =+AVERAGE(AD44:AD48) -> 0.67272727 | AE43: =+AVERAGE(AE44:AE48) -> 0.6 | AF43: =+(AF44+AF45+AF46+AF47+AF48)*E43 -> 0.0075333333 | AG43: =+(AG44+AG45+AG46+AG47+AG48)*E43 -> 0.012909091 | AH43: =+(AH44+AH45+AH46+AH47+AH48)*E43 -> 0.016 | AI43: =+AVERAGE(AI44:AI48) -> 0.17229885 | AJ43: 0.51906442 | AK43: =+AVERAGE(AK44:AK48) -> 0.62542636 | AL43: =+(AL44+AL45+AL46+AL47+AL48)*E43 -> 0.0027574713 | AM43: =+(AM44+AM45+AM46+AM47+AM48) -> 0.44778401 | AN43: =+(AN44+AN45+AN46+AN47+AN48) -> 0.62085271
B44: Número de Instituciones Educativas Oficiales con Plan Institucional de Lectura, Escritura y Oralidad (PILEO) implementado | C44: Implementar el Plan Institucional de Lectura, Escritura y Oralidad en ochenta y siete (87) Instituciones Educativas Oficiales | D44: SECRETARÍA DE EDUCACIÓN - SED | E44: 0.25 | F44: 87 | G44: 22 | H44: 23 | I44: 22 | J44: =+G44/F44 -> 0.25287356 | K44: =+H44/F44 -> 0.26436782 | L44: =+I44/F44 -> 0.25287356 | M44: =+(G44/F44)*E44 -> 0.063218391 | N44: =+(H44/F44)*E44 -> 0.066091954 | P44: 30 | Q44: 16 | R44: 12 | S44: 0 | T44: 6 | U44: 0 | V44: =+Q44+R44+S44+T44+U44 -> 34 | W44: =+V44+P44+AB44 -> 87 | X44: 15 | Y44: 8 | AB44: =+X44+Y44+Z44+AA44 -> 23 | AC44: 1 | AD44: 1 | AE44: 1 | AF44: =+AC44*E44 -> 0.25 | AG44: =+AD44*E44 -> 0.25 | AH44: =+AE44*E44 -> 0.25 | AI44: =+P44/F44 -> 0.34482759 | AJ44: 0.73563218 | AK44: =+W44/F44 -> 1 | AL44: =+AI44*E44 -> 0.086206897 | AM44: =+AJ44*E44 -> 0.18390805 | AN44: =+AK44*E44 -> 0.25 | AO44: REVISADO DIC 2024 | AP44: REVISADO MARZO 2025 | AQ44: REVISADO JUNIO 10 | AR44: META CUMPLIDA 30 DE JUNIO DE 2025 | AS44: REVISADO 15 DE SEPTIEMBRE 2025 | AT44: REVISADO 15 DE NOVIEMBRE 2025 | AU44: REVISADO 31 DE DICIEMBRE 2025 | AV44: REVISADO MARZO 2026 | AW44: REVISADO JUNIO 2026
B45: Número de Instituciones Educativas Oficiales dotadas con material bibliográfico | C45: Dotar las bibliotecas escolares de ochenta y seis (86) Instituciones Educativas Oficiales con material bibliográfico | D45: SECRETARÍA DE EDUCACIÓN - SED | E45: 0.4 | F45: 86 | G45: 22 | H45: 22 | I45: 22 | J45: =+G45/F45 -> 0.25581395 | K45: =+H45/F45 -> 0.25581395 | L45: =+I45/F45 -> 0.25581395 | M45: =+(G45/F45)*E45 -> 0.10232558 | N45: =+(H45/F45)*E45 -> 0.10232558 | P45: 0 | Q45: 0 | R45: 0 | S45: 1 | T45: 7 | U45: 0 | V45: =+Q45+R45+S45+T45+U45 -> 8 | W45: =+V45+P45+AB45 -> 31 | X45: 15 | Y45: 8 | AB45: =+X45+Y45+Z45+AA45 -> 23 | AC45: =+(P45/G45) -> 0 | AD45: =+V45/H45 -> 0.36363636 | AE45: 1 | AF45: =+AC45*E45 -> 0 | AG45: =+AD45*E45 -> 0.14545455 | AH45: =+AE45*E45 -> 0.4 | AI45: =+P45/F45 -> 0 | AJ45: 0.093023256 | AK45: =+W45/F45 -> 0.36046512 | AL45: =+AI45*E45 -> 0 | AM45: =+AJ45*E45 -> 0.037209302 | AN45: =+AK45*E45 -> 0.14418605 | AO45: REVISADO DIC 2024 | AP45: REVISADO MARZO 2025 | AQ45: REVISADO JUNIO 10 | AR45: REVISADO 30 DE JUNIO | AS45: REVISADO 15 DE SEPTIEMBRE 2025 | AT45: REVISADO 15 DE NOVIEMBRE 2025 | AU45: REVISADO 31 DE DICIEMBRE 2025 | AV45: REVISADO MARZO 2026 | AW45: REVISADO JUNIO 2026
B46: Red de Bibliotecas Escolares integrada al sistema de bibliotecas públicas creada | C46: Crear una (1) Red de Bibliotecas Escolares integrada al sistema de bibliotecas públicas | D46: SECRETARÍA DE EDUCACIÓN - SED | E46: 0.15 | F46: 1 | G46: 0.25 | H46: 0.25 | I46: 0.25 | J46: =+G46/F46 -> 0.25 | K46: =+H46/F46 -> 0.25 | M46: =+(G46/F46)*E46 -> 0.0375 | N46: =+(H46/F46)*E46 -> 0.0375 | P46: 0 | Q46: 0.25 | R46: 0.75 | S46: 0 | T46: 0 | U46: 0 | V46: =+Q46+R46+S46+T46+U46 -> 1 | W46: 1 | X46: 1 | Y46: 1 | AB46: =+X46+Y46+Z46+AA46 -> 2 | AC46: =+(P46/G46) -> 0 | AD46: 1 | AE46: 1 | AF46: =+AC46*E46 -> 0 | AG46: =+AD46*E46 -> 0.15 | AH46: =+AE46*E46 -> 0.15 | AI46: =+P46/F46 -> 0 | AJ46: 1 | AK46: =+W46/F46 -> 1 | AL46: =+AI46*E46 -> 0 | AM46: =+AJ46*E46 -> 0.15 | AN46: =+AK46*E46 -> 0.15 | AO46: REVISADO DIC 2024 | AP46: REVISADO MARZO 2025 | AQ46: REVISADO JUNIO 10 | AR46: META CUMPLIDA 30 DE JUNIO DE 2025 | AS46: REVISADO 15 DE SEPTIEMBRE 2025 | AT46: REVISAR CON ENLACE | AU46: REVISADO 31 DE DICIEMBRE 2025 | AV46: REVISADO MARZO 2026 | AW46: REVISADO JUNIO 2026
B47: Ferias Distritales de Radio Escolar desarrolladas | C47: Desarrollar cuatro (4) Ferias Distritales de Radio Escolar | D47: SECRETARÍA DE EDUCACIÓN - SED | E47: 0.1 | F47: 4 | G47: 1 | H47: 1 | I47: 1 | J47: =+G47/F47 -> 0.25 | K47: =+H47/F47 -> 0.25 | L47: =+I47/F47 -> 0.25 | M47: =+(G47/F47)*E47 -> 0.025 | N47: =+(H47/F47)*E47 -> 0.025 | P47: 1 | Q47: 0 | R47: 0 | S47: 0 | T47: 1 | U47: 0 | V47: =+Q47+R47+S47+T47+U47 -> 1 | W47: =+V47+P47+AB47 -> 2 | X47: 0 | Y47: 0 | AB47: =+X47+Y47+Z47+AA47 -> 0 | AC47: =+(P47/G47) -> 1 | AD47: =+V47/H47 -> 1 | AE47: =+AB47/I47 -> 0 | AF47: =+AC47*E47 -> 0.1 | AG47: =+AD47*E47 -> 0.1 | AH47: =+AE47*E47 -> 0 | AI47: =+P47/F47 -> 0.25 | AJ47: 0.5 | AK47: =+W47/F47 -> 0.5 | AL47: =+AI47*E47 -> 0.025 | AM47: =+AJ47*E47 -> 0.05 | AN47: =+AK47*E47 -> 0.05 | AO47: REVISADO DIC 2024 | AP47: REVISADO MARZO 2025 | AQ47: REVISADO JUNIO 10 | AR47: REVISADO 30 DE JUNIO | AS47: REVISADO 15 DE SEPTIEMBRE 2025 | AT47: REVISADO 15 DE NOVIEMBRE 2025 | AU47: REVISADO 31 DE DICIEMBRE 2025 | AV47: REVISADO MARZO 2026 | AW47: REVISADO JUNIO 2026
B48: Número de Instituciones Educativas Oficiales dotadas con materiales y equipos radiofónicos | C48: Dotar con material y equipo radiofónico a treinta (30) Instituciones Educativas Oficiales adicionales para la implementación de la radio escolar | D48: SECRETARÍA DE EDUCACIÓN - SED | E48: 0.1 | F48: 30 | G48: 30 | H48: 3 | I48: 3 | J48: =+G48/F48 -> 1 | K48: =+H48/F48 -> 0.1 | L48: =+I48/F48 -> 0.1 | M48: =+(G48/F48)*E48 -> 0.1 | N48: =+(H48/F48)*E48 -> 0.01 | P48: 8 | Q48: 0 | R48: 0 | S48: 0 | T48: 0 | U48: 0 | V48: =+Q48+R48+S48+T48+U48 -> 0 | W48: =+V48+P48+AB48 -> 8 | X48: 0 | Y48: 0 | AB48: =+X48+Y48+Z48+AA48 -> 0 | AC48: =+(P48/G48) -> 0.26666667 | AD48: =+V48/H48 -> 0 | AE48: =+AB48/I48 -> 0 | AF48: =+AC48*E48 -> 0.026666667 | AG48: =+AD48*E48 -> 0 | AH48: =+AE48*E48 -> 0 | AI48: =+P48/F48 -> 0.26666667 | AJ48: 0.26666667 | AK48: =+W48/F48 -> 0.26666667 | AL48: =+AI48*E48 -> 0.026666667 | AM48: =+AJ48*E48 -> 0.026666667 | AN48: =+AK48*E48 -> 0.026666667 | AO48: REVISADO DIC 2024 | AP48: REVISAR CON ENLACE LA META NUMERICA DEL CUATRIENIO | AQ48: REVISADO JUNIO 10 | AR48: REVISADO 30 DE JUNIO | AS48: REVISADO 15 DE SEPTIEMBRE 2025 | AT48: REVISADO 15 DE NOVIEMBRE 2025 | AU48: REVISADO 31 DE DICIEMBRE 2025 | AV48: REVISADO MARZO 2026 | AW48: REVISADO JUNIO 2026
B49: AULA GLOBAL | E49: 0.02 | K49: =+AVERAGE(K50:K51) -> 0.066666667 | L49: =+AVERAGE(L50:L51) -> 0.33333333 | N49: =+N50+N51 -> 0.066666667 | AD49: =+AVERAGE(AD50:AD51) -> 1 | AE49: =+AVERAGE(AE50:AE51) -> 0.4 | AG49: =+(AG50+AG51)*E49 -> 0.02 | AH49: =+(AH50+AH51)*E49 -> 0.008 | AJ49: 0.33333333 | AK49: =+AVERAGE(AK50:AK51) -> 0.46666667 | AL49: =+(AL50+AL51)*E49 -> 0 | AM49: =+(AM50+AM51) -> 0.33333333 | AN49: =+(AN50+AN51) -> 0.46666667
B50: Número de Instituciones Educativas Oficiales que mejoran en resultados de pruebas - EGRA (Early Grade Reading Assessment) | C50: Mejorar en quince (15) Instituciones Educativas las destrezas básicas de alfabetismo en básica primaria medidos a través de EGRA | D50: SECRETARÍA DE EDUCACIÓN - SED | E50: 0.5 | F50: 15 | H50: 1 | I50: 5 | K50: =+H50/F50 -> 0.066666667 | L50: =+I50/F50 -> 0.33333333 | N50: =+(H50/F50)*E50 -> 0.033333333 | Q50: 0 | R50: 0 | S50: 5 | T50: 0 | U50: 0 | V50: =+Q50+R50+S50+T50+U50 -> 5 | W50: =+V50+P50+AB50 -> 7 | X50: 0 | Y50: 2 | AB50: =+X50+Y50+Z50+AA50 -> 2 | AD50: 1 | AE50: =+AB50/I50 -> 0.4 | AG50: =+AD50*E50 -> 0.5 | AH50: =+AE50*E50 -> 0.2 | AJ50: 0.33333333 | AK50: =+W50/F50 -> 0.46666667 | AL50: =+AI50*E50 -> 0 | AM50: =+AJ50*E50 -> 0.16666667 | AN50: =+AK50*E50 -> 0.23333333 | AO50: REVISADO DIC 2024 | AP50: REVISADO MARZO 2025 | AQ50: REVISADO JUNIO 10 | AR50: REVISADO 30 DE JUNIO | AS50: REVISADO 15 DE SEPTIEMBRE 2025 | AT50: REVISADO 15 DE NOVIEMBRE 2025 | AU50: REVISADO 31 DE DICIEMBRE 2025 | AV50: REVISADO MARZO 2026 | AW50: REVISADO JUNIO 2026
B51: Número de Instituciones Educativas Oficiales que mejoran en resultados de pruebas - EGMA (Early Grades Mathematics Assessment) | C51: Mejorar en quince (15) Instituciones Educativas las habilidades en matemáticas de las pruebas EGMA | D51: SECRETARÍA DE EDUCACIÓN - SED | E51: 0.5 | F51: 15 | H51: 1 | I51: 5 | K51: =+H51/F51 -> 0.066666667 | L51: =+I51/F51 -> 0.33333333 | N51: =+(H51/F51)*E51 -> 0.033333333 | Q51: 0 | R51: 0 | S51: 5 | T51: 0 | U51: 0 | V51: =+Q51+R51+S51+T51+U51 -> 5 | W51: =+V51+P51+AB51 -> 7 | X51: 0 | Y51: 2 | AB51: =+X51+Y51+Z51+AA51 -> 2 | AD51: 1 | AE51: =+AB51/I51 -> 0.4 | AG51: =+AD51*E51 -> 0.5 | AH51: =+AE51*E51 -> 0.2 | AJ51: 0.33333333 | AK51: =+W51/F51 -> 0.46666667 | AL51: =+AI51*E51 -> 0 | AM51: =+AJ51*E51 -> 0.16666667 | AN51: =+AK51*E51 -> 0.23333333 | AO51: REVISADO DIC 2024 | AP51: REVISADO MARZO 2025 | AQ51: REVISADO JUNIO 10 | AR51: REVISADO 30 DE JUNIO | AS51: REVISADO 15 DE SEPTIEMBRE 2025 | AT51: REVISADO 15 DE NOVIEMBRE 2025 | AU51: REVISADO 31 DE DICIEMBRE 2025 | AV51: REVISADO MARZO 2026 | AW51: REVISADO JUNIO 2026
B52: FORMACIÓN Y CUALIFICACIÓN DE DOCENTES Y DIRECTIVOS DOCENTES | E52: 0.02 | J52: =+AVERAGE(J53:J55) -> 0.20288162 | K52: =+AVERAGE(K53:K55) -> 0.21845794 | L52: =+AVERAGE(L53:L55) -> 0.25 | M52: =+M53+M54+M55 -> 0.1817757 | N52: =+N53+N54+N55 -> 0.19813084 | AC52: =+AVERAGE(AC53:AC55) -> 1 | AD52: =+AVERAGE(AD53:AD55) -> 0.98888889 | AE52: =+AVERAGE(AE53:AE55) -> 1 | AF52: =+(AF53+AF54+AF55)*E52 -> 0.02 | AG52: =+(AG53+AG54+AG55)*E52 -> 0.019766667 | AH52: =+(AH53+AH54+AH55)*E52 -> 0.02 | AI52: =+AVERAGE(AI53:AI55) -> 0.38465732 | AJ52: 0.7775 | AK52: =+AVERAGE(AK53:AK55) -> 0.91666667 | AL52: =+(AL53+AL54+AL55)*E52 -> 0.0076028037 | AM52: =+(AM53+AM54+AM55) -> 0.84125 | AN52: =+(AN53+AN54+AN55) -> 0.9625
B53: Número de docentes de Instituciones Educativas Oficiales formados en su saber disciplinar, pedagógico y reflexivo | C53: Formar a dos mil (2.000) docentes de Instituciones Educativas Oficiales en su saber disciplinar, pedagógico y reflexivo | D53: SECRETARÍA DE EDUCACIÓN - SED | E53: 0.5 | F53: 2000 | G53: 250 | H53: 250 | I53: 500 | J53: =+G53/F53 -> 0.125 | K53: =+H53/F53 -> 0.125 | L53: =+I53/F53 -> 0.25 | M53: =+(G53/F53)*E53 -> 0.0625 | N53: =+(H53/F53)*E53 -> 0.0625 | P53: 350 | Q53: 0 | R53: 723 | S53: 274 | T53: 318 | U53: 0 | V53: =+Q53+R53+S53+T53+U53 -> 1315 | W53: =+V53+P53+AB53 -> 2334 | X53: 238 | Y53: 431 | AB53: =+X53+Y53+Z53+AA53 -> 669 | AC53: 1 | AD53: 1 | AE53: 1 | AF53: =+AC53*E53 -> 0.5 | AG53: =+AD53*E53 -> 0.5 | AH53: =+AE53*E53 -> 0.5 | AI53: =+P53/F53 -> 0.175 | AJ53: 0.8325 | AK53: 1 | AL53: =+AI53*E53 -> 0.0875 | AM53: =+AJ53*E53 -> 0.41625 | AN53: =+AK53*E53 -> 0.5 | AO53: REVISADO DIC 2024 | AP53: REVISADO MARZO 2025 | AQ53: REVISADO JUNIO 10 | AR53: REVISADO 30 DE JUNIO | AS53: REVISADO 15 DE SEPTIEMBRE 2025 | AT53: REVISADO 15 DE NOVIEMBRE 2025 | AU53: REVISADO 31 DE DICIEMBRE 2025 | AV53: REVISADO MARZO 2026 | AW53: REVISADO JUNIO 2026
B54: Número de directivos docentes formados en liderazgo | C54: Formar a ciento siete (107) rectores de Instituciones Educativas Oficiales en liderazgo y gestión educativa | D54: SECRETARÍA DE EDUCACIÓN - SED | E54: 0.35 | F54: 107 | G54: 25 | H54: 30 | I54: 27 | J54: =+G54/F54 -> 0.23364486 | K54: =+H54/F54 -> 0.28037383 | M54: =+(G54/F54)*E54 -> 0.081775701 | N54: =+(H54/F54)*E54 -> 0.098130841 | P54: 78 | Q54: 0 | R54: 15 | S54: 10 | T54: 0 | U54: 4 | V54: =+Q54+R54+S54+T54+U54 -> 29 | W54: =+V54+P54+AB54 -> 148 | X54: 0 | Y54: 41 | AB54: =+X54+Y54+Z54+AA54 -> 41 | AC54: 1 | AD54: =+V54/H54 -> 0.96666667 | AE54: 1 | AF54: =+AC54*E54 -> 0.35 | AG54: =+AD54*E54 -> 0.33833333 | AH54: =+AE54*E54 -> 0.35 | AI54: =+P54/F54 -> 0.72897196 | AJ54: 1 | AK54: 1 | AL54: =+AI54*E54 -> 0.25514019 | AM54: =+AJ54*E54 -> 0.35 | AN54: =+AK54*E54 -> 0.35 | AO54: REVISADO DIC 2024 | AP54: REVISADO MARZO 2025 | AQ54: REVISADO JUNIO 10 | AR54: REVISADO 30 DE JUNIO | AS54: REVISADO 15 DE SEPTIEMBRE 2025 | AT54: REVISADO 15 DE NOVIEMBRE 2025 | AU54: REVISADO 31 DE DICIEMBRE 2025 | AV54: REVISADO MARZO 2026 | AW54: REVISADO JUNIO 2026
B55: Número de foros educativos distritales anuales elaborados | C55: Elaborar cuatro (4) foros educativos en el cuatrienio | D55: SECRETARÍA DE EDUCACIÓN - SED | E55: 0.15 | F55: 4 | G55: 1 | H55: 1 | I55: 1 | J55: =+G55/F55 -> 0.25 | K55: =+H55/F55 -> 0.25 | L55: =+I55/F55 -> 0.25 | M55: =+(G55/F55)*E55 -> 0.0375 | N55: =+(H55/F55)*E55 -> 0.0375 | P55: 1 | Q55: 0 | R55: 0 | S55: 0 | T55: 1 | U55: 0 | V55: =+Q55+R55+S55+T55+U55 -> 1 | W55: =+V55+P55+AB55 -> 3 | X55: 0 | Y55: 1 | AB55: =+X55+Y55+Z55+AA55 -> 1 | AC55: =+(P55/G55) -> 1 | AD55: =+V55/H55 -> 1 | AE55: =+AB55/I55 -> 1 | AF55: =+AC55*E55 -> 0.15 | AG55: =+AD55*E55 -> 0.15 | AH55: =+AE55*E55 -> 0.15 | AI55: =+P55/F55 -> 0.25 | AJ55: 0.5 | AK55: =+W55/F55 -> 0.75 | AL55: =+AI55*E55 -> 0.0375 | AM55: =+AJ55*E55 -> 0.075 | AN55: =+AK55*E55 -> 0.1125 | AO55: REVISADO DIC 2024 | AP55: REVISADO MARZO 2025 | AQ55: REVISADO JUNIO 10 | AR55: REVISADO 30 DE JUNIO | AS55: REVISADO 15 DE SEPTIEMBRE 2025 | AT55: REVISADO 15 DE NOVIEMBRE 2025 | AU55: REVISADO 31 DE DICIEMBRE 2025 | AV55: REVISADO MARZO 2026 | AW55: REVISADO JUNIO 2026
B56: FORTALECIMIENTO DE LA GESTIÓN ESCOLAR EN LAS INSTITUCIONES EDUCATIVAS OFICIALES | E56: 0.02 | J56: =+AVERAGE(J57:J59) -> 0.19781931 | K56: =+AVERAGE(K57:K59) -> 0.12694704 | L56: =+AVERAGE(L57:L59) -> 0.32593458 | M56: =+M57+M58+M59 -> 0.17172897 | N56: =+N57+N58+N59 -> 0.16542056 | AC56: =+AVERAGE(AC57:AC59) -> 0.66666667 | AD56: =+AVERAGE(AD57:AD59) -> 1 | AE56: =+AVERAGE(AE57:AE59) -> 0.74418605 | AF56: =+(AF57+AF58+AF59)*E56 -> 0.018 | AG56: =+(AG57+AG58+AG59)*E56 -> 0.018 | AH56: =+(AH57+AH58+AH59)*E56 -> 0.012883721 | AI56: =+AVERAGE(AI57:AI59) -> 0.11448598 | AJ56: 0.37258567 | AK56: =+AVERAGE(AK57:AK59) -> 0.39018692 | AL56: =+(AL57+AL58+AL59)*E56 -> 0.0029345794 | AM56: =+(AM57+AM58+AM59) -> 0.4788785 | AN56: =+(AN57+AN58+AN59) -> 0.51028037
B57: Numero de Instituciones Educativas Oficiales, con asistencia tecnica en el proceso de actualización de sus modelos pedagógicos y curriculares | C57: Asistir tecnicamente a ciento siete (107) Instituciones Educativas Oficiales en el proceso de actualización de sus modelos pedagógicos y curriculares | D57: SECRETARÍA DE EDUCACIÓN - SED | E57: 0.5 | F57: 107 | G57: 10 | H57: 14 | I57: 43 | J57: =+G57/F57 -> 0.093457944 | K57: =+H57/F57 -> 0.13084112 | L57: =+I57/F57 -> 0.40186916 | M57: =+(G57/F57)*E57 -> 0.046728972 | N57: =+(H57/F57)*E57 -> 0.065420561 | P57: 10 | Q57: 4 | R57: 10 | S57: 10 | T57: 0 | U57: 0 | V57: 14 | W57: =+V57+P57+AB57 -> 45 | X57: 10 | Y57: 11 | AB57: =+X57+Y57+Z57+AA57 -> 21 | AC57: =+(P57/G57) -> 1 | AD57: 1 | AE57: =+AB57/I57 -> 0.48837209 | AF57: =+AC57*E57 -> 0.5 | AG57: =+AD57*E57 -> 0.5 | AH57: =+AE57*E57 -> 0.24418605 | AI57: =+P57/F57 -> 0.093457944 | AJ57: 0.31775701 | AK57: =+W57/F57 -> 0.42056075 | AL57: =+AI57*E57 -> 0.046728972 | AM57: =+AJ57*E57 -> 0.1588785 | AN57: =+AK57*E57 -> 0.21028037 | AO57: REVISADO DIC 2024 | AP57: REVISADO MARZO 2025 | AQ57: REVISADO JUNIO 10 | AR57: REVISADO 30 DE JUNIO | AS57: REVISADO 15 DE SEPTIEMBRE 2025 | AT57: REVISADO 15 DE NOVIEMBRE 2025 | AU57: REVISADO 31 DE DICIEMBRE 2025 | AV57: REVISADO MARZO 2026 | AW57: REVISADO JUNIO 2026
B58: Sistema propio de información de la Gestión Escolar diseñado | C58: Crear un (1) sistema de información de la Gestión Escolar | D58: SECRETARÍA DE EDUCACIÓN - SED | E58: 0.1 | F58: 1 | G58: 0.25 | H58: 0 | J58: =+G58/F58 -> 0.25 | K58: =+H58/F58 -> 0 | M58: =+(G58/F58)*E58 -> 0.025 | N58: =+(H58/F58)*E58 -> 0 | P58: 0 | V58: =+Q58+R58+S58+T58+U58 -> 0 | W58: =+V58+P58+AB58 -> 0 | X58: 0 | Y58: 0 | AB58: =+X58+Y58+Z58+AA58 -> 0 | AC58: =+(P58/G58) -> 0 | AF58: =+AC58*E58 -> 0 | AG58: =+AD58*E58 -> 0 | AH58: =+AE58*E58 -> 0 | AI58: =+P58/F58 -> 0 | AJ58: 0 | AK58: =+W58/F58 -> 0 | AL58: =+AI58*E58 -> 0 | AM58: =+AJ58*E58 -> 0 | AN58: =+AK58*E58 -> 0 | AO58: REVISADO DIC 2024 | AP58: REVISAR CON ENLACE, YA QUE ESTA META SE PROGRAMÓ EN 2024 Y EN EL REPORTE APARECE COMO ACUMUALDO CERO | AQ58: REVISADO JUNIO 10 | AR58: REVISADO 30 DE JUNIO | AS58: REVISADO 15 DE SEPTIEMBRE 2025 | AT58: REVISADO 15 DE NOVIEMBRE 2025 | AU58: REVISADO 31 DE DICIEMBRE 2025 | AV58: REVISADO MARZO 2026 | AW58: REVISADO JUNIO 2026
B59: Referentes técnicos de educación inicial y preescolar incorporados en PEI de instituciones educativas que ofertan los grados prejardín, jardín y transición | C59: Incorporar los referentes técnicos de educación inicial y preescolar en los PEI de cuarenta (40) instituciones educativas que ofertan los grados prejardín, jardín y transición | D59: SECRETARÍA DE EDUCACIÓN - SED | E59: 0.4 | F59: 40 | G59: 10 | H59: 10 | I59: 10 | J59: =+G59/F59 -> 0.25 | K59: =+H59/F59 -> 0.25 | L59: =+I59/F59 -> 0.25 | M59: =+(G59/F59)*E59 -> 0.1 | N59: =+(H59/F59)*E59 -> 0.1 | P59: 10 | Q59: 3 | R59: 9 | S59: 10 | U59: 0 | V59: 10 | W59: =+V59+P59+AB59 -> 30 | X59: 10 | Y59: 0 | AB59: =+X59+Y59+Z59+AA59 -> 10 | AC59: =+(P59/G59) -> 1 | AD59: 1 | AE59: =+AB59/I59 -> 1 | AF59: =+AC59*E59 -> 0.4 | AG59: =+AD59*E59 -> 0.4 | AH59: =+AE59*E59 -> 0.4 | AI59: =+P59/F59 -> 0.25 | AJ59: 0.8 | AK59: =+W59/F59 -> 0.75 | AL59: =+AI59*E59 -> 0.1 | AM59: =+AJ59*E59 -> 0.32 | AN59: =+AK59*E59 -> 0.3 | AO59: REVISADO DIC 2024 | AP59: REVISADO MARZO 2025 | AQ59: REVISADO JUNIO 10 | AR59: REVISADO 30 DE JUNIO | AS59: REVISADO 15 DE SEPTIEMBRE 2025 | AT59: REVISADO 15 DE NOVIEMBRE 2025 | AU59: REVISADO 31 DE DICIEMBRE 2025 | AV59: REVISADO MARZO 2026 | AW59: REVISADO JUNIO 2026
B60: UNIDOS POR EL SUEÑO SUPERIOR | E60: 0.1 | J60: =+AVERAGE(J61:J67) -> 0.21443137 | K60: =+AVERAGE(K61:K67) -> 0.29418301 | L60: =+AVERAGE(L61:L67) -> 0.32348459 | M60: =+M61+M62+M63+M64+M65+M66+M67 -> 0.15490686 | N60: =+N61+N62+N63+N64+N65+N66+N67 -> 0.28919771 | AC60: =+AVERAGE(AC61:AC67) -> 0.91082381 | AD60: =+AVERAGE(AD61:AD67) -> 0.51087674 | AE60: =+AVERAGE(AE61:AE67) -> 0.098580147 | AF60: =+(AF61+AF62+AF63+AF64+AF65+AF66+AF67)*E60 -> 0.079564762 | AG60: =+(AG61+AG62+AG63+AG64+AG65+AG66+AG67)*E60 -> 0.052353597 | AH60: =+(AH61+AH62+AH63+AH64+AH65+AH66+AH67)*E60 -> 0.019832171 | AI60: =+AVERAGE(AI61:AI67) -> 0.19200359 | AJ60: 0.31358053 | AK60: =+AVERAGE(AK61:AK67) -> 0.34637465 | AL60: =+(AL61+AL62+AL63+AL64+AL65+AL66+AL67)*E60 -> 0.014392631 | AM60: =+(AM61+AM62+AM63+AM64+AM65+AM66+AM67) -> 0.30288873 | AN60: =+(AN61+AN62+AN63+AN64+AN65+AN66+AN67) -> 0.37357255
B61: Número de estudiantes egresados de Instituciones Educativas Oficiales y con matrícula contratada becados en educación superior | C61: Becar en educación superior a nueve mil (9.000) estudiantes egresados de Instituciones Educativas Oficiales y con matrícula contratada | D61: SECRETARÍA DE EDUCACIÓN - SED | E61: 0.4 | F61: 9000 | G61: 1200 | H61: 2600 | I61: 3441 | J61: =+G61/F61 -> 0.13333333 | K61: =+H61/F61 -> 0.28888889 | L61: =+I61/F61 -> 0.38233333 | M61: =+(G61/F61)*E61 -> 0.053333333 | N61: =+(H61/F61)*E61 -> 0.11555556 | P61: 1123 | Q61: 0 | R61: 468 | S61: 353 | T61: 0 | U61: 605 | V61: =+Q61+R61+S61+T61+U61 -> 1426 | W61: =+V61+P61+AB61+10 -> 3864 | X61: 1022 | Y61: 283 | AB61: =+X61+Y61+Z61+AA61 -> 1305 | AC61: =+(P61/G61) -> 0.93583333 | AD61: =+V61/H61 -> 0.54846154 | AE61: =+AB61/I61 -> 0.37925022 | AF61: =+AC61*E61 -> 0.37433333 | AG61: =+AD61*E61 -> 0.21938462 | AH61: =+AE61*E61 -> 0.15170009 | AI61: =+P61/F61 -> 0.12477778 | AJ61: 0.28433333 | AK61: =+W61/F61 -> 0.42933333 | AL61: =+AI61*E61 -> 0.049911111 | AM61: =+AJ61*E61 -> 0.11373333 | AN61: =+AK61*E61 -> 0.17173333 | AO61: REVISADO DIC 2024 | AP61: REVISADO MARZO 2025 | AQ61: REVISADO JUNIO 10 | AR61: REVISADO 30 DE JUNIO | AS61: REVISADO 15 DE SEPTIEMBRE 2025 | AT61: REVISADO 15 DE NOVIEMBRE 2025 | AU61: REVISADO 31 DE DICIEMBRE 2025 | AV61: REVISADO MARZO 2026 | AW61: REVISADO JUNIO 2026
B62: Número de estudiantes egresados de Instituciones Educativas Oficiales y con matrícula contratada becados con becas inclusivas en educación superior (víctimas, NARP, con discapacidad, indígenas) | C62: Becar en educación superior a quinientas cuarenta y cuatro (544) estudiantes egresados de Instituciones Educativas Oficiales y con matrícula contratada, con becas inclusivas | D62: SECRETARÍA DE EDUCACIÓN - SED | E62: 0.15 | F62: 544 | G62: 100 | H62: 148 | I62: 148 | J62: =+G62/F62 -> 0.18382353 | K62: =+H62/F62 -> 0.27205882 | L62: =+I62/F62 -> 0.27205882 | M62: =+(G62/F62)*E62 -> 0.027573529 | N62: =+(H62/F62)*E62 -> 0.040808824 | P62: 100 | Q62: 0 | R62: 0 | S62: 100 | T62: 0 | U62: 0 | V62: =+Q62+R62+S62+T62+U62 -> 100 | W62: =+V62+P62+AB62 -> 246 | X62: 46 | Y62: 0 | AB62: =+X62+Y62+Z62+AA62 -> 46 | AC62: =+(P62/G62) -> 1 | AD62: =+V62/H62 -> 0.67567568 | AE62: =+AB62/I62 -> 0.31081081 | AF62: =+AC62*E62 -> 0.15 | AG62: =+AD62*E62 -> 0.10135135 | AH62: =+AE62*E62 -> 0.046621622 | AI62: =+P62/F62 -> 0.18382353 | AJ62: 0.36764706 | AK62: =+W62/F62 -> 0.45220588 | AL62: =+AI62*E62 -> 0.027573529 | AM62: =+AJ62*E62 -> 0.055147059 | AN62: =+AK62*E62 -> 0.067830882 | AO62: REVISADO DIC 2024 | AP62: REVISADO MARZO 2025 | AQ62: REVISADO JUNIO 10 | AR62: REVISADO 30 DE JUNIO | AS62: REVISADO 15 DE SEPTIEMBRE 2025 | AT62: REVISADO 15 DE NOVIEMBRE 2025 | AU62: REVISADO 31 DE DICIEMBRE 2025 | AV62: REVISADO MARZO 2026 | AW62: REVISADO JUNIO 2026
B63: Número de estudiantes de media técnica graduados con doble titulación | C63: Graduar doce mil (12.000) estudiantes de media técnica con doble titulación | D63: SECRETARÍA DE EDUCACIÓN - SED | E63: 0.1 | F63: 12000 | G63: 2700 | H63: 3100 | I63: 3000 | J63: =+G63/F63 -> 0.225 | K63: =+H63/F63 -> 0.25833333 | L63: =+I63/F63 -> 0.25 | M63: =+(G63/F63)*E63 -> 0.0225 | N63: =+(H63/F63)*E63 -> 0.025833333 | P63: 2705 | Q63: 0 | R63: 0 | S63: 0 | T63: 0 | U63: 3404 | V63: =+Q63+R63+S63+T63+U63 -> 3404 | W63: =+V63+P63+AB63 -> 6109 | X63: 0 | Y63: 0 | AB63: =+X63+Y63+Z63+AA63 -> 0 | AC63: 1 | AD63: 1 | AE63: =+AB63/I63 -> 0 | AF63: =+AC63*E63 -> 0.1 | AG63: =+AD63*E63 -> 0.1 | AH63: =+AE63*E63 -> 0 | AI63: =+P63/F63 -> 0.22541667 | AJ63: 0.50908333 | AK63: =+W63/F63 -> 0.50908333 | AL63: =+AI63*E63 -> 0.022541667 | AM63: =+AJ63*E63 -> 0.050908333 | AN63: =+AK63*E63 -> 0.050908333 | AO63: REVISADO DIC 2024 | AP63: REVISAR ACUMULADO CUATRIENIO CON ENLACE | AQ63: REVISADO JUNIO 10 | AR63: REVISADO 30 DE JUNIO | AS63: REVISADO 15 DE SEPTIEMBRE 2025 | AT63: REVISADO 15 DE NOVIEMBRE 2025 | AU63: REVISADO 31 DE DICIEMBRE 2025 | AV63: REVISADO MARZO 2026 | AW63: REVISADO JUNIO 2026
B64: Número de Instituciones Educativas Oficiales con media técnica y académicas con doble titulación implementada | C64: Implementar doble titulación en veinticinco (25) Instituciones Educativas Oficiales con media técnica e Instituciones Educativas Oficiales académicas | D64: SECRETARÍA DE EDUCACIÓN - SED | E64: 0.05 | F64: 25 | G64: 7 | H64: 6 | I64: 4 | J64: =+G64/F64 -> 0.28 | K64: =+H64/F64 -> 0.24 | L64: =+I64/F64 -> 0.16 | M64: =+(G64/F64)*E64 -> 0.014 | N64: =+(H64/F64)*E64 -> 0.012 | P64: 5 | Q64: 6 | R64: 0 | S64: 6 | T64: 0 | U64: 1 | V64: =+Q64+R64+S64+T64+U64 -> 13 | W64: =+V64+P64+AB64 -> 18 | X64: 0 | Y64: 0 | AB64: =+X64+Y64+Z64+AA64 -> 0 | AC64: =+(P64/G64) -> 0.71428571 | AD64: 1 | AE64: =+AB64/I64 -> 0 | AF64: =+AC64*E64 -> 0.035714286 | AG64: =+AD64*E64 -> 0.05 | AH64: =+AE64*E64 -> 0 | AI64: =+P64/F64 -> 0.2 | AJ64: 0.72 | AK64: =+W64/F64 -> 0.72 | AL64: =+AI64*E64 -> 0.01 | AM64: =+AJ64*E64 -> 0.036 | AN64: =+AK64*E64 -> 0.036 | AO64: REVISADO DIC 2024 | AP64: REVISADO MARZO 2025 | AQ64: REVISADO JUNIO 10 | AR64: REVISADO 30 DE JUNIO | AS64: REVISADO 15 DE SEPTIEMBRE 2025 | AT64: REVISADO 15 DE NOVIEMBRE 2025 | AU64: REVISADO 31 DE DICIEMBRE 2025 | AV64: REVISADO MARZO 2026 | AW64: REVISADO JUNIO 2026
B65: Numero de Instituciones Educativas Oficiales con nodos de media técnica asistidas con programas pilotos de bilingüismo | C65: Asistir con programas piloto de bilingüismo a cinco (5) Instituciones Educativas Oficiales con nodos de media técnica | D65: SECRETARÍA DE EDUCACIÓN - SED | E65: 0.1 | F65: 5 | G65: 0 | H65: 2 | I65: 3 | K65: =+H65/F65 -> 0.4 | L65: =+I65/F65 -> 0.6 | N65: =+(H65/F65)*E65 -> 0.04 | Q65: 0 | R65: 0 | S65: 0 | T65: 0 | U65: 0 | V65: =+Q65+R65+S65+T65+U65 -> 0 | W65: =+V65+P65+AB65 -> 0 | X65: 0 | Y65: 0 | AB65: =+X65+Y65+Z65+AA65 -> 0 | AD65: =+V65/H65 -> 0 | AE65: =+AB65/I65 -> 0 | AG65: =+AD65*E65 -> 0 | AH65: =+AE65*E65 -> 0 | AJ65: 0 | AK65: =+W65/F65 -> 0 | AM65: =+AJ65*E65 -> 0 | AN65: =+AK65*E65 -> 0 | AO65: REVISADO DIC 2024 | AP65: SE INCLUYE EL AVANCE CUANDO EMPIECEN A REPORTAR EN LOS SIGUIENTES TRIMESTRES DEL 2025, YA QUE PARA MARZO 2025 NO HAY REPORTE | AQ65: REVISADO JUNIO 10 | AR65: REVISADO 30 DE JUNIO | AS65: REVISADO 15 DE SEPTIEMBRE 2025 | AT65: REVISADO 15 DE NOVIEMBRE 2025 | AU65: REVISADO 31 DE DICIEMBRE 2025 | AV65: REVISADO MARZO 2026 | AW65: REVISADO JUNIO 2026
B66: Número de estudiantes con formación técnica para el trabajo y el desarrollo humano | C66: Formar a quinientos (500) estudiantes en educación técnica para el trabajo y el desarrollo humano | D66: SECRETARÍA DE EDUCACIÓN - SED | E66: 0.15 | F66: 500 | G66: 125 | H66: 125 | I66: 125 | J66: =+G66/F66 -> 0.25 | K66: =+H66/F66 -> 0.25 | L66: =+I66/F66 -> 0.25 | M66: =+(G66/F66)*E66 -> 0.0375 | N66: =+(H66/F66)*E66 -> 0.0375 | P66: 113 | Q66: 0 | R66: 44 | S66: 0 | T66: 0 | U66: 0 | V66: =+Q66+R66+S66+T66+U66 -> 44 | W66: =+V66+P66+AB66 -> 157 | X66: 0 | Y66: 0 | AB66: =+X66+Y66+Z66+AA66 -> 0 | AC66: =+(P66/G66) -> 0.904 | AD66: =+V66/H66 -> 0.352 | AE66: =+AB66/I66 -> 0 | AF66: =+AC66*E66 -> 0.1356 | AG66: =+AD66*E66 -> 0.0528 | AH66: =+AE66*E66 -> 0 | AI66: =+P66/F66 -> 0.226 | AJ66: 0.314 | AK66: =+W66/F66 -> 0.314 | AL66: =+AI66*E66 -> 0.0339 | AM66: =+AJ66*E66 -> 0.0471 | AN66: =+AK66*E66 -> 0.0471 | AO66: REVISADO DIC 2024 | AP66: REVISADO MARZO 2025 | AQ66: REVISADO JUNIO 10 | AR66: REVISADO 30 DE JUNIO | AS66: REVISADO 15 DE SEPTIEMBRE 2025 | AT66: REVISADO 15 DE NOVIEMBRE 2025 | AU66: REVISADO 31 DE DICIEMBRE 2025 | AV66: REVISADO MARZO 2026 | AW66: REVISADO JUNIO 2026
B67: Número de voluntarios universitarios que acompañan a los estudiantes de las Instituciones Educativas Oficiales en el fortalecimiento de sus competencias | C67: Vincular a doscientos (200) voluntarios universitarios para acompañamiento a los estudiantes de las Instituciones Educativas Oficiales en el fortalecimiento de sus competencias | D67: SECRETARÍA DE EDUCACIÓN - SED | E67: 0.05 | F67: 200 | H67: 70 | I67: 70 | K67: =+H67/F67 -> 0.35 | L67: =+I67/F67 -> 0.35 | N67: =+(H67/F67)*E67 -> 0.0175 | Q67: 0 | R67: 0 | S67: 0 | T67: 0 | U67: 0 | V67: =+Q67+R67+S67+T67+U67 -> 0 | W67: =+V67+P67+AB67 -> 0 | X67: 0 | Y67: 0 | AB67: =+X67+Y67+Z67+AA67 -> 0 | AD67: =+V67/H67 -> 0 | AE67: =+AB67/I67 -> 0 | AG67: =+AD67*E67 -> 0 | AH67: =+AE67*E67 -> 0 | AJ67: 0 | AK67: =+W67/F67 -> 0 | AM67: =+AJ67*E67 -> 0 | AN67: =+AK67*E67 -> 0 | AO67: REVISADO DIC 2024 | AP67: SE INCLUYE EL AVANCE CUANDO EMPIECEN A REPORTAR EN LOS SIGUIENTES TRIMESTRES DEL 2025, YA QUE PARA MARZO 2025 NO HAY REPORTE | AQ67: REVISADO JUNIO 10 | AR67: REVISADO 30 DE JUNIO | AS67: REVISADO 15 DE SEPTIEMBRE 2025 | AT67: REVISADO 15 DE NOVIEMBRE 2025 | AU67: REVISADO 31 DE DICIEMBRE 2025 | AV67: REVISADO MARZO 2026
B68: PROGRAMA: AVANZAMOS EN EL FORTALECIMIENTO INSTITUCIONAL DE LA SECRETARÍA DE EDUCACIÓN | E68: 0.02 | J68: =+AVERAGE(J69:J72) -> 0.20065789 | K68: =+AVERAGE(K69:K72) -> 0.29276316 | L68: =+AVERAGE(L69:L72) -> 0.31776316 | M68: =+M69+M70+M71+M72 -> 0.24013158 | N68: =+N69+N70+N71+N72 -> 0.25855263 | AC68: =+AVERAGE(AC69:AC72) -> 0.7275 | AD68: =+AVERAGE(AD69:AD72) -> 0.794375 | AE68: =+AVERAGE(AE69:AE72) -> 0.40919286 | AF68: =+(AF69+AF70+AF71+AF72)*E68 -> 0.01591 | AG68: =+(AG69+AG70+AG71+AG72)*E68 -> 0.0177775 | AH68: =+(AH69+AH70+AH71+AH72)*E68 -> 0.011907686 | AI68: =+AVERAGE(AI69:AI72) -> 0.13697368 | AJ68: 0.43584211 | AK68: =+AVERAGE(AK69:AK72) -> 0.56489079 | AL68: =+(AL69+AL70+AL71+AL72)*E68 -> 0.0037978947 | AM68: =+(AM69+AM70+AM71+AM72) -> 0.46981842 | AN68: =+(AN69+AN70+AN71+AN72) -> 0.63044316
B69: Numero de políticas armonizadas del Modelo Integrado de Planeación y Gestión – MIPG en la SED | C69: Armonizar las diecinueve (19) políticas del Modelo Integrado de Planeación y Gestión - MIPG en la Secretaría de Educación | D69: SECRETARÍA DE EDUCACIÓN - SED | E69: 0.05 | F69: 19 | G69: 1 | H69: 8 | I69: 8 | J69: =+G69/F69 -> 0.052631579 | K69: =+H69/F69 -> 0.42105263 | L69: =+I69/F69 -> 0.42105263 | M69: =+(G69/F69)*E69 -> 0.0026315789 | N69: =+(H69/F69)*E69 -> 0.021052632 | P69: 0.91 | Q69: 1.6 | R69: 2.48 | S69: 0.14 | T69: 0 | U69: 2.8 | V69: =+Q69+R69+S69+T69+U69 -> 7.02 | W69: =+V69+P69+AB69 -> 10.93 | X69: 0.17 | Y69: 2.83 | AB69: =+X69+Y69+Z69+AA69 -> 3 | AC69: =+(P69/G69) -> 0.91 | AD69: =+V69/H69 -> 0.8775 | AE69: =+AB69/I69 -> 0.375 | AF69: =+AC69*E69 -> 0.0455 | AG69: =+AD69*E69 -> 0.043875 | AH69: =+AE69*E69 -> 0.01875 | AI69: =+P69/F69 -> 0.047894737 | AJ69: 0.41736842 | AK69: =+W69/F69 -> 0.57526316 | AL69: =+AI69*E69 -> 0.0023947368 | AM69: =+AJ69*E69 -> 0.020868421 | AN69: =+AK69*E69 -> 0.028763158 | AO69: REVISADO DIC 2024 | AP69: REVISADO MARZO 2025 | AQ69: REVISADO JUNIO 10 | AR69: REVISADO 30 DE JUNIO | AS69: REVISADO 15 DE SEPTIEMBRE 2025 | AT69: REVISAR CON ENLACE | AU69: REVISADO 31 DE DICIEMBRE 2025 | AV69: REVISADO MARZO 2026 | AW69: REVISADO JUNIO 2026
B70: Sistema de seguimiento y aseguramiento de la calidad del servicio educativo a través del ejercicio de la inspección y vigilancia, diseñado e implementado | C70: Diseñar e implementar un (1) sistema de seguimiento y aseguramiento a la calidad del servicio educativo a través del ejercicio de la inspección, vigilancia y control | D70: SECRETARÍA DE EDUCACIÓN - SED | E70: 0.2 | F70: 1 | G70: 0.25 | H70: 0.25 | I70: 0.35 | J70: =+G70/F70 -> 0.25 | K70: =+H70/F70 -> 0.25 | L70: =+I70/F70 -> 0.35 | M70: =+(G70/F70)*E70 -> 0.05 | N70: =+(H70/F70)*E70 -> 0.05 | P70: 0 | Q70: 0.001 | R70: 0.2 | S70: 0.2 | T70: 0.1 | V70: =+Q70+R70+S70+T70+U70 -> 0.501 | W70: =+V70+P70+AB70 -> 0.651 | X70: 0 | Y70: 0.15 | AB70: =+X70+Y70+Z70+AA70 -> 0.15 | AC70: =+(P70/G70) -> 0 | AD70: 1 | AE70: =+AB70/I70 -> 0.42857143 | AF70: =+AC70*E70 -> 0 | AG70: =+AD70*E70 -> 0.2 | AH70: =+AE70*E70 -> 0.085714286 | AI70: =+P70/F70 -> 0 | AJ70: 0.501 | AK70: =+W70/F70 -> 0.651 | AL70: =+AI70*E70 -> 0 | AM70: =+AJ70*E70 -> 0.1002 | AN70: =+AK70*E70 -> 0.1302 | AO70: REVISADO DIC 2024 | AP70: REVISADO MARZO 2025 | AQ70: REVISADO JUNIO 10 | AR70: REVISADO 30 DE JUNIO | AS70: REVISAR EL REPORTE CON ENLACE | AT70: REVISAR CON ENLACE | AU70: REVISADO 31 DE DICIEMBRE 2025 | AV70: REVISADO MARZO 2026 | AW70: REVISADO JUNIO 2026
B71: Plan de Bienestar y Protección para los funcionarios del sector educativo de Cartagena implementado | C71: Implementar un (1) Plan de Bienestar y Protección otorgados a los Funcionarios del Sector Educativo de Cartagena | D71: SECRETARÍA DE EDUCACIÓN - SED | E71: 0.6 | F71: 1 | G71: 0.25 | H71: 0.25 | I71: 0.25 | J71: =+G71/F71 -> 0.25 | K71: =+H71/F71 -> 0.25 | L71: =+I71/F71 -> 0.25 | M71: =+(G71/F71)*E71 -> 0.15 | N71: =+(H71/F71)*E71 -> 0.15 | P71: 0.25 | Q71: 0.0128 | R71: 0.081 | S71: 0.0915 | T71: 0.0647 | V71: =+Q71+R71+S71+T71+U71 -> 0.25 | W71: =+V71+P71+AB71 -> 0.7033 | X71: 0.058 | Y71: 0.1453 | AB71: =+X71+Y71+Z71+AA71 -> 0.2033 | AC71: 1 | AD71: =+V71/H71 -> 1 | AE71: =+AB71/I71 -> 0.8132 | AF71: =+AC71*E71 -> 0.6 | AG71: =+AD71*E71 -> 0.6 | AH71: =+AE71*E71 -> 0.48792 | AI71: =+P71/F71 -> 0.25 | AJ71: 0.5 | AK71: =+W71/F71 -> 0.7033 | AL71: =+AI71*E71 -> 0.15 | AM71: =+AJ71*E71 -> 0.3 | AN71: =+AK71*E71 -> 0.42198 | AO71: REVISADO DIC 2024 | AP71: REVISADO MARZO 2025 | AQ71: REVISADO JUNIO 10 | AR71: REVISADO 30 DE JUNIO | AS71: REVISADO 15 DE SEPTIEMBRE 2025 | AT71: REVISAR CON ENLACE | AU71: REVISADO 31 DE DICIEMBRE 2025 | AV71: REVISADO MARZO 2026 | AW71: REVISADO JUNIO 2026
B72: Reorganización administrativa y de procesos de la Secretaría de Educación diseñada, aprobada e implementada | C72: Diseñar, aprobar e implementar una (1) nueva estructura administrativa y de procesos de la Secretaría de Educación | D72: SECRETARÍA DE EDUCACIÓN - SED | E72: 0.15 | F72: 1 | G72: 0.25 | H72: 0.25 | I72: 0.25 | J72: =+G72/F72 -> 0.25 | K72: =+H72/F72 -> 0.25 | L72: =+I72/F72 -> 0.25 | M72: =+(G72/F72)*E72 -> 0.0375 | N72: =+(H72/F72)*E72 -> 0.0375 | P72: 0.25 | Q72: 0.025 | R72: 0.0375 | S72: 0.0125 | T72: 0 | U72: 0 | V72: =+Q72+R72+S72+T72+U72 -> 0.075 | W72: =+V72+P72+AB72 -> 0.33 | X72: 0.005 | Y72: 0 | AB72: =+X72+Y72+Z72+AA72 -> 0.005 | AC72: =+(P72/G72) -> 1 | AD72: =+V72/H72 -> 0.3 | AE72: =+AB72/I72 -> 0.02 | AF72: =+AC72*E72 -> 0.15 | AG72: =+AD72*E72 -> 0.045 | AH72: =+AE72*E72 -> 0.003 | AI72: =+P72/F72 -> 0.25 | AJ72: 0.325 | AK72: =+W72/F72 -> 0.33 | AL72: =+AI72*E72 -> 0.0375 | AM72: =+AJ72*E72 -> 0.04875 | AN72: =+AK72*E72 -> 0.0495 | AO72: REVISADO DIC 2024 | AP72: REVISADO MARZO 2025 | AQ72: REVISADO JUNIO 10 | AR72: REVISADO 30 DE JUNIO | AS72: REVISADO 15 DE SEPTIEMBRE 2025 | AT72: REVISAR CON ENLACE | AU72: REVISADO 31 DE DICIEMBRE 2025 | AV72: REVISADO MARZO 2026 | AW72: REVISADO JUNIO 2026
B73: CARTAGENA, TERRITORIO DIGITAL | E73: 0.02 | J73: =+AVERAGE(J74:J76) -> 0.26633987 | K73: =+AVERAGE(K74:K76) -> 0.51470588 | L73: =+AVERAGE(L74:L76) -> 0.57598039 | M73: =+M74+M75+M76 -> 0.26470588 | N73: =+N74+N75+N76 -> 0.48823529 | AC73: =+AVERAGE(AC74:AC76) -> 0.33333333 | AD73: =+AVERAGE(AD74:AD76) -> 0.89111111 | AE73: =+AVERAGE(AE74:AE76) -> 0.88888889 | AF73: =+(AF74+AF75+AF76)*E73 -> 0.006 | AG73: =+(AG74+AG75+AG76)*E73 -> 0.01804 | AH73: =+(AH74+AH75+AH76)*E73 -> 0.018 | AI73: =+AVERAGE(AI74:AI76) -> 0.10888889 | AJ73: 0.51470588 | AK73: =+AVERAGE(AK74:AK76) -> 0.84313725 | AL73: =+(AL74+AL75+AL76)*E73 -> 0.00196 | AM73: =+(AM74+AM75+AM76) -> 0.48823529 | AN73: =+(AN74+AN75+AN76) -> 0.85882353
B74: Número de sedes educativas con conectividad escolar implementada | C74: Implementar conectividad escolar en ciento cincuenta (150) sedes educativas del Distrito | D74: SECRETARÍA DE EDUCACIÓN - SED | E74: 0.3 | F74: 150 | G74: 40 | H74: 150 | I74: 150 | J74: =+G74/F74 -> 0.26666667 | K74: =+H74/F74 -> 1 | L74: =+I74/F74 -> 1 | M74: =+(G74/F74)*E74 -> 0.08 | N74: =+(H74/F74)*E74 -> 0.3 | P74: 49 | Q74: 50 | R74: 16 | S74: 35 | T74: 0 | V74: =+Q74+R74+S74+T74+U74 -> 101 | W74: =+V74+P74+AB74 -> 300 | X74: 150 | Y74: 0 | AB74: =+X74+Y74+Z74+AA74 -> 150 | AC74: 1 | AD74: =+V74/H74 -> 0.67333333 | AE74: =+AB74/I74 -> 1 | AF74: =+AC74*E74 -> 0.3 | AG74: =+AD74*E74 -> 0.202 | AH74: =+AE74*E74 -> 0.3 | AI74: =+P74/F74 -> 0.32666667 | AJ74: 1 | AK74: 1 | AL74: =+AI74*E74 -> 0.098 | AM74: =+AJ74*E74 -> 0.3 | AN74: =+AK74*E74 -> 0.3 | AO74: REVISADO DIC 2024 | AP74: REVISADO MARZO 2025 | AQ74: REVISADO JUNIO 10 | AR74: REVISADO 30 DE JUNIO | AS74: REVISADO 15 DE SEPTIEMBRE 2025 | AT74: REVISADO 15 DE NOVIEMBRE 2025 | AU74: REVISADO 31 DE DICIEMBRE 2025 | AV74: REVISADO MARZO 2026 | AW74: REVISADO JUNIO 2026
B75: Número de aulas RTCi para el desarrollo de competencias digitales en las Instituciones Educativas Oficiales habilitadas | C75: Habilitar ocho (8) aulas RTCi para el desarrollo de competencias digitales en las Instituciones Educativas Oficiales | D75: SECRETARÍA DE EDUCACIÓN - SED | E75: 0.4 | F75: 8 | G75: 2 | H75: 2 | I75: 3 | J75: =+G75/F75 -> 0.25 | K75: =+H75/F75 -> 0.25 | L75: =+I75/F75 -> 0.375 | M75: =+(G75/F75)*E75 -> 0.1 | N75: =+(H75/F75)*E75 -> 0.1 | P75: 0 | Q75: 0 | R75: 0 | S75: 0 | T75: 2 | V75: =+Q75+R75+S75+T75+U75 -> 2 | W75: =+V75+P75+AB75 -> 19 | X75: 0 | Y75: 17 | AB75: =+X75+Y75+Z75+AA75 -> 17 | AC75: =+(P75/G75) -> 0 | AD75: =+V75/H75 -> 1 | AE75: 1 | AF75: =+AC75*E75 -> 0 | AG75: =+AD75*E75 -> 0.4 | AH75: =+AE75*E75 -> 0.4 | AI75: =+P75/F75 -> 0 | AJ75: 0.25 | AK75: 1 | AL75: =+AI75*E75 -> 0 | AM75: =+AJ75*E75 -> 0.1 | AN75: =+AK75*E75 -> 0.4 | AO75: REVISADO DIC 2024 | AP75: REVISADO MARZO 2025 | AQ75: REVISADO JUNIO 10 | AR75: REVISADO 30 DE JUNIO | AS75: REVISADO 15 DE SEPTIEMBRE 2025 | AT75: REVISADO 15 DE NOVIEMBRE 2025 | AU75: REVISADO 31 DE DICIEMBRE 2025 | AV75: REVISADO MARZO 2026 | AW75: REVISADO JUNIO 2026
B76: Número de Instituciones Educativas Oficiales asistidas en las prácticas de ciencia, innovación y tecnología | C76: Asistir a ochenta y cinco (85) Instituciones Educativas Oficiales en las prácticas de ciencia, innovación y tecnología | D76: SECRETARÍA DE EDUCACIÓN - SED | E76: 0.3 | F76: 85 | G76: 24 | H76: 25 | I76: 30 | J76: =+G76/F76 -> 0.28235294 | K76: =+H76/F76 -> 0.29411765 | L76: =+I76/F76 -> 0.35294118 | M76: =+(G76/F76)*E76 -> 0.084705882 | N76: =+(H76/F76)*E76 -> 0.088235294 | P76: 0 | Q76: 15 | R76: 5 | S76: 2 | T76: 3 | V76: =+Q76+R76+S76+T76+U76 -> 25 | W76: =+V76+P76+AB76 -> 45 | X76: 0 | Y76: 20 | AB76: =+X76+Y76+Z76+AA76 -> 20 | AC76: =+(P76/G76) -> 0 | AD76: =+V76/H76 -> 1 | AE76: =+AB76/I76 -> 0.66666667 | AF76: =+AC76*E76 -> 0 | AG76: =+AD76*E76 -> 0.3 | AH76: =+AE76*E76 -> 0.2 | AI76: =+P76/F76 -> 0 | AJ76: 0.29411765 | AK76: =+W76/F76 -> 0.52941176 | AL76: =+AI76*E76 -> 0 | AM76: =+AJ76*E76 -> 0.088235294 | AN76: =+AK76*E76 -> 0.15882353 | AO76: REVISADO DIC 2024 | AP76: REVISADO MARZO 2025 | AQ76: REVISADO JUNIO 10 | AR76: REVISADO 30 DE JUNIO | AS76: REVISADO 15 DE SEPTIEMBRE 2025 | AT76: REVISADO 15 DE NOVIEMBRE 2025 | AU76: REVISADO 31 DE DICIEMBRE 2025 | AV76: REVISADO MARZO 2026 | AW76: REVISADO JUNIO 2026
B77: OFERTA ACADÉMICA SUPERIOR CON CALIDAD | E77: 0.1 | J77: =+AVERAGE(J78:J84) -> 0.19 | K77: =+AVERAGE(K78:K84) -> 0.25316323 | L77: =+AVERAGE(L78:L84) -> 0 | M77: =+M78+M79+M80+M81+M82+M83+M84 -> 0.039 | N77: =+N78+N79+N80+N81+N82+N83+N84 -> 0.10689794 | AC77: =+AVERAGE(AC78:AC84) -> 0 | AD77: =+AVERAGE(AD78:AD84) -> 0.9047619 | AF77: =+(AF78+AF79+AF80+AF81+AF82+AF83+AF84)*E77 -> 0 | AG77: =+(AG78+AG79+AG80+AG81+AG82+AG83+AG84)*E77 -> 0.042142857 | AH77: =+(AH78+AH79+AH80+AH81+AH82+AH83+AH84)*E77 -> 0 | AI77: =+AVERAGE(AI78:AI84) -> 0 | AJ77: 0.10991495 | AK77: =+AVERAGE(AK78:AK84) -> 0.10991495 | AL77: =+(AL78+AL79+AL80+AL81+AL82+AL83+AL84)*E77 -> 0 | AM77: =+(AM78+AM79+AM80+AM81+AM82+AM83+AM84) -> 0.096897941 | AN77: =+(AN78+AN79+AN80+AN81+AN82+AN83+AN84) -> 0.096897941
B78: Estrategias de internacionalización implementadas | C78: Implementar veinte (20) estrategias que permitan la internacionalización de los programas institucionales | D78: Institución Universitaria Mayor de Cartagena. (Calidad Académica) | E78: 0.1 | F78: 20 | H78: 7 | K78: =+H78/F78 -> 0.35 | L78: =+I78/F78 -> 0 | N78: =+(H78/F78)*E78 -> 0.035 | R78: 0 | S78: 4.15 | T78: 0.85 | V78: =+Q78+R78+S78+T78+U78 -> 5 | W78: =+V78+P78+AB78 -> 5 | AB78: =+X78+Y78+Z78+AA78 -> 0 | AD78: =+V78/H78 -> 0.71428571 | AG78: =+AD78*E78 -> 0.071428571 | AH78: =+AE78*E78 -> 0 | AJ78: 0.25 | AK78: =+W78/F78 -> 0.25 | AL78: =+AI78*E78 -> 0 | AM78: =+AJ78*E78 -> 0.025 | AN78: =+AK78*E78 -> 0.025 | AO78: No Programada por el Colegio Mayor para la vigencia 2024 | AP78: REVISADO MARZO 2025 | AQ78: REVISADO JUNIO 10 | AR78: REVISADO 30 DE JUNIO | AS78: REVISADO 15 DE SEPTIEMBRE 2025 | AT78: REVISADO 15 DE NOVIEMBRE 2025 | AV78: REVISAR CON ENLACE
B79: Plataforma virtual integral institucional implementada | C79: Implementar una (1) Plataforma Virtual integral institucional | D79: Institución Universitaria Mayor de Cartagena. (Calidad Académica) | E79: 0.05 | F79: 1 | G79: 0.18 | H79: 0 | J79: =+G79/F79 -> 0.18 | L79: =+I79/F79 -> 0 | M79: =+(G79/F79)*E79 -> 0.009 | P79: 0 | V79: =+Q79+R79+S79+T79+U79 -> 0 | W79: =+V79+P79+AB79 -> 0 | AB79: =+X79+Y79+Z79+AA79 -> 0 | AC79: =+(P79/G79) -> 0 | AF79: =+AC79*E79 -> 0 | AH79: =+AE79*E79 -> 0 | AI79: =+P79/F79 -> 0 | AJ79: 0 | AK79: =+W79/F79 -> 0 | AL79: =+AI79*E79 -> 0 | AM79: =+AJ79*E79 -> 0 | AN79: =+AK79*E79 -> 0 | AO79: REVISADO DIC 2024 | AP79: REVISADO MARZO 2025 | AQ79: REVISADO JUNIO 10 | AR79: REVISADO 30 DE JUNIO | AS79: REVISADO 15 DE SEPTIEMBRE 2025 | AT79: REVISADO 15 DE NOVIEMBRE 2025 | AV79: REVISAR CON ENLACE
B80: Metros cuadrados de infraestructura física institucional de la U. Mayor construidos | C80: Construir mil quinientos veintiséis (1.526) metros cuadrados de infraestructura física actual de la U. Mayor | D80: Institución Universitaria Mayor de Cartagena. (Calidad Académica) | E80: 0.2 | F80: 1526 | G80: 0 | H80: 0 | V80: =+Q80+R80+S80+T80+U80 -> 0 | W80: =+V80+P80+AB80 -> 0 | AB80: =+X80+Y80+Z80+AA80 -> 0 | AH80: =+AE80*E80 -> 0 | AM80: =+AJ80*E80 -> 0 | AN80: =+AK80*E80 -> 0 | AO80: No Programada por el Colegio Mayor para la vigencia 2024 | AP80: REVISADO MARZO 2025 | AQ80: REVISADO JUNIO 10 | AR80: REVISADO 30 DE JUNIO | AS80: REVISADO 15 DE SEPTIEMBRE 2025 | AT80: REVISADO 15 DE NOVIEMBRE 2025 | AV80: REVISAR CON ENLACE
B81: Espacios académicos y/o administrativos acondicionados y dotados | C81: Acondicionar y dotar cinco (5) nuevos espacios académicos y/o administrativos | D81: Institución Universitaria Mayor de Cartagena. (Calidad Académica) | E81: 0.15 | F81: 5 | G81: 1 | H81: 1 | J81: =+G81/F81 -> 0.2 | K81: =+H81/F81 -> 0.2 | L81: =+I81/F81 -> 0 | M81: =+(G81/F81)*E81 -> 0.03 | N81: =+(H81/F81)*E81 -> 0.03 | P81: 0 | R81: 0 | S81: 1 | T81: 0 | V81: =+Q81+R81+S81+T81+U81 -> 1 | W81: =+V81+P81+AB81 -> 1 | AB81: =+X81+Y81+Z81+AA81 -> 0 | AC81: =+(P81/G81) -> 0 | AD81: =+V81/H81 -> 1 | AF81: =+AC81*E81 -> 0 | AG81: =+AD81*E81 -> 0.15 | AH81: =+AE81*E81 -> 0 | AI81: =+P81/F81 -> 0 | AJ81: 0.2 | AK81: =+W81/F81 -> 0.2 | AL81: =+AI81*E81 -> 0 | AM81: =+AJ81*E81 -> 0.03 | AN81: =+AK81*E81 -> 0.03 | AO81: REVISADO DIC 2024 | AP81: REVISADO MARZO 2025 | AQ81: REVISADO JUNIO 10 | AR81: REVISADO 30 DE JUNIO | AS81: REVISADO 15 DE SEPTIEMBRE 2025 | AT81: REVISADO 15 DE NOVIEMBRE 2025 | AV81: REVISAR CON ENLACE
B82: Programas de pregrado nuevos de la U. Mayor creados | C82: Crear seis (6) programas de pregrado nuevos | D82: Institución Universitaria Mayor de Cartagena. (Calidad Académica) | E82: 0.15 | F82: 6 | H82: 0 | L82: =+I82/F82 -> 0 | V82: =+Q82+R82+S82+T82+U82 -> 0 | W82: =+V82+P82+AB82 -> 0 | AB82: =+X82+Y82+Z82+AA82 -> 0 | AH82: =+AE82*E82 -> 0 | AJ82: 0 | AK82: =+W82/F82 -> 0 | AM82: =+AJ82*E82 -> 0 | AN82: =+AK82*E82 -> 0 | AO82: No Programada por el Colegio Mayor para la vigencia 2024 | AP82: REVISADO MARZO 2025 | AQ82: REVISADO JUNIO 10 | AR82: REVISADO 30 DE JUNIO | AS82: REVISADO 15 DE SEPTIEMBRE 2025 | AT82: REVISADO 15 DE NOVIEMBRE 2025 | AV82: REVISAR CON ENLACE
B83: Programas de posgrado nuevo ofertados | C83: Ofertar dos (2) nuevos programas de posgrado | D83: Institución Universitaria Mayor de Cartagena. (Calidad Académica) | E83: 0.15 | F83: 2 | H83: 0 | L83: =+I83/F83 -> 0 | V83: =+Q83+R83+S83+T83+U83 -> 0 | W83: =+V83+P83+AB83 -> 0 | AB83: =+X83+Y83+Z83+AA83 -> 0 | AH83: =+AE83*E83 -> 0 | AJ83: 0 | AK83: =+W83/F83 -> 0 | AM83: =+AJ83*E83 -> 0 | AN83: =+AK83*E83 -> 0 | AO83: No Programada por el Colegio Mayor para la vigencia 2024 | AP83: REVISADO MARZO 2025 | AQ83: REVISADO JUNIO 10 | AR83: REVISADO 30 DE JUNIO | AS83: REVISADO 15 DE SEPTIEMBRE 2025 | AT83: REVISADO 15 DE NOVIEMBRE 2025 | AV83: REVISAR CON ENLACE
